Workbook
Name _Hlk122275804: 'II skyrius'!$Q$126
Name _Hlk89418331: 'V skyrius VŠĮ+UAB rodikliai'!#REF!
Name _Hlk92374825: 'V skyrius VŠĮ+UAB rodikliai'!#REF!
Name _Hlk92374960: 'V skyrius VŠĮ+UAB rodikliai'!$C$22
Name _Hlk92375563: 'V skyrius VŠĮ+UAB rodikliai'!$C$38
Name _Hlk92375700: 'V skyrius VŠĮ+UAB rodikliai'!$C$63
Name _Hlk92375786: 'V skyrius VŠĮ+UAB rodikliai'!#REF!
Name _Hlk92376639: 'V skyrius VŠĮ+UAB rodikliai'!$C$51
Name _Toc123901348: 'VI skyrius. Kita svarbi info-AN'!#REF!
Name _Toc123901357: 'VI skyrius. Kita svarbi info-AN'!#REF!
Name _Toc123901359: 'V skyrius VŠĮ+UAB rodikliai'!$C$169
Name _Toc506024955: 'Vertinimo kriterijai'!$A$1
Name Excel_BuiltIn__FilterDatabase_2: #REF!

Sheet I skyrius 
I1: PROJEKTAS PATVIRTINTA Visagino savivaldybės tarybos 2024 m. ______ d. sprendimu Nr. TS-_____
B4: VISAGINO SAVIVALDYBĖS ADMINISTRACIJOS 2024-2026 METŲ STRATEGINIS VEIKLOS PLANAS
B7: I SKYRIUS SAVIVALDYBĖS MISIJA IR VEIKLOS PRIORITETAI
B9: MISIJA
B11: Sėkmingai plėtoti ir įgyvendinti savivaldos teisę, užtikrinti subalansuotą plėtrą bei kokybiškai vykdyti viešojo administravimo ir viešųjų paslaugų teikimo funkcijas, tenkinant Visagino savivaldybės bendruomenės viešuosius poreikius ir interesus
B17: SAVIVALDYBĖS PRIORITETAI
B19: 1. Konkurencingo verslo skatinimas ir vietinės ekonomikos tvari plėtra 2. Socialinės gerovės kūrimas, sumaniai, pažangiai, besimokančiai, moderniai ir laimingai bendruomenei 3. Tvarus, subalansuotas savivaldybės aplinkos vystymas ir plėtra

Sheet II skyrius
B3: II SKYRIUS
B4: SAVIVALDYBĖS PLĖTROS TIKSLAI, UŽDAVINIAI IR JŲ STEBĖSENOS RODIKLIAI
C6: 1 lentelė. Tikslai, uždaviniai ir jų stebėsenos rodikliai
C7: SSPP tikslų ir uždavinių kodas | D7: SSPP tikslai ir uždaviniai | E7: Stebėsenos rodiklis (matavimo vnt.) | F7: Pradinė stebėsenos rodiklio reikšmė (2022) | G7: Siektinos stebėsenos rodiklio reikšmės | J7: Faktinė stebėsenos rodiklio reikšmė (2023) | K7: Siekiama stebėsenos rodiklio reikšmė (2030)
G8: 2024 metai | H8: 2025 metai | I8: 2026 metai
C9: 1 | D9: 2 | E9: 3 | F9: 4 | G9: 5 | H9: 6 | I9: 7 | J9: 8 | K9: 9
C10: 1.1. | D10: Gerinti investicinės aplinkos patrauklumą ir didinti ekonominį potencialą | E10: E-1.1-1 Dirbančiųjų skaičius (tūkst. asm.) | F10: 7470 | G10: 7450 | H10: 7460 | I10: 7470 | J10: 7470 | K10: 8000
C11: 1.1.-1 | D11: Pagerinti investicijų pritraukimo ir verslo plėtros sąlygas | E11: Materialinės investicijos, tenkančios 1-am gyventojui (Eur) | F11: 1116 Eur (2020) | G11: 889 | H11: 890 | I11: 891 | J11: 1116 Eur (2020) | K11: Ne mažiau kaip 1200 Eur (2030 )
E12: Pritraukta naujų tiesioginių užsienio investicijų, tenkančių 1-am gyventojui (Eur) | F12: 571 Eur (2020) | G12: 739 | H12: 740 | I12: 741 | J12: 571 Eur (2020) | K12: 800 Eur (2030 m)
C13: 1.1.-2 | D13: Skatinti gyventojų verslumą ir ekonominį mobilumą | E13: Verslumo lygis (veikiančių SVV įmonių skaičius, tenkantis 1000 gyv., koef.) | F13: 15,5 (2022) | G13: 14.78 | H13: 14.8 | I13: 15 | J13: 15,5 (2022) | K13: Ne mažiau kaip 20 (2030)
E14: Gyventojų aktyvumas, vykdant individualią veiklą (gyventojų, besiverčiančių veikla pagal individualios veiklos pažymą ir verslo liudijimus, skaičius, tenkantis 1000-iui gyv., koef.) | F14: 1,52 (2022) | G14: 19.55 | H14: 20 | I14: 20 | J14: 1,52 (2022) | K14: Ne mažiau kaip 5 (2030)
E15: Sukurti ir įgyvendinti verslumo skatinimo programą | F15: 0 (2022) | G15: 1 | H15: 0 | I15: 0 | J15: 0 (2022) | K15: 1 (2024)
E16: Bendradarbystės centro „Spiečius“ narių skaičius | F16: 15 (2022) | G16: 25 | H16: 35 | I16: 45 | J16: 15 (2022) | K16: 100 (2030)
C17: 1.1.-3 | D17: Sukurti tinkamas sąlygas strateginėms verslo kryptims plėtotis Visagino savivaldybėje | E17: Strateginėse verslo kryptyse veikiančių verslo subjektų skaičius | F17: 2 (2022) | G17: 2 | H17: 2 | I17: 3 | J17: 2 (2022) | K17: 4 (2030)
C18: 1.2. | D18: Didinti turistinį savivaldybės patrauklumą, teikiant viešąsias paslaugas bei plėtojant viešąją turizmo infrastruktūrą | E18: Nakvynių skaičius apgyvendinimo įstaigose, vnt. | F18: 506 (2022) | G18: 7855 | H18: 8000 | I18: 8100 | J18: 506 (2022) | K18: 700 (2030)
C19: 1.2.-1 | D19: Skatinti turizmo konkurencingumą, teikiant viešąsias ir verslo paslaugas bei vykdant aktyvią paslaugų rinkodarą | E19: Turistų, apsilankiusių VTPC, dalis sezono metu (gegužės–rugpjūčio mėn.), palyginti su bendruoju metiniu turistų skaičiumi (proc.) | F19: 72 (2022) | G19: 72 | H19: 72 | I19: 72 | J19: 72 (2022) | K19: 50 (2030)
C20: 1.2.-2 | D20: Visagino turizmo, gamtos ir kultūros objektų pritaikymas lankymui, modernizuojant viešąją turizmo infrastruktūrą | E20: Suformuotų turistų traukos objektų skaičius (vnt.) | F20: 0 (2022) | G20: 4 | H20: 1 | I20: 1 | J20: 0 (2022) | K20: 3 (2030)
C21: 1.2.-3 | D21: Visagino kaip monoindustrinio miesto urbanistikos, daugiataučio kultūros paveldo ir tradicijų perdavimas per turizmo ir edukacines veiklas | E21: Asmenų, dalyvavusių perduodant Visagino daugiataučio kultūros paveldo ir tradicijų per turizmo ir edukacines veiklas, skaičius | F21: 0 (2022) | G21: 50 | H21: 100 | I21: 150 | J21: 0 (2022) | K21: 700 (2030)
C22: 2.1 | D22: Tikslingai naudojant švietimui skirtas lėšas bei kryptingai tobulinant darbuotojų kompetencijas, kiekvienam besimokančiajam sukurti lygiavertes ir šiuolaikiškas kokybiško ugdymo(si) sąlygas, lemiančias geresnius mokinių pasiekimus, optimalią, integracinę, darniai ir racionaliai veikiančią, nuolat atsinaujinančią savivaldybės švietimo sistemą | E22: Visagino savivaldybės bendrojo ugdymo mokyklų tinklo pertvarkos 2022–2026 metų bendrojo plano kokybinių pokyčių / priemonių įgyvendinimas, proc. | F22: 0 (2022) | G22: 50 | H22: 75 | I22: 98 | J22: 0 (2022) | K22: 98 (2026)
C23: 2.1.-1 | D23: Padidinti ugdymo paslaugų prieinamumą ir įtrauktį kuriant naujas ikimokyklinio ugdymo vietas ir efektyviai veikiančių mokyklų infrastruktūrą pritaikant vaikams su negalia bei bendriesiems ugdymo poreikiams gerinti | E23: Ikimokyklinio ugdymo įstaigų talpumas (vietų skaičius), vnt. | F23: 895 (2022) | G23: 895 | H23: 983 | I23: 983 | J23: 895 (2022) | K23: 983 (2027)
E24: Mokyklų, kuriose buvo įdiegtos universalaus dizaino ir kitos inžinerinės priemonės, aplinką pritaikant asmenims, turintiems negalią, dalis nuo visų mokyklų | F24: 0 (2022) | G24: 0 | H24: 40 | I24: 0 | J24: 0 (2022) | K24: 40 (2023)
C25: 2.1.-2 | D25: Plėtoti įvairialypį švietimą vykdant visos dienos mokyklų veiklą | E25: Neformaliojo vaikų švietimo galimybėmis pasinaudojusių mokinių dalis (išskyrus ikimokykliniame ir priešmokykliniame ugdyme dalyvaujančius vaikus) (proc.) | F25: 0 (2022) | G25: 0 | H25: 35 | I25: 45 | J25: 0 (2022) | K25: 46,9 (2027)
C26: 2.1.-3 | D26: Stiprinti mokyklas įgalinant dirbti su įvairių galių ir gebėjimų mokiniais, kurie mokyklų pedagogų, mokymosi aplinkos padedami ir motyvuojami įveikia barjerus ir pasiekia maksimalų savo individualių galimybių mokymosi rezultatą | E26: Visagino savivaldybės ugdymo įstaigų, dalyvavusių Tūkstantmečio gimnazijų programos veiklose skaičius | F26: 0 (2022) | G26: 3 | H26: 3 | I26: 3 | J26: 0 (2022) | K26: 3 (2030)
C27: 2.1.-4 | D27: Skatinti mokinių domėjimąsi gamtos mokslais, matematika, technologijomis ir kt. veiklomis, išbandant save įvairiose praktinėse-tiriamosiose veiklose | E27: Pasirašytų bendradarbiavimo sutarčių su verslo atstovais skaičius | F27: 0 (2022) | G27: 1 | H27: 1 | I27: 1 | J27: 0 (2022) | K27: 3 (2030)
C28: 2.1.-5 | D28: Skatinti kokybinę kaitą bei lyderystės raišką švietimo įstaigose išbandant / taikant inovatyvius mokymo(si) modelius, aktyviai dalyvaujant projektinėje veikloje | E28: Įgyvendintų projektų skaičius | F28: 1(2022) | G28: 0 | H28: 1 | I28: 4 | J28: 1(2022) | K28: 5 (2030)
C29: 2.1.-6 | D29: Siekti, kad visi turėtų lanksčių kvalifikacijos kėlimo ir persikvalifikavimo galimybių, atsižvelgiant į verslumo ir skaitmeninius įgūdžius, geriau numatyti pokyčius ir naujų įgūdžių reikalavimus, grindžiamus darbo rinkos poreikiais, sudaryti palankesnes sąlygas keisti profesinę veiklą ir skatinti profesinį judumą | E29: Asmenų, kurie dalyvavę mokymuose įgijo kompetenciją, dalis proc. nuo visų besimokančiųjų VTVPMC | F29: 0 (2022) | G29: 80 | H29: 82 | I29: 85 | J29: 0 (2022) | K29: 98 (2030)
C30: 2.2. | D30: Sudaryti sąlygas visų amžiaus grupių ir galimybių visaginiečiams jų sveikai gyvensenai, fiziniam aktyvumui, sportavimui bei siekti, kad tai taptų savivaldybės bendruomenės gyvensenos dalimi | E30: Veikiančių atvirų sporto erdvių skaičius (vnt.) | F30: 10 (2022) | G30: 12 | H30: 12 | I30: 13 | J30: 10 (2022) | K30: 21 (2030)
C31: 2.2-1 | D31: Didinti fizinio aktyvumo lygį visose savivaldybės gyventojų amžiaus grupėse, plėsti galimybes bendruomenės fiziniam aktyvumui ir sveikatinimo veikloms | E31: Sporto varžybose ir sveikatingumo renginiuose dalyvavusių asmenų skaičius, vnt. per metus | F31: 2466 (2021) | G31: 3000 | H31: 3600 | I31: 4000 | J31: 2466 (2021) | K31: Kasmet, didėjantis ne mažiau kaip 20 proc.
C32: 2.2-2 | D32: Vykdyti talentingų sportininkų atranką, sudaryti jiems tinkamas sąlygas meistriškumui didinti | E32: Aukšto meistriškumo sportininkų dalis nuo visų sportininkų Visagino savivaldybėje (proc.) | F32: 20 (2022) | G32: 20 | H32: 20 | I32: 25 | J32: 20 (2022) | K32: 40 (2030)
C33: 2.2-3 | D33: Gerinti sporto ir fizinio aktyvumo specialistų kvalifikaciją ir pritraukti naujus specialistus, kurių kompetencijos reikalingos bendruomenės poreikiams tenkinti, sporto ir fizinio aktyvumo paslaugų plėtrai ir kokybės užtikrinimui | E33: Kvalifikaciją patobulinusių sportinio ugdymo specialistų, dirbančių Visagino savivaldybės įstaigose, skaičius (proc.) | F33: 30 (2022) | G33: 30 | H33: 30 | I33: 30 | J33: 30 2022) | K33: 80 (2030)
C34: 2.2-4 | D34: Didinti visuomenės informuotumą apie fizinio aktyvumo naudą ir vykdyti sporto informacijos sklaidą | E34: Informacinėmis priemonėmis pasiektų asmenų dalis proc. nuo visų gyventojų | F34: 0 (2022) | G34: 40 | H34: 50 | I34: 60 | J34: 0 (2022) | K34: 98 (2030)
C35: 2.2-5 | D35: Plėtoti ir atnaujinti sporto infrastruktūrą, aprūpinti poreikius atitinkančia įranga ir inventoriumi sudarant tinkamas sąlygas bendruomenės fiziniam aktyvumui, aukšto meistriškumo sportininkų rengimui bei varžybų nuo savivaldybės lygmens iki tarptautinių vykdymui | E35: Asmenų dalyvavusių aukšto lygio sporto varžybose dalis proc. nuo visų gyventojų | F35: 0 (2022) | G35: 1 | H35: 1 | I35: 1.5 | J35: 0 (2022) | K35: 5 (2030)
C36: 2.3. | D36: Įgyvendinti valstybinę kultūros politiką ir formuoti regioninį identitetą, stiprinti pilietiškumą ir bendruomenės į(si)traukimą į kūrybines, kultūrines veiklas | E36: Gyventojų, bent kartą per mėnesį besilankančių viešuose kultūros renginiuose, dalis proc. nuo bendro gyventojų skaičiaus | F36: 0 (2022) | G36: 40 | H36: 50 | I36: 60 | J36: 0 (2022) | K36: 70 (2030)
... C45: 2.4.-2 | D45: Išplėsti su visuomenės sveikatos stiprinimu susijusias paslaugas | E45: Visuomenės sveikatos stiprinimo veiklose dalyvavusios tikslinės grupės dalis (proc.): | F45: 50 (2021) | G45: 50 | H45: 55 | I45: 60 | J45: 50 (2021) | K45: Didėjantis arba ne mažesnis kaip 80,0 proc. (2030
E46: Ikimokyklinio ir mokyklinio amžiaus vaikai (0–18 m.) | F46: 12 (2021) | G46: 12 | H46: 15 | I46: 17 | J46: 12 (2021) | K46: Didėjantis arba ne mažesnis kaip 25 proc. (2030
C47: 2.5. | D47: Pagerinti ir plėsti socialinių paslaugų kokybę ir prieinamumą bei sukurti jų plėtrai reikalingą infrastruktūrą | E47: Socialines paslaugas gavusių asmenų skaičius proc. nuo bendro gyventojų skaičiaus | F47: 8 ( 2022) | G47: 8 | H47: 9 | I47: 9 | J47: 8 ( 2022) | K47: Ne mažiau kaip 12 (2030)
C48: 2.5-1 | D48: Pagerinti ir plėsti socialinių paslaugų kokybę ir prieinamumą bei sukurti jų plėtrai reikalingą infrastruktūrą | E48: Teikiamų socialinių paslaugų rūšių (bendrųjų socialinių paslaugų, socialinės priežiūros paslaugų, socialinės globos paslaugų ir kt. ) skaičius (vnt | F48: 21 proc. (2021) | G48: 25 | H48: 26 | I48: 27 | J48: 21 proc. (2021) | K48: Ne mažiau kaip 26 proc. (2030)
C49: 2.6. | D49: Sudaryti galimybes jaunimui atvykti, dirbti ir gyventi Visagino savivaldybėje | E49: Jaunimo (14–29 metų amžiaus) dalis nuo bendro Visagino savivaldybės gyventojų skaičiaus (proc.) | F49: 12,94 (2021) | G49: 12 | H49: 12.5 | I49: 12.7 | J49: 12,94 (2021) | K49: 13,5 (2030)
C50: 2.6-1 | D50: Pritaikyti viešąsias erdves jaunimo poreikiams | E50: Jaunimo poreikiams pritaikytų jaunimo erdvių skaičius (vnt.) | F50: 0 (2022) | G50: 0 | H50: 0 | I50: 1 | J50: 0 (2022) | K50: 3 (2030)
C51: 2.6-2 | D51: Sudaryti sąlygas jaunimo savirealizacijai | E51: Jaunuolių, turinčių Jaunimo savanoriškos tarnybos (JST) pažymėjimą, skaičius (per metus) | F51: 4 (2022) | G51: 2 | H51: 4 | I51: 6 | J51: 4 (2022) | K51: Ne mažiau kaip 30 (2030)
C52: 2.7. | D52: Gyventojų socialinio, pilietinio aktyvumo, dalyvavimo savanoriškoje, visuomeninėje veikloje, tarpusavio pasitikėjimo, bendruomenės socialinės atsakomybės ir įsitraukimo didinimas | E52: Gyventojų, dalyvavusių pilietinio ugdymo veiklose, dalis proc. nuo visų savivaldybės gyventojų | F52: 0 (2022) | G52: 10 | H52: 12 | I52: 15 | J52: 0 (2022) | K52: 50 (2030)
C53: 2.7.-1 | D53: Stiprinti nevyriausybines ir bendruomenines organizacijas, gerinti aplinką jų veiklai, remti pilietines iniciatyvas | E53: Veikiančių nevyriausybinių ir bendruomeninių organizacijų skaičius | F53: 80 (2022) | G53: 85 | H53: 85 | I53: 85 | J53: 80 (2022) | K53: 100 (2030)
C54: 2.7.-2 | D54: Įtraukti nevyriausybinį sektorių į viešųjų paslaugų teikimą, tinkamai pasinaudoti iš bendruomenės kylančiomis iniciatyvomis vietos plėtrai | E54: Savivaldybės viešųjų paslaugų, kurias teikia nevyriausybinės ir bendruomeninės organizacijos, dalis proc. nuo visų teikiamų paslaugų | F54: 0 (2022) | G54: 0 | H54: 0.1 | I54: 0.3 | J54: 0 (2022) | K54: 5 (2030)
C55: 2.7.-3 | D55: Sudaryti galimybes bendruomenei įsitraukti ir aktyviai dalyvauti sprendžiant jai aktualius klausimus | E55: Pilietinės visuomenės ir privačiojo sektoriaus subjektai, dalyvavę rengiant ir (ar) įgyvendinant miestui svarbių klausimų sprendimus, vnt. | F55: 0 (2022) | G55: 2 | H55: 3 | I55: 5 | J55: 0 (2022) | K55: 100 (2030)
C56: 2.8. | D56: Tobulinti viešojo valdymo sistemą, didinti jos efektyvumą ir atvirumą | E56: Gyventojų, pasitikinčių savivaldybės institucija ir jos įstaigomis, dalis proc | F56: 0 (2022) | G56: 60 | H56: 70 | I56: 75 | J56: 0 (2022) | K56: Ne mažiau kaip 55 (2030)
C57: 2.8.-1 | D57: Gerinti viešojo valdymo institucijų teikiamų paslaugų kokybę, didinti jų prieinamumą ir patrauklumą | E57: Gyventojų, per paskutinius 12 mėnesių dalyvavusių sprendžiant viešuosius vietos reikalus, dalis proc. | F57: 30 (2022) | G57: 30 | H57: 40 | I57: 50 | J57: 30 (2022) | K57: Ne mažiau kaip 70 (2030)
C58: 2.8.-2 | D58: Kurti ir plėtoti saugią aplinką Visagino savivaldybėje | E58: Parengta ir įgyvendinta Kompleksinės saugumo stiprinimo ir saugios savivaldybės plėtros programa, vnt. | F58: 0 (2022) | G58: 0 | H58: 0 | I58: 0 | J58: 0 (2022) | K58: 1/1 (2030)
C59: 2.8.-3 | D59: Sustiprinti teigiamą Visagino savivaldybės įvaizdį ir komunikaciją | E59: Savivaldybės išorinės komunikacijos lygis, auditorijos dydis (medijų paskyrų sekėjai, interneto svetainės naudotojai, naujienlaiškių prenumeratoriai ir kt.) | F59: „Facebook“ 3 486 tūkst. (2022) | G59: 3486 | H59: 3486 | I59: 3486 | J59: „Facebook“ 3 486 tūkst. (2022) | K59: „Facebook“10 000 tūkst. (2030)"
F61: „YouTube“ 469 (2020)" | G61: 469 | H61: 500 | I61: 500 | J61: „YouTube“ 469 (2020)" | K61: „YouTube“ 1,2 tūkst. (2030)"
F62: Interneto svetainės naudotojai 253,7 tūkst./ metus (2020) | G62: 254 ūkst./ metus | H62: 254 ūkst./ metus | I62: 254 ūkst./ metus | J62: Interneto svetainės naudotojai 253,7 tūkst./ metus (2020) | K62: Interneto svetainės naudotojai 500 tūkst. / metus (2030)
C64: 3.1. | D64: Vykdyti kryptingą darnaus judumo politiką savivaldybėje | E64: Šiltnamio efektą sukeliančių dujų kiekis (tonomis), tenkantis Visagino savivaldybės gyventojams | F64: 140 t (2022) | G64: 135 | H64: 130 | I64: 125 | J64: 140 t (2022) | K64: Mažėjantis iki 100 t(2030)
C65: 3.1-1 | D65: Skatinti bemotorio transporto pasirinkimą ir pėsčiųjų judumą | E65: Naujo arba modernizuoto viešojo transporto naudotojų skaičius per metus | F65: ~8000 (2022) | G65: ~8000 | H65: 8000 | I65: ~8000 | J65: ~8000 (2022) | K65: ~19000 (2030)
C66: 3.1-2 | D66: Didinti eismo saugumą ir gyventojų sąmoningumą darnaus judumo srityje | E66: Auto įvykių skaičius per metus | F66: 10 (2021) | G66: 2 | H66: 2 | I66: 1 | J66: 10 (2021) | K66: 0 (2030)
C67: 3.1-3 | D67: Pagerinti viešojo transporto paslaugų teikimą gyventojams | E67: Asmenų, pasinaudojusių naujai sukurtomis viešojo transporto paslaugomis, proc. nuo bendro gyventojų skaičiaus | F67: 0 (2022) | G67: 0.27 | H67: 0.3 | I67: 0 | J67: 0 (2022) | K67: Ne mažesnis kaip 2 proc. (2030)
C68: 3.2. | D68: Skatinti tvarų miesto teritorijos vystymą | E68: Gyventojų skaičiaus metinis pokytis (pagal vidutinį metinį gyventojų skaičių) (proc.) | F68: 19 707 (2022) | G68: 19691 | H68: 19887 | I68: 20000 | J68: 19 707 (2022) | K68: Teigiamas, ne mažesnis kaip 1 proc. per metus
C69: 3.2-1 | D69: Plėsti, prižiūrėti ir modernizuoti teritorijas, įrengiant reikalingą infrastruktūrą | E69: Sutvarkyta / įrengta / atnaujinta teritorijų, ha | F69: 0 (2022) | G69: 0 | H69: 1 | I69: 1 | J69: 0 (2022) | K69: 4 (2030)
C70: 3.2-2 | D70: Skatinti kokybišką urbanistinį ir teritorijų planavimą | E70: Pagal bendrojo plano sprendinius parengtų žemesnio lygio teritorijų planavimo dokumentų skaičius | F70: 4 (2022) | G70: 0 | H70: 0 | I70: 1 | J70: 4 (2022) | K70: 5 (2030)
C71: 3.2-3 | D71: Užtikrinti kultūros paveldo objektų priežiūrą | E71: Visuomenei atvertų kultūros paveldo objektų skaičius | F71: 0 (2022) | G71: 0 | H71: 0 | I71: 0 | J71: 0 (2022) | K71: 3 (2030)
C72: 3.3 | D72: Skatinti žaliąją savivaldybės plėtrą | E72: Teršalų, išmestų į aplinkos orą iš stacionarių taršos šaltinių, tonos | F72: 606,88 (2021) | G72: 560 | H72: 520 | I72: 510 | J72: 606,88 (2021) | K72: 500 (2030)
C73: 3.3.-1 | D73: Užtikrinti tvarų kraštovaizdžio vystymą(si), išsaugant ekosistemas ir prisitaikant prie klimato kaitos | E73: Apsauginę funkciją atliekančių želdynų ir želdinių, tenkančių 1 gyventojui, plotas (kv. m | F73: 21 (2022) | G73: 21 | H73: 21 | I73: 21 | J73: 21 (2022) | K73: Nemažėjantis (2030)
C74: 3.3.-2 | D74: Skatinti energijos taupymą, atsinaujinančių ir alternatyvių energijos išteklių naudojimą | E74: Atsinaujinančio kuro dalis centrinio šildymo sistemoje (proc.) | F74: 84 (2022) | G74: 80 | H74: 80 | I74: 84 | J74: 84 (2022) | K74: 90 (2030)
E75: Savivaldybės įstaigų ir įmonių, įdiegusių atsinaujinančių ir alternatyvių energijos išteklių priemones savo pastatuose, dalis (proc.) | F75: 0 (2022) | G75: 2 | H75: 3 | I75: 4 | J75: 0 (2022) | K75: 10 (2030)
E76: Atnaujinta (modernizuota) daugiabučių namų nuo bendro nerenovuotų daugiabučių namų skaičiaus dalis proc. | F76: 2 (2022) | G76: 2 | H76: 3 | I76: 4 | J76: 2 (2022) | K76: 30 (2030)
C77: 3.3-3 | D77: Modernizuoti miesto inžinerinę infrastruktūrą laikantis inovatyvumo ir ekologiškumo principų | E77: Atnaujinti šilumos tinklai, km | F77: 0,279 (2022) | G77: 0.807 | H77: 0.246 | I77: 1.876 | J77: 0,279 (2022) | K77: Ne mažiau kaip 2,390 (2030)
E78: Atnaujinti geriamojo vandens tiekimo tinklai, km | F78: 0,978 (2022) | G78: 1.295 | H78: 2.512 | I78: 2 | J78: 0,978 (2022) | K78: Ne mažiau kaip 6,353 (2030)
E79: Atnaujinti nuotekų surinkimo tinklai, km | F79: 0 (2022) | G79: 1 | H79: 0 | I79: 0 | J79: 0 (2022) | K79: Ne mažiau kaip 0,230 (2030)
C80: 3.3-4 | D80: Įdiegti žiedinės ekonomikos procesus | E80: Sąvartynuose šalinamų atliekų dalis, palyginti su bendru komunalinių atliekų srautu (proc.) | F80: 19,9 (2021) | G80: Ne daugiau kaip 15 proc. visų susidariusių komunalinių atliekų (pagal svorį) šalinama sąvartyne | H80: Ne daugiau kaip 10 proc. visų susidariusių komunalinių atliekų (pagal svorį) šalinama sąvartyne | I80: Ne daugiau kaip 8 proc. visų susidariusių komunalinių atliekų (pagal svorį) šalinama sąvartyne | J80: 19,9 (2021) | K80: 6 (2030)
E81: Perdirbta, pakartotinai ar kitaip panaudota (pvz., energijai gauti) dalis, palyginti su visomis surinktomis ir susidariusiomis atliekomis (proc.) | F81: 62,2 (2021) | G81: Ne mažiau 55 proc. susidariusių komunalinių atliekų (pagal svorį) paruošta pakartotinai naudoti ir perdirbta | H81: Ne mažiau 56 proc. susidariusių komunalinių atliekų (pagal svorį) paruošta pakartotinai naudoti ir perdirbta | I81: Ne mažiau 57 proc. susidariusių komunalinių atliekų (pagal svorį) paruošta pakartotinai naudoti ir perdirbta | J81: 62,2 (2021) | K81: 77,0 (2030)
C82: 3.3-5 | D82: Užtikrinti visapusišką aplinkos būklės stebėseną ir taršą ribojančių priemonių taikymą | E82: Stebimų aplinkos monitoringo objektų (pvz., oras, paviršinis vanduo, maudyklos, dirvožemis, triukšmas ir kt.) skaičius, vnt. | F82: 4 (2022) | G82: 0 | H82: 0 | I82: 1 | J82: 4 (2022) | K82: Ne mažiau kaip 4 (2030)

Sheet III skyrius
B3: III SKYRIUS PLANUOJAMI PASIEKTI REZULTATAI
C5: Didinant įstaigų veiklos efektyvumą, atsakomybę ir viešumą, 2024-2026 m. planuojama gerinti valdymo struktūrą ir stiprinti valdymo kokybę, didinti viešojo administravimo efektyvumą, ekonomiškai ir rezultatyviai valdyti ir naudoti savivaldybės turtą, biudžetą ir kitus piniginius išteklius. Numatoma vykdyti priemones ugdymo, kūno kultūros ir fizinio aktyvumo, socialinių paslaugų kokybei gerinti ir jų įvairovei didinti. Siekti, kad gerėtų viešųjų erdvių kokybė, sudaryti sąlygas inžinerinės infrastruktūros ir susisiekimo komunikacijų gerinimui, jų plėtrai padidinant miesto viešųjų erdvių patrauklumą, užtikrinant švarą ir tvarką, teikti gyventojams kokybiškas komunalines paslaugas, prižiūrėti ir modernizuoti miesto inžinerinės ir rekreacinės infrastruktūros objektus, suformuoti efektyviai veikiančią verslo paramos sistemą, skleisti verslo informaciją, skatinti verslumą bei iniciatyvas. Taip pat bus siekiama vykdyti architektūros ir teritorijų planavimo veiklą, kurti palankią aplinką turizmui, plėsti turizmo, rekreacijos, poilsio ir paslaugų infrastruktūrą, užtikrinti turizmo informacijos sklaidą.
C6: Įgyvendinant Visagino savivaldybės 2024-2026 m. strateginį veiklos planą, vadovaujamasi 2023-2030 m. strateginiame plėtros plane numatytais prioritetais tikslais ir planuojamais pasiekti rezultatais:
B7: 1 prioritetas | C7: Konkurencingo verslo skatinimas ir vietinės ekonomikos tvari plėtra
B8: 1.1. tikslas | C8: ='II skyrius'!D10 -> Gerinti investicinės aplinkos patrauklumą ir didinti ekonominį potencialą
C9: Investicijų pritraukimo ir verslumo skatinimo institucinės ekosistemos sukūrimas Visagino, Ignalinos ir Zarasų funkcinėje zonoje (VIZA funkcinės zonos strategijos parengimas ir patvirtinimas)
C10: Investicijoms pritaikytos verslo ir gamybos pastatų bei žemės infrastruktūros, skatinant apleistų/nenaudojamų/neefektyviai naudojamų teritorijų ir pastatų konversiją ir pritaikymą ekonominei veiklai, sukūrimas
B11: 1.2. tikslas | C11: ='II skyrius'!D18 -> Didinti turistinį savivaldybės patrauklumą, teikiant viešąsias paslaugas bei plėtojant viešąją turizmo infrastruktūrą
C12: Viešųjų paslaugų teikimas bei Visagino savivaldybės turizmo rinkodaros plėtojimas
C13: Žygių maršrutų "Visaginas. Miestas miške-miškas mieste" sukūrimas, įntegracija į funkcinės zonos VIZA ir Utenos regiono bendrus turizmo maršrutus, priėjimų prie lankomų/gamtos objektų įrengimas, atokvėpio/stebėjimo vietų įrengimas
C14: Visagino kaip post-branduolinės erdvės paveldo išsaugojimas, aktualizavimas, pristatymas
B15: 2 prioritetas | C15: Socialinės gerovės kūrimas, sumaniai, pažangiai, besimokančiai, moderniai ir laimingai bendruomenei
B16: 2.1. tikslas | C16: ='II skyrius'!D22 -> Tikslingai naudojant švietimui skirtas lėšas bei kryptingai tobulinant darbuotojų kompetencijas, kiekvienam besimokančiajam sukurti lygiavertes ir šiuolaikiškas kokybiško ugdymo(si) sąlygas, lemiančias geresnius mokinių pasiekimus, optimalią, integracinę, darniai ir racionaliai veikiančią, nuolat atsinaujinančią savivaldybės švietimo sistemą
C17: Ikimokyklinio ugdymo įstaigų tinklo, kuriant naujas ugdymo vietas stiprinimas
C18: Visagino progimnazijų erdvių pritaikymas negalią turinčių mokinių ugdymuisi įtraukiuoju būdu
C19: Visos dienos užimtumo erdvių sukūrimas Visagino bendrojo ugdymo mokyklose
C20: Visagino savivaldybės priemonių, numatytų „Tūkstantmečio mokyklų“ Visagino ir Ignalinos rajono savivaldybių Švietimo pažangos plane įgyvendinimas
C21: Visagino savivaldybės bendrojo ugdymo mokyklų tinklo pertvarkos priemonių planų kiekvienoje mokykloje įgyvendinimas
B22: 2.2. tikslas | C22: ='II skyrius'!D30 -> Sudaryti sąlygas visų amžiaus grupių ir galimybių visaginiečiams jų sveikai gyvensenai, fiziniam aktyvumui, sportavimui bei siekti, kad tai taptų savivaldybės bendruomenės gyvensenos dalimi
C23: Visagino savivaldybės ugdymo įstaigų vidaus ir lauko sporto infrastruktūros - sporto salių, aikštelių, stadionų - atnaujinimas ir (ar) plėtra
C24: Aplinkos ir viešųjų erdvių fizinio aktyvumo užsiėmimams pritaikymas
B25: 2.3. tikslas | C25: ='II skyrius'!D36 -> Įgyvendinti valstybinę kultūros politiką ir formuoti regioninį identitetą, stiprinti pilietiškumą ir bendruomenės į(si)traukimą į kūrybines, kultūrines veiklas
C26: Infrastruktūros, būtinos gyventojų kultūriniams poreikiams užtikrinti, esamos vidaus rekonstravimas ir/arba naujos statymas
C27: Visagino miesto muziejaus koncepcijos ir struktūros plėtojimas
B28: 2.4. tikslas | C28: ='II skyrius'!D43 -> Stiprinti ir puoselėti gyventojų sveikatą
C29: Asmens sveikatos priežiūros įstaigų paslaugų infrastruktūros bei įrangos, siekiant didesnės ir aukštesnės paslaugų aprėpties, įvairovės ir kokybės plėtojimas, modernizavimas ir atnaujinimas (Visagino sveikatos centro veiklos vystymas)
B30: 2.5. tikslas | C30: ='II skyrius'!D47 -> Pagerinti ir plėsti socialinių paslaugų kokybę ir prieinamumą bei sukurti jų plėtrai reikalingą infrastruktūrą
C31: Socialinių paslaugų prieinamumo didinimas
C32: Socialinio ir savivaldybės būsto prieinamumo visų socialinių grupių atstovams didinimas
B33: 2.6. tikslas | C33: ='II skyrius'!D49 -> Sudaryti galimybes jaunimui atvykti, dirbti ir gyventi Visagino savivaldybėje
C34: Jaunimo teikiamų projektų ir iniciatyvų finansavimas
B35: 2.7. tikslas | C35: ='II skyrius'!D52 -> Gyventojų socialinio, pilietinio aktyvumo, dalyvavimo savanoriškoje, visuomeninėje veikloje, tarpusavio pasitikėjimo, bendruomenės socialinės atsakomybės ir įsitraukimo didinimas
C36: Vietos savivaldai priimant sprendimus integruotai ir tolygiai formuoti nevyriausybinių ir bendruomeninių organizacijų veiklai palankią aplinką savivaldybėje (Dalyvaujamo biudžeto priemonių vykdymas )
C37: Viešosios naudos nevyriausybinių ir bendruomeninių organizacijų institucinio stiprinimo projektų (gebėjimai, lyderystė, sąlygos viešosios naudos organizacijų veiklos tvarumui užtikrinti, socialinis verslas ir kt. ) - vietos veiklos grupių strategijų įgyvendinimas)
B38: 2.8. tikslas | C38: ='II skyrius'!D56 -> Tobulinti viešojo valdymo sistemą, didinti jos efektyvumą ir atvirumą
C39: Inovatyvių sprendimų ir būdų savivaldybėje ir jos įstaigose galinčių padidinti viešojo efektyvumo valdymą diegimas (miesto dvynio informacinės sistemos sukūrimas)
C40: Miesto vaizdo stebėjimo sistemos naujinimas ir plėtra
B41: 3 prioritetas | C41: Tvarus, subalansuotas savivaldybės aplinkos vystymas ir plėtra
B42: 3.1. tikslas | C42: ='II skyrius'!D64 -> Vykdyti kryptingą darnaus judumo politiką savivaldybėje
C43: ='II skyrius'!D65 -> Skatinti bemotorio transporto pasirinkimą ir pėsčiųjų judumą
C44: Esamų šaligatvių ir pėsčiųjų takų infrastruktūros kokybės gerinimas
C45: Autobusų stoties su turizmo informacijos centru statybos užbaigimas ir perdavimas stoties valdytojui
C46: Tinkamo miesto kelių tinklo darnos, saugumo ir kokybės užtikrinimas
B47: 3.2. tikslas | C47: ='II skyrius'!D68 -> Skatinti tvarų miesto teritorijos vystymą
C48: Individualių namų kvartalo vystymas (projektavimas)
C49: Daugiafunkcinių viešųjų erdvių poilsio, rekreacijos ir kultūros poreikiams įrengimas, modernizavimas ir /ar atnaujinimas
B50: 3.3. tikslas | C50: ='II skyrius'!D72 -> Skatinti žaliąją savivaldybės plėtrą
C51: Kogeneracinės biokuro elektrinės (1,25 MW elektros galios 6,8 MW šilumos galios) statyba
C52: Savivaldybės viešųjų pastatų, taikant energijos išteklių panaudojimo efektyvumo didinimo priemones, modernizavimas (Kosmoso g. 28 A, Taikos pr. 52, Parko g. 14, Vilties g. 1)
C53: Komunalinių, rūšiuojamųjų, žaliųjų atliekų, atliekų tinkamų paruošimui pakartotiniam naudojimui, surinkimo pajėgumų bei apdorojimo plėtra Visagino savivaldybėje, keičiant į kitus energetinius šaltinius

Sheet IV skyrius. Programos
C1: IV SKYRIUS PROGRAMOS
C2: Visagino savivaldybės 2024–2026 metų strateginį veiklos planą sudaro 10 įvairius savivaldybės veiklos sektorius apimančių programų. Kiekvienoje programoje iškelti trejų metų veiklos strateginiai uždaviniai, suformuluotos priemonės ir konkretizuoti rezultatų pasiekimo rodikliai. Programos buvo pasirinktos,susisteminus ir apibendrinus vietos savivaldos principus, savivaldybės instituciją ir jos kompetenciją, numatytas vykdyti funkcijas, savivaldybės mero, savivaldybės tarybos nario statusą, savivaldybių ūkinės ir finansinės veiklos pagrindus, taip pat išanalizavus viešojo administravimo sritis, viešojo administravimo subjektų sistemą ir administracinės procedūros organizavimo pagrindus.
C5: 2 lentelė. 2024-2026 metų asignavimų ir kitų lėšų pasiskirstymas pagal programas (tūkst. eurų)
C6: Eil. Nr. | D6: Programos kodas ir pavadinimas | E6: 2023 | F6: Pasikeitimas proc. | G6: 2024 m. išlaidų projektas (lėšų poreikis), tūkst. Eur | H6: 2024 metų asignavimai ir kitos lėšos | I6: 2025metų asignavimai ir kitos lėšos | J6: 2026 metų asignavimai ir kitos lėšos | O6: 1 programa | P6: 2 programa | Q6: 3 programa | R6: 4 programa | S6: 5 programa | T6: 6 programa | U6: 7 programa | V6: 8 programa | W6: 9 programa | X6: 10 programa
C7: 1 | D7: 2 | H7: 3 | I7: 4 | J7: 5 | N7: 2023 | O7: 4584.811 | P7: 15544.963 | Q7: 1296.83 | R7: 1710.912 | S7: 300.092 | T7: 12415.572 | U7: 240.535 | V7: 3957.245 | W7: 1089.8 | X7: 14770.978
C8: 1 | D8: Valdymo tobulinimo programa (01) | E8: =SUM('1 programa '!E179) -> 4584.811 | F8: =H8/E8-1 -> 0.25968137 | G8: =SUM('1 programa '!G179) -> 5542.488 | H8: =SUM('1 programa '!H179) -> 5775.401 | I8: =SUM('1 programa '!I179) -> 6430.883 | J8: =SUM('1 programa '!J179) -> 6485.933 | K8: =H8-'Suvestinė pagal FŠ'!N6 -> 0 | N8: 2024 | O8: =H9 -> 21107.729 | P8: =H9 -> 21107.729 | Q8: =H10 -> 1479.66 | R8: =H11 -> 2002.457 | S8: =H12 -> 395.289 | T8: =H13 -> 14381.856 | U8: =H14 -> 893.416 | V8: =H15 -> 4362.719 | W8: =H16 -> 2017.916 | X8: =H17 -> 5702.282
C9: 2 | D9: Švietimo paslaugų plėtros programa (02) | E9: ='2 programa '!E235 -> 15544.963 | F9: =H9/E9-1 -> 0.35785006 | G9: ='2 programa '!G235 -> 15900.336 | H9: ='2 programa '!H235 -> 21107.729 | I9: ='2 programa '!I235 -> 19312.551 | J9: ='2 programa '!J235 -> 17312.03 | K9: =H9-'Suvestinė pagal FŠ'!N7 -> 0 | N9: 2025 | O9: =I8 -> 6430.883 | P9: =I9 -> 19312.551 | Q9: =I10 -> 1257.66 | R9: =I11 -> 2059.85 | S9: =I12 -> 497.48 | T9: =I13 -> 15032.177 | U9: =I14 -> 2218.438 | V9: =I15 -> 4689.392 | W9: =I16 -> 6329.0959 | X9: =I17 -> 7909.18
C10: 3 | D10: Fizinio aktyvumo ir sporto plėtros programa (03) | E10: ='3 programa'!E45 -> 1296.83 | F10: =H10/E10-1 -> 0.14098224 | G10: ='3 programa'!G45 -> 155 | H10: ='3 programa'!H45 -> 1479.66 | I10: ='3 programa'!I45 -> 1257.66 | J10: ='3 programa'!J45 -> 1257.66 | K10: =H10-'Suvestinė pagal FŠ'!N8 -> 0 | N10: 2026 | O10: =J8 -> 6485.933 | P10: =J9 -> 17312.03 | Q10: =J10 -> 1257.66 | R10: =J11 -> 2034.18 | S10: =J12 -> 408.95 | T10: =J13 -> 14323.558 | U10: =J14 -> 1760.551 | V10: =J15 -> 4440.152 | W10: =J16 -> 7736.0084 | X10: =J17 -> 8065.18
C11: 4 | D11: Gyventojų kultūrinio aktyvumo skatinimo ir identiteto stiprinimo programa (04) | E11: ='4 programa'!E115 -> 1710.912 | F11: =H11/E11-1 -> 0.17040327 | G11: ='4 programa'!G115 -> 2086.941 | H11: ='4 programa'!H115 -> 2002.457 | I11: ='4 programa'!I115 -> 2059.85 | J11: ='4 programa'!J115 -> 2034.18 | K11: =H11-'Suvestinė pagal FŠ'!N9 -> 0
C12: 5 | D12: Bendruomeniškumo skatinimo programa (05) | E12: ='5 programa'!E71 -> 300.092 | F12: =H12/E12-1 -> 0.31722605 | G12: ='5 programa'!G71 -> 430.059 | H12: ='5 programa'!H71 -> 395.289 | I12: ='5 programa'!I71 -> 497.48 | J12: ='5 programa'!J71 -> 408.95 | K12: =H12-'Suvestinė pagal FŠ'!N10 -> 0
C13: 6 | D13: Socialinės paramos programa (06) | E13: ='6 programa'!E213 -> 12415.572 | F13: =H13/E13-1 -> 0.15837241 | G13: ='6 programa'!G213 -> 7548.44 | H13: ='6 programa'!H213 -> 14381.856 | I13: ='6 programa'!I213 -> 15032.177 | J13: ='6 programa'!J213 -> 14323.558 | K13: =H13-'Suvestinė pagal FŠ'!N11 -> 0
C14: 7 | D14: Sveikatos apsaugos paslaugų kokybės gerinimo programa (07) | E14: ='7 programa'!E78 -> 240.535 | F14: =H14/E14-1 -> 2.7142869 | G14: ='7 programa'!G78 -> 226.7 | H14: ='7 programa'!H78 -> 893.416 | I14: ='7 programa'!I78 -> 2218.438 | J14: ='7 programa'!J78 -> 1760.551 | K14: =H14-'Suvestinė pagal FŠ'!N12 -> 0
C15: 8 | D15: Aplinkos apsaugos programa (08) | E15: ='8 programa'!E100 -> 3957.245 | F15: =H15/E15-1 -> 0.10246371 | G15: ='8 programa'!G100 -> 4580.246 | H15: ='8 programa'!H100 -> 4362.719 | I15: ='8 programa'!I100 -> 4689.392 | J15: ='8 programa'!J100 -> 4440.152 | K15: =H15-'Suvestinė pagal FŠ'!N13 -> 0
C16: 9 | D16: Ekonominės plėtros programa (09) | E16: ='9 programa'!E178 -> 1089.8 | F16: =H16/E16-1 -> 0.85163883 | G16: ='9 programa'!G178 -> 744.12 | H16: ='9 programa'!H178 -> 2017.916 | I16: ='9 programa'!I178 -> 6329.0959 | J16: ='9 programa'!J178 -> 7736.0084 | K16: =H16-'Suvestinė pagal FŠ'!N14 -> 0
C17: 10 | D17: Viešosios infrastruktūros programa (10) | E17: ='10 programa'!E178 -> 14770.978 | F17: =H17/E17-1 -> -0.61395366 | G17: ='10 programa'!G178 -> 3532.267 | H17: ='10 programa'!H178 -> 5702.282 | I17: ='10 programa'!I178 -> 7909.18 | J17: ='10 programa'!J178 -> 8065.18 | K17: =H17-'Suvestinė pagal FŠ'!N15 -> 0
H18: =SUM(H8:H17) -> 58118.725 | I18: =SUM(I8:I17) -> 65736.707 | J18: =SUM(J8:J17) -> 63824.202
C19: 1. Savivaldybės biudžetas (įskaitant skolintas lėšas) | E19: =SUM(E21,E23,E24,E25,E26,E27,) -> 49453.52 | F19: =H19/E19-1 -> 0.03584948 | G19: =SUM(G21,G23,G24,G25,G26,G27,) -> 40746.597 | H19: =SUM(H21,H23,H24,H25,H26,H27,) -> 51226.403 | I19: =SUM(I21,I23,I24,I25,I26,I27,) -> 56704.173 | J19: =SUM(J21,J23,J24,J25,J26,J27,) -> 53564.126
C20: Iš jo: | L20: =H18-'Suvestinė pagal FŠ'!N17 -> -325.057
C21: 1.1. savivaldybės biudžeto lėšos (nuosavos, be ankstesnių metų likučio) | E21: ='1 programa '!E171+'2 programa '!E225+'3 programa'!E37+'4 programa'!E107+'5 programa'!E64+'6 programa'!E204+'7 programa'!E70+'8 programa'!E92+'9 programa'!E171+'10 programa'!E171 -> 30304.963 | F21: =H21/E21-1 -> 0.053589176 | G21: ='1 programa '!G171+'2 programa '!G225+'3 programa'!G37+'4 programa'!G107+'5 programa'!G64+'6 programa'!G204+'7 programa'!G70+'8 programa'!G92+'9 programa'!G171+'10 programa'!G171 -> 26647.708 | H21: ='1 programa '!H171+'2 programa '!H225+'3 programa'!H37+'4 programa'!H107+'5 programa'!H64+'6 programa'!H204+'7 programa'!H70+'8 programa'!H92+'9 programa'!H171+'10 programa'!H171 -> 31928.981 | I21: ='1 programa '!I171+'2 programa '!I225+'3 programa'!I37+'4 programa'!I107+'5 programa'!I64+'6 programa'!I204+'7 programa'!I70+'8 programa'!I92+'9 programa'!I171+'10 programa'!I171 -> 33004.484 | J21: ='1 programa '!J171+'2 programa '!J225+'3 programa'!J37+'4 programa'!J107+'5 programa'!J64+'6 programa'!J204+'7 programa'!J70+'8 programa'!J92+'9 programa'!J171+'10 programa'!J171 -> 32844.575
C22: Aplinkos apsaugos lėšos | H22: ='7 programa'!H71+'8 programa'!H93 -> 83.636
C23: 1.2. Lietuvos Respublikos valstybės biudžeto dotacijos | E23: ='1 programa '!E172+'2 programa '!E226+'3 programa'!E38+'4 programa'!E108+'5 programa'!E65+'6 programa'!E205+'7 programa'!E72+'8 programa'!E94+'9 programa'!E172+'10 programa'!E172 -> 11717.042 | F23: =H23/E23-1 -> 0.11785457 | G23: ='1 programa '!G172+'2 programa '!G226+'3 programa'!G38+'4 programa'!G108+'5 programa'!G65+'6 programa'!G205+'7 programa'!G72+'8 programa'!G94+'9 programa'!G172+'10 programa'!G172 -> 11258.989 | H23: ='1 programa '!H172+'2 programa '!H226+'3 programa'!H38+'4 programa'!H108+'5 programa'!H65+'6 programa'!H205+'7 programa'!H72+'8 programa'!H94+'9 programa'!H172+'10 programa'!H172 -> 13097.949 | I23: ='1 programa '!I172+'2 programa '!I226+'3 programa'!I38+'4 programa'!I108+'5 programa'!I65+'6 programa'!I205+'7 programa'!I72+'8 programa'!I94+'9 programa'!I172+'10 programa'!I172 -> 13307.41 | J23: ='1 programa '!J172+'2 programa '!J226+'3 programa'!J38+'4 programa'!J108+'5 programa'!J65+'6 programa'!J205+'7 programa'!J72+'8 programa'!J94+'9 programa'!J172+'10 programa'!J172 -> 13419.655
C24: 1.3. Pajamų įmokos ir kitos pajamos | E24: ='1 programa '!E174+'2 programa '!E230+'3 programa'!E40+'4 programa'!E110+'5 programa'!E66+'6 programa'!E208+'7 programa'!E73+'8 programa'!E95+'9 programa'!E173+'10 programa'!E173 -> 1424.642 | F24: =H24/E24-1 -> 0.10104854 | G24: ='1 programa '!G174+'2 programa '!G230+'3 programa'!G40+'4 programa'!G110+'5 programa'!G66+'6 programa'!G208+'7 programa'!G73+'8 programa'!G95+'9 programa'!G173+'10 programa'!G173 -> 1463.144 | H24: ='1 programa '!H174+'2 programa '!H230+'3 programa'!H40+'4 programa'!H110+'5 programa'!H66+'6 programa'!H208+'7 programa'!H73+'8 programa'!H95+'9 programa'!H173+'10 programa'!H173 -> 1568.6 | I24: ='1 programa '!I174+'2 programa '!I230+'3 programa'!I40+'4 programa'!I110+'5 programa'!I66+'6 programa'!I208+'7 programa'!I73+'8 programa'!I95+'9 programa'!I173+'10 programa'!I173 -> 1566.182 | J24: ='1 programa '!J174+'2 programa '!J230+'3 programa'!J40+'4 programa'!J110+'5 programa'!J66+'6 programa'!J208+'7 programa'!J73+'8 programa'!J95+'9 programa'!J173+'10 programa'!J173 -> 1582.318
C25: 1.4. Europos Sąjungos ir kitos tarptautinės finansinės paramos lėšos (ES, EGDAP) | E25: ='1 programa '!E175+'2 programa '!E231+'3 programa'!E41+'4 programa'!E111+'5 programa'!E67+'6 programa'!E209+'7 programa'!E74+'8 programa'!E96+'9 programa'!E174+'10 programa'!E174 -> 3936.883 | F25: =H25/E25-1 -> 0.093711954 | G25: ='1 programa '!G175+'2 programa '!G231+'3 programa'!G41+'4 programa'!G111+'5 programa'!G67+'6 programa'!G209+'7 programa'!G74+'8 programa'!G96+'9 programa'!G174+'10 programa'!G174 -> 1376.756 | H25: ='1 programa '!H175+'2 programa '!H231+'3 programa'!H41+'4 programa'!H111+'5 programa'!H67+'6 programa'!H209+'7 programa'!H74+'8 programa'!H96+'9 programa'!H174+'10 programa'!H174 -> 4305.816 | I25: ='1 programa '!I175+'2 programa '!I231+'3 programa'!I41+'4 programa'!I111+'5 programa'!I67+'6 programa'!I209+'7 programa'!I74+'8 programa'!I96+'9 programa'!I174+'10 programa'!I174 -> 8826.097 | J25: ='1 programa '!J175+'2 programa '!J231+'3 programa'!J41+'4 programa'!J111+'5 programa'!J67+'6 programa'!J209+'7 programa'!J74+'8 programa'!J96+'9 programa'!J174+'10 programa'!J174 -> 5717.5781
C26: 1.5. Skolintos lėšos | E26: ='1 programa '!E176+'2 programa '!E232+'3 programa'!E42+'4 programa'!E112+'5 programa'!E68+'6 programa'!E210+'7 programa'!E75+'8 programa'!E97+'9 programa'!E175+'10 programa'!E175 -> 2069.99 | F26: =H26/E26-1 -> -0.84296687 | G26: ='1 programa '!G176+'2 programa '!G232+'3 programa'!G42+'4 programa'!G112+'5 programa'!G68+'6 programa'!G210+'7 programa'!G75+'8 programa'!G97+'9 programa'!G175+'10 programa'!G175 -> 0 | H26: ='1 programa '!H176+'2 programa '!H232+'3 programa'!H42+'4 programa'!H112+'5 programa'!H68+'6 programa'!H210+'7 programa'!H75+'8 programa'!H97+'9 programa'!H175+'10 programa'!H175 -> 325.057 | I26: ='1 programa '!I176+'2 programa '!I232+'3 programa'!I42+'4 programa'!I112+'5 programa'!I68+'6 programa'!I210+'7 programa'!I75+'8 programa'!I97+'9 programa'!I175+'10 programa'!I175 -> 0 | J26: ='1 programa '!J176+'2 programa '!J232+'3 programa'!J42+'4 programa'!J112+'5 programa'!J68+'6 programa'!J210+'7 programa'!J75+'8 programa'!J97+'9 programa'!J175+'10 programa'!J175 -> 0
C27: 1.6. Ankstesnių metų likučiai | E27: ='1 programa '!E177+'2 programa '!E233+'3 programa'!E43+'4 programa'!E113+'5 programa'!E69+'6 programa'!E211+'7 programa'!E76+'8 programa'!E98+'9 programa'!E176+'10 programa'!E176 -> 0 | G27: ='1 programa '!G177+'2 programa '!G233+'3 programa'!G43+'4 programa'!G113+'5 programa'!G69+'6 programa'!G211+'7 programa'!G76+'8 programa'!G98+'9 programa'!G176+'10 programa'!G176 -> 0 | H27: ='1 programa '!H177+'2 programa '!H233+'3 programa'!H43+'4 programa'!H113+'5 programa'!H69+'6 programa'!H211+'7 programa'!H76+'8 programa'!H98+'9 programa'!H176+'10 programa'!H176 -> 0 | I27: ='1 programa '!I177+'2 programa '!I233+'3 programa'!I43+'4 programa'!I113+'5 programa'!I69+'6 programa'!I211+'7 programa'!I76+'8 programa'!I98+'9 programa'!I176+'10 programa'!I176 -> 0 | J27: ='1 programa '!J177+'2 programa '!J233+'3 programa'!J43+'4 programa'!J113+'5 programa'!J69+'6 programa'!J211+'7 programa'!J76+'8 programa'!J98+'9 programa'!J176+'10 programa'!J176 -> 0
C28: 2. Kiti šaltiniai (Europos Sąjungos finansinė parama projektams įgyvendinti ir kitos teisėtai gautos lėšos, nurodant atskirus šaltinius) | E28: ='1 programa '!E178+'2 programa '!E234+'3 programa'!E44+'4 programa'!E114+'5 programa'!E70+'6 programa'!E212+'7 programa'!E77+'8 programa'!E99+'9 programa'!E177+'10 programa'!E177 -> 6458.218 | F28: =H28/E28-1 -> 0.067217304 | G28: ='1 programa '!H178+'2 programa '!H234+'3 programa'!H44+'4 programa'!H114+'5 programa'!H70+'6 programa'!H212+'7 programa'!H77+'8 programa'!H99+'9 programa'!H177+'10 programa'!H177 -> 6892.322 | H28: ='1 programa '!H178+'2 programa '!H234+'3 programa'!H44+'4 programa'!H114+'5 programa'!H70+'6 programa'!H212+'7 programa'!H77+'8 programa'!H99+'9 programa'!H177+'10 programa'!H177 -> 6892.322 | I28: ='1 programa '!I178+'2 programa '!I234+'3 programa'!I44+'4 programa'!I114+'5 programa'!I70+'6 programa'!I212+'7 programa'!I77+'8 programa'!I99+'9 programa'!I177+'10 programa'!I177 -> 9032.5343 | J28: ='1 programa '!J178+'2 programa '!J234+'3 programa'!J44+'4 programa'!J114+'5 programa'!J70+'6 programa'!J212+'7 programa'!J77+'8 programa'!J99+'9 programa'!J177+'10 programa'!J177 -> 10260.077
C29: IŠ VISO programai finansuoti pagal finansavimo šaltinius (1 ir 2 punktai) | E29: =E19+E28 -> 55911.738 | F29: =H29/E29-1 -> 0.039472695 | G29: =G19+G28 -> 47638.919 | H29: =H19+H28 -> 58118.725 | I29: =I19+I28 -> 65736.707 | J29: =J19+J28 -> 63824.202
C30: Iš jų: regioninių pažangos priemonių lėšos (RP) | E30: ='1 programa '!E180+'2 programa '!E236+'3 programa'!E46+'4 programa'!E116+'5 programa'!E72+'6 programa'!E214+'7 programa'!E79+'8 programa'!E101+'9 programa'!E179+'10 programa'!E179 -> 49.278 | F30: =H30/E30-1 -> 71.11287 | G30: ='1 programa '!G180+'2 programa '!G236+'3 programa'!G46+'4 programa'!G116+'5 programa'!G72+'6 programa'!G214+'7 programa'!G79+'8 programa'!G101+'9 programa'!G179+'10 programa'!G179 -> 2375.566 | H30: ='1 programa '!H180+'2 programa '!H236+'3 programa'!H46+'4 programa'!H116+'5 programa'!H72+'6 programa'!H214+'7 programa'!H79+'8 programa'!H101+'9 programa'!H179+'10 programa'!H179 -> 3553.578 | I30: ='1 programa '!I180+'2 programa '!I236+'3 programa'!I46+'4 programa'!I116+'5 programa'!I72+'6 programa'!I214+'7 programa'!I79+'8 programa'!I101+'9 programa'!I179+'10 programa'!I179 -> 8252.309 | J30: ='1 programa '!J180+'2 programa '!J236+'3 programa'!J46+'4 programa'!J116+'5 programa'!J72+'6 programa'!J214+'7 programa'!J79+'8 programa'!J101+'9 programa'!J179+'10 programa'!J179 -> 5380.728
C31: Asignavimų ir kitų lėšų pokytis, palyginti su ankstesnių metų patvirtintų asignavimų ir kitų lėšų planu | H31: =H29/E29-1 -> 0.039472695 | I31: =I29/H29-1 -> 0.1310762 | J31: =J29/I29-1 -> -0.029093402
D32: n – pirmieji planuojamieji metai, n + 1 – antrieji planuojamieji metai ir n + 2 – tretieji planuojamieji metai.

Sheet 1 programa 
A1: Valdymo tobulinimo programa (01)
A2: Programos tikslas - įgyvendinti Lietuvos Respublikos Konstitucijos ir įstatymų nustatytas, Lietuvos Respublikos vietos savivaldos įstatymo reglamentuotas savarankiškasias savivaldybės bei valstybinės (valstybės perduotos savivaldybei) funkcijas. Siekiant užtikrinti, kad minėtos funkcijos būtų vykdomos kokybiškai, ypatingas dėmesys skiriamas šiuolaikiniams vadybos metodams ir informacinėms technologijoms diegti savivaldybėje; vykdomų procedūrų viešumui ir skaidrumui; kontroliuoti ir prižiūrėti, ar teisėtai, efektyviai, ekonomiškai ir rezultatyviai valdomas ir naudojamas savivaldybės turtas ir patikėjimo teise valdomas valstybės turtas, kaip vykdomas savivaldybės biudžetas ir naudojami kiti piniginiai ištekliai. Efektyviai savivaldybės veiklai būtinas racionalus finansinių, materialinių ir žmogiškųjų išteklių paskirstymas, sistemingas veiklos planavimas
A3: =A19 -> 01.01.01. (T) | B3: =B19 -> Gerinti teikiamų paslaugų kokybę, didinti jų prieinamumą ir patrauklumą, tinkamai organizuojant savivaldybės administravimo subjektams priskirtų funkcijų įgyvendinimą
A4: =A34 -> 01.01.02 (T) | B4: =B34 -> Užtikrinti, valstybinių (valstybės perduotų savivaldybėms) funkcijų vykdymą
A5: =A87 -> 01.01.03 (T) | B5: =B87 -> Užtikrinti efektyvų savivaldybei nuosavybės teise priklausančio nekilnojamojo turto naudojimą, įmonių bei įstaigų valdymą
A6: =A104 -> 01.01.04. (T) | B6: =B104 -> Sudaryti sąlygas iš anksto negalimoms suplanuoti priemonėms vykdyti bei savivaldybės finansiniams įsipareigojimams vykdyti
A7: =A113 -> 01.01.05. (T) | B7: =B113 -> Įgyvendinti Visagino savivaldybės korupcijos prevencijos 2022-2024 metų veiksmų planą
A8: =A116 -> 01.02.02. (T) | B8: =B116 -> Gerinti visuomenei teikiamų paslaugų kokybę, didinant jų atitiktį visuomenės poreikiams
A9: =A145 -> 01.02.03. (T) | B9: =B145 -> Organizuoti savivaldybės veiklą vadovaujantis šiuolaikiniais vadybos metodais
A10: =A150 -> 01.02.04. (T) | B10: =B150 -> Informuoti visuomenę apie savivaldybės veiklą ir formuoti teigiamą savivaldybės įvaizdį, plėtoti dalykinius santykius ir ryšius su tarptautinėmis ir vietinėmis institucijomis ir organizacijomis
A13: Programos įgyvendinimo laikotarpis 2024-2026 m.
A14: Programos įgyvendinimo koordinatorė Jolita Kriaučiūnaitė, jolita.kriauciunaite@visaginas.lt, tel. 8 (386) 36 008
A16: 3 lentelė. Valdymo tobulinimo programos (01) uždaviniai, priemonės, asignavimai ir kitos lėšos (tūkst.eurų) ir jų stebėsenos rodikliai
A17: Programos uždavinio, priemonės kodas ir požymis | B17: Uždavinio, priemonės pavadinimas, finansavimo šaltiniai | C17: Asignavimų valdytojo kodas | D17: Finansavimo šaltinis | E17: 2023 m. asignavimų planas | F17: Asignavimų pasikeitimas | G17: 2024 m.asignavimų poreikis | H17: 2024 m.asignavimai ir kitos lėšos, tūkst. Eur | I17: 2025 m. asignavimai ir kitos lėšos, tūkst. Eur | J17: 2026 m.asignavimai ir kitos lėšos, tūkst. Eur | K17: Savivaldybės strateginio plėtros plano priemonės kodas | L17: Trumpas priemonės įgyvendinimo aprašymas | M17: Stebėsenos rodiklio kodas | N17: Stebėsenos rodiklio pavadinimas (matavimo vnt.) | O17: Siektinos stebėsenos rodiklių reikšmės | R17: Savivaldybės strateginio plėtros plano rodiklis
O18: 2024 | P18: 2025 | Q18: 2026
A19: 01.01.01. (T) | B19: Gerinti teikiamų paslaugų kokybę, didinti jų prieinamumą ir patrauklumą, tinkamai organizuojant savivaldybės administravimo subjektams priskirtų funkcijų įgyvendinimą | D19: Iš viso: | E19: =SUM(E23,E29,E31,E33,) -> 3181.359 | F19: =H19/E19-1 -> 0.20615121 | G19: =SUM(G23,G29,G31,G33,) -> 3611.437 | H19: =SUM(H23,H29,H31,H33,) -> 3837.2 | I19: =SUM(I23,I29,I31,I33,) -> 4017 | J19: =SUM(J23,J29,J31,J33,) -> 4068.5 | K19: 2.8.-1 | M19: E-01-01-01 | N19: Gyventojų, per paskutinius 12 mėnesių dalyvavusių sprendžiant viešuosius vietos reikalus, dalis proc. | O19: 30 | P19: 40 | Q19: 50 | R19: Gyventojų, per paskutinius 12 mėnesių dalyvavusių sprendžiant viešuosius vietos reikalus, dalis proc.
A20: 01.01.01.01 (TP) | B20: Savivaldybės institucijų funkcijų įgyvendinimas | C20: 188711925 | D20: SB | E20: =E25+E26 -> 2778.6 | F20: =H20/E20-1 -> 0.19622832 | G20: =SUM(G24:G26) -> 3075.995 | H20: =SUM(H24:H26) -> 3323.84 | I20: 3500 | J20: 3550 | K20: 2.8.-1-1 | L20: Įgyvendinant šią priemonę planuojama užtikrinti, Visagino savivaldybės merui, administracijai bei Visagino savivaldybės tarybai priskirtų funkcijų įgyvendinimą. | M20: R-01-01-01-01 | N20: Savivaldybės administracinių paslaugų, teikiamų elektroniniu būdu ne žemesniu kaip 4 brandos lygiu, dalis nuo visų savivaldybės teikiamų administracinių paslaugų (proc.) | O20: 30 | P20: 40 | Q20: 40 | R20: Savivaldybės administracinių paslaugų, teikiamų elektroniniu būdu ne žemesniu kaip 4 brandos lygiu, dalis nuo visų savivaldybės teikiamų administracinių paslaugų (proc.) | S20: pasikeitė pavadinimas
D21: ĮP | E21: 12.269 | F21: =H21/E21-1 -> 0.41005787 | G21: =SUM(G27) -> 15.45 | H21: 17.3 | I21: 18 | J21: 18.5
D22: VB
D23: Iš viso: | E23: =SUM(E20:E22) -> 2790.869 | F23: =H23/E23-1 -> 0.19716834 | G23: =SUM(G20:G22) -> 3091.445 | H23: =SUM(H20:H22) -> 3341.14 | I23: =SUM(I20:I22) -> 3518 | J23: =SUM(J20:J22) -> 3568.5
B24: Mero ir politinio pasitikėjimo valstybės tarnautojai | D24: SB | E24: 0 | G24: 339.725 | H24: 374.45 | I24: 0 | J24: 0
B25: Savivaldybės tarybos darbo organizavimas | D25: SB | E25: 210.07 | F25: =(H25-E25)/E25 -> -1 | G25: 0 | H25: 0 | I25: 0 | J25: 0
B26: Savivaldybės administracijos veiklos organizavimas | D26: SB | E26: 2568.53 | F26: =(H26-E26)/E26 -> 0.14827937 | G26: 2736.27 | H26: 2949.39 | I26: 2698.81 | J26: 2698.81
D27: SB (ĮP) | E27: 12.269 | F27: =(H27-E27)/E27 -> 0.25927133 | G27: 15.45 | H27: 15.45 | I27: 15.45 | J27: 15.45
A28: 01.01.01.02 (TP) | B28: Tarybos narių veiklos organizavimas | C28: 188711925 | D28: SB | E28: =138+12 -> 150 | F28: =H28/E28-1 -> 1.5506 | G28: =397.316+18 -> 415.316 | H28: =364.59+18 -> 382.59 | I28: 385 | J28: 385 | K28: 2.7.-3-1 | L28: Įgyvendinant šią priemonę bus užtikrinamas Lietuvos Respublikos vietos savivaldos įstatymo 12 straipsnis, kuris numato, kad savivaldybės tarybos nariams už darbą atliekant savivaldybės tarybos nario pareigas yra atlyginama (apmokama). Taip pat įgyvendinant šią priemonę bus organizuojami Lietuvos Respublikos Prezidento, Europos Parlamento ir Seimo rinkimai. | M28: R-01-01-01-02 | N28: Įvykusių tarybos posėdžių skaičius /organizuotų rinkimų skaičius | O28: 12/3 | P28: 12/0 | Q28: 12/0 | R28: Veikiančių savivaldos institucijų skaičius
D29: Iš viso: | E29: =E28 -> 150 | F29: =(H29-E29)/E29 -> 1.5506 | G29: =G28 -> 415.316 | H29: =H28 -> 382.59 | I29: =I28 -> 385 | J29: =J28 -> 385 | N29: Priimtų teisės aktų skaičius | O29: 360 | P29: 360 | Q29: 360
A30: 01.01.01.03 (TP) | B30: Visagino savivaldybės 2023 metų konsoliduotųjų ataskaitų rinkinio, savivaldybės lėšų ir turto naudojimo, savivaldybės rinkliavų veiklos ir viešojo sektoriaus subjekto/įmonės veiklos auditai | C30: 188701436 | D30: SB | E30: 100.96 | F30: =H30/E30-1 -> 0.12391046 | G30: 104.676 | H30: 113.47 | I30: 114 | J30: 115 | K30: 2.7.-3-1 | L30: Įgyvendinant šią priemonę bus užtikrinama Lietuvos Respublikos vietos savivaldos įstatymo 67 straipsnio 3 dalis, kuri numato, kad savivaldybės taryba savivaldybės biudžete nustato savivaldybės kontrolės ir audito tarnybai skiriamų asignavimų dydį. | M30: R-01-01-01-03 | N30: Atliktų Visagino savivaldybės konsoliduotų ataskaitų rinkinio, savivaldybės biudžeto ir turto naudojimo, savivaldybės nuosavybės teise valdomo nekilnojamojo turto valdymo, naudojimo ir disponavimo juo efektyvumo auditų skaičius | O30: 4 | P30: 3 | Q30: 3
D31: Iš viso: | E31: =E30 -> 100.96 | F31: =(H31-E31)/E31 -> 0.12391046 | G31: =G30 -> 104.676 | H31: =H30 -> 113.47 | I31: =I30 -> 114 | J31: =J30 -> 115
A32: 01.01.01.04 (TP) | B32: Savivaldybės tarybos mero sekretoriato darbo organizavimas | C32: 188701436 | D32: SB | E32: 139.53 | F32: =(H32-E32)/E32 -> -1 | L32: Ši priemonė nebus įgyvendinama.
D33: Iš viso: | E33: =E32 -> 139.53 | F33: =(H33-E33)/E33 -> -1 | G33: =G32 -> 0 | H33: =H32 -> 0 | I33: =I32 -> 0 | J33: =J32 -> 0
A34: 01.01.02 (T) | B34: Užtikrinti, valstybinių (valstybės perduotų savivaldybėms) funkcijų vykdymą | E34: =SUM(E38,E48,E50,E52,E54,E56,E59,E61,E64,E66,E68,E71,E74,E76,E79,E81,E83,E86,E45) -> 491.016 | F34: =H34/E34-1 -> 0.095058002 | G34: =SUM(G38,G48,G50,G52,G54,G56,G59,G61,G64,G66,G68,G71,G74,G76,G79,G81,G83,G86,G45) -> 525.471 | H34: =SUM(H38,H48,H50,H52,H54,H56,H59,H61,H64,H66,H68,H71,H74,H76,H79,H81,H83,H86,H45) -> 537.691 | I34: =SUM(I38,I48,I50,I52,I54,I56,I59,I61,I64,I66,I68,I71,I74,I76,I79,I81,I83,I86,I45) -> 495.955 | J34: =SUM(J38,J48,J50,J52,J54,J56,J59,J61,J64,J66,J68,J71,J74,J76,J79,J81,J83,J86,J45) -> 497.455 | K34: 2.8.-1 | M34: E-01-01-02 | N34: Gyventojų, per paskutinius 12 mėnesių dalyvavusių sprendžiant viešuosius vietos reikalus, dalis proc. | O34: 30 | P34: 40 | Q34: 40 | R34: Gyventojų, per paskutinius 12 mėnesių dalyvavusių sprendžiant viešuosius vietos reikalus, dalis proc.
A35: 01.01.02.01 (TP) | B35: Valstybinės kalbos vartojimo ir taisyklingumo kontrolė | C35: Įstaigos | D35: SB (D) | E35: 20 | F35: =H35/E35-1 -> 0 | G35: =G39 -> 19.395 | H35: 20 | I35: 20 | J35: 20 | K35: 2.1.-5-3 | L35: LR Vietos savivaldos įstatymo 7 straipsnio 12 punkto įgyvendinimas. | M35: R-01-01-02-01 | N35: Atliktų įmonių ir įstaigų, interneto svetainių, spaudos leidinių ir reklamos objektų patikrinimų skaičius (vienetai | O35: 31 | P35: 32 | Q35: 33 | R35: Įgyvendintų priemonių skaičius proc., nuo visų suplanuotų įgyvendinti
D36: SB | E36: 22.96 | F36: =H36/E36-1 -> 0.24172474 | G36: =G40+G41 -> 27.315 | H36: =H40 -> 28.51 | I36: 29 | J36: 29
D37: SB (ĮP) | E37: 0.626 | F37: =H37/E37-1 -> -1 | G37: =G42 -> 0 | H37: =H42 -> 0 | I37: =I42 -> 0 | J37: =J42 -> 0 | N37: Parengtų ir savivaldybės interneto svetainėje paskelbtų atmintinių ir rekomendacijų skaičius (vienetai) | O37: 6 | P37: 6 | Q37: 6
D38: Iš viso: | E38: =SUM(E35:E37) -> 43.586 | F38: =(H38-E38)/E38 -> 0.11297206 | G38: =SUM(G35:G37) -> 46.71 | H38: =SUM(H35:H37) -> 48.51 | I38: =SUM(I35:I37) -> 49 | J38: =SUM(J35:J37) -> 49
B39: Visagino savivaldybės administracija | C39: 188711925 | D39: SB (D) | G39: 19.395 | H39: 0 | I39: 0 | J39: 0
D40: SB | G40: 27.315 | H40: 28.51 | I40: 0 | J40: 0
B41: Visagino „Verdenės“ gimnazija (Valstybinės kalbos testavimas) | C41: 190243519 | D41: SB
D42: SB (ĮP)
A43: 01.01.02.02. (TP) | B43: Civilinės būklės aktų registravimas | C43: 188711925 | D43: SB (D) | E43: 25.3 | F43: =(H43-E43)/E43 -> 0.019762846 | G43: 25.17 | H43: 25.8 | I43: 25.8 | J43: 25.8 | K43: 2.8.-1-1 | L43: Lietuvos Respublikos vietos savivaldos įstatymo 7 straipsnio 1 punkto įgyvendinimo užtikrinimas. | M43: R-01-01-02-02 | N43: Elektroniniu būdu pateiktų dokumentų dalis nuo visų gautų dokumentų dėl civilinės būklės aktų registravimo ir kitų su tuo susijusių paslaugų teikimo skaičiaus, proc | O43: 66 | P43: 68 | Q43: 67 | R43: Savivaldybės administracinių paslaugų, teikiamų elektroniniu būdu ne žemesniu kaip 4 brandos lygiu, dalis nuo visų savivaldybės teikiamų administracinių paslaugų (proc.)
D44: SB | E44: 38.07 | F44: =(H44-E44)/E44 -> 0.09929078 | G44: 49.565 | H44: 41.85 | I44: 0 | J44: 0
D45: Iš viso: | E45: =SUM(E43:E44) -> 63.37 | F45: =(H45-E45)/E45 -> 0.067539845 | G45: =SUM(G43:G44) -> 74.735 | H45: =SUM(H43:H44) -> 67.65 | I45: =SUM(I43:I44) -> 25.8 | J45: =SUM(J43:J44) -> 25.8
A46: 01.01.02.03. (TP) | B46: Socialinių išmokų ir kompensacijų administravimas | C46: 188711925 | D46: SB (D) | E46: 4.42 | F46: =(H46-E46)/E46 -> 0.11425339 | G46: 3.98 | H46: 4.925 | I46: 4.925 | J46: 4.925 | L46: Lietuvos Respublikos vietos savivaldos įstatymo 7 straipsnio 8 punkto įgyvendinimo užtikrinimas | M46: R-01-01-02-03 | N46: Panaudota dotacijos dalis, nuo visų socialinių išmokų ir kompensacijų administravimui numatytų lėšų, procentai | O46: 100 | P46: 100 | Q46: 100
D47: SB | E47: 188.15 | F47: =(H47-E47)/E47 -> 0.12017008 | G47: 209.415 | H47: 210.76 | I47: 211 | J47: 212
D48: Iš viso: | E48: =SUM(E46:E47) -> 192.57 | F48: =(H48-E48)/E48 -> 0.12003427 | G48: =G46+G47 -> 213.395 | H48: =H46+H47 -> 215.685 | I48: =I46+I47 -> 215.925 | J48: =J46+J47 -> 216.925
A49: 01.01.02.04. (TP) | B49: Jaunimo teisių apsauga | C49: 188711925 | D49: SB (D) | E49: 17.9 | F49: =(H49-E49)/E49 -> 0.044692737 | G49: 25.466 | H49: 18.7 | I49: 18.7 | J49: 18.7 | K49: 2.6-2-1 | L49: Lietuvos Respublikos vietos savivaldos įstatymo 7 straipsnio 19 punkto įgyvendinimas. | M49: R-01-01-02-04 | N49: Jaunimo reikalų koordinatoriams savivaldybėse rekomenduotų atlikti užduočių įgyvendinimas (ne mažiau, kaip), procentai | O49: 75 | P49: 75 | Q49: 80 | R49: Jaunimo politikos formavimo, skatinimo ir įgyvendinimo temomis atliktų analizių skaičius (vnt.)
D50: Iš viso: | E50: =E49 -> 17.9 | F50: =(H50-E50)/E50 -> 0.044692737 | G50: =G49 -> 25.466 | H50: =H49 -> 18.7 | I50: =I49 -> 18.7 | J50: =J49 -> 18.7 | R50: Dalyvaujama tarptautiniuose ir nacionaliniuose renginiuose su jaunimu ir / ar jaunimo organizacijomis
A51: 01.01.02.05. (TP) | B51: Gyvenamosios vietos deklaravimo duomenų ir gyvenamosios vietos nedeklaravusių asmenų apskaitos duomenų tvarkymas | C51: 188711925 | D51: SB (D) | E51: 2.2 | F51: =(H51-E51)/E51 -> 0 | G51: 2.53 | H51: 2.2 | I51: 2.2 | J51: 2.2 | K51: 2.8.-1-1 | L51: Lietuvos Respublikos vietos savivaldos įstatymo 7 straipsnio 28 punkto nuostatų įgyvendinimas. | M51: R-01-01-02-05 | N51: Gyvenamosios vietos deklaracijų, asmenų pateiktų elektroniniu būdu, dalies didėjimas per metus, ne mažiau kaip 1,5 proc | O51: 30 | P51: 30 | Q51: 30 | R51: Savivaldybės administracinių paslaugų, teikiamų elektroniniu būdu ne žemesniu kaip 4 brandos lygiu, dalis nuo visų savivaldybės teikiamų administracinių paslaugų (proc.)
D52: Iš viso: | E52: =E51 -> 2.2 | F52: =(H52-E52)/E52 -> 0 | G52: =G51 -> 2.53 | H52: =H51 -> 2.2 | I52: =I51 -> 2.2 | J52: =J51 -> 2.2
A53: 01.01.02.06. (TP) | B53: Gyventojų registro tvarkymas ir duomenų teikimas valstybės registrui | C53: 188711925 | D53: SB (D) | E53: 0.4 | F53: =(H53-E53)/E53 -> 0 | G53: 0.4 | H53: 0.4 | I53: 0.4 | J53: 0.4 | L53: Lietuvos Respublikos vietos savivaldos įstatymo 7 straipsnio 28 punkto įgyvendinimo užtikrinimas. | M53: R-01-01-02-06 | N53: Archyvinių civilinės būklės aktų įrašų, gautų iš civilinės metrikacijos įstaigų, duomenų tvarkymas, vnt. | O53: 565 | P53: 627 | Q53: 628
D54: Iš viso: | E54: =E53 -> 0.4 | F54: =(H54-E54)/E54 -> 0 | G54: =G53 -> 0.4 | H54: =H53 -> 0.4 | I54: =I53 -> 0.4 | J54: =J53 -> 0.4
A55: 01.01.02.07. (TP) | B55: Duomenų teikimas Suteiktos valstybės pagalbos ir nereikšmingos pagalbos registrui | C55: 188711925 | D55: SB (D) | E55: 0.1 | F55: =(H55-E55)/E55 -> 0 | G55: 0.1 | H55: 0.1 | I55: 0.1 | J55: 0.1 | L55: Lietuvos Respublikos vietos savivaldos įstatymo 7 straipsnio 2 punkto įgyvendinimo užtikrinimas. | M55: R-01-01-02-07 | N55: Pateikta duomenų Suteiktos valstybės pagalbos registrui (proc. registre įregistruotos valstybės ir nereikšmingos pagalbos nuo visos suteiktos valstybės ir nereikšmingos pagalbos) | O55: 100 | P55: 100 | Q55: 100
D56: Iš viso: | E56: =E55 -> 0.1 | F56: =(H56-E56)/E56 -> 0 | G56: =G55 -> 0.1 | H56: =H55 -> 0.1 | I56: =I55 -> 0.1 | J56: =J55 -> 0.1
A57: 01.01.02.09. (TP) | B57: Socialinės paramos mokiniams administravimas | C57: 188711925 | D57: SB (D) | E57: 16.39 | F57: =(H57-E57)/E57 -> 0.076266016 | G57: 16.55 | H57: 17.64 | I57: 17.64 | J57: 17.64 | L57: Lietuvos Respublikos vietos savivaldos įstatymo 7 straipsnio 7 punkto įgyvendinimo užtikrinimas. | M57: R-01-01-02-08 | N57: Panaudota dotacijos dalis, nuo visų socialinės paramos mokiniams administravimui numatytų lėšų procentais | O57: 100 | P57: 100 | Q57: 100
D58: SB
D59: Iš viso: | E59: =E57 -> 16.39 | F59: =(H59-E59)/E59 -> 0.076266016 | G59: =G57+G58 -> 16.55 | H59: =H57+H58 -> 17.64 | I59: =I57+I58 -> 17.64 | J59: =J57+J58 -> 17.64
A60: 01.01.02.10. (TP) | B60: Socialinėms paslaugoms (socialinei globai asmenims su sunkia negalia) administruoti | C60: 188711925 | D60: SB (D) | E60: 13.1 | F60: =(H60-E60)/E60 -> 1.170229 | G60: 20.36 | H60: 28.43 | I60: 28.43 | J60: 28.43 | L60: Lietuvos Respublikos vietos savivaldos įstatymo 7 straipsnio 29 punkto įgyvendinimo užtikrinimas. | M60: R-01-01-02-10 | N60: Panaudota dotacijos dalis, nuo visų socialinės paramos administravimui (socialinei globai asmenims su sunkia negalia) numatytų lėšų procentais | O60: 100 | P60: 100 | Q60: 100
D61: Iš viso: | E61: =E60 -> 13.1 | F61: =(H61-E61)/E61 -> 1.170229 | G61: =G60 -> 20.36 | H61: =H60 -> 28.43 | I61: =I60 -> 28.43 | J61: =J60 -> 28.43
A62: 01.01.02.11. (TP) | B62: Pirminė teisinė pagalba | C62: 188711925 | D62: SB (D) | E62: 13.6 | F62: =(H62-E62)/E62 -> 0.17647059 | G62: 14.835 | H62: 16 | I62: 16 | J62: 16 | L62: Lietuvos Respublikos vietos savivaldos įstatymo 7 straipsnio 27 punkto įgyvendinimo užtikrinimas. | M62: R-01-01-02-11 | N62: Savivaldybės pirminės valstybės garantuojamos teisinės pagalbos specialistų netiksliai (netinkamai) užpildytų prašymų suteikti antrinę valstybės garantuojamą teisinę pagalbą skaičius nuo savivaldybės parengtų prašymų suteikti antrinę valstybės garantuojamą teisinę pagalbą skaičiaus proc | O62: 4,7 | P62: 4,6 | Q62: 4,5
D63: SB | E63: 0.68 | F63: =(H63-E63)/E63 -> -0.30882353 | G63: 0.795 | H63: 0.47 | I63: 0 | J63: 0
D64: Iš viso: | E64: =SUM(E62:E63) -> 14.28 | F64: =(H64-E64)/E64 -> 0.15336134 | G64: =G62+G63 -> 15.63 | H64: =H62+H63 -> 16.47 | I64: =I62+I63 -> 16 | J64: =J62+J63 -> 16
A65: 01.01.02.12. (TP) | B65: Būsto nuomos ir išperkamosios būsto nuomos mokesčių dalies kompensacijų administravimas | C65: 188711925 | D65: SB (D) | E65: 0.46 | F65: =(H65-E65)/E65 -> -0.52173913 | G65: 0.46 | H65: 0.22 | I65: 0.22 | J65: 0.22 | L65: Lietuvos Respublikos vietos savivaldos įstatymo 7 straipsnio 36 punkto įgyvendinimo užtikrinimas. | M65: R-01-01-02-12 | N65: Panaudota dotacijos dalis, nuo visų būsto nuomos ir išperkamosios būsto nuomos mokesčių dalies kompensacijų administravimui numatytų lėšų procentais | O65: 100 | P65: 100 | Q65: 100
D66: Iš viso: | E66: =E65 -> 0.46 | F66: =(H66-E66)/E66 -> -0.52173913 | G66: =G65 -> 0.46 | H66: =H65 -> 0.22 | I66: =I65 -> 0.22 | J66: =J65 -> 0.22
A67: 01.01.02.13. (TP) | B67: Dalyvauti rengiant ir vykdant mobilizaciją, demobilizaciją, priimančiosios šalies paramą | C67: 188711925 | D67: SB (D) | E67: 15.3 | F67: =(H67-E67)/E67 -> -0.52287582 | G67: 16.025 | H67: 7.3 | I67: 7.3 | J67: 7.3 | K67: 2.8.-2-8 | L67: Lietuvos Respublikos vietos savivaldos įstatymo 7 straipsnio 3 punkto įgyvendinimo užtikrinimas. | M67: R-01-01-02-13 | N67: Įgyvendintų savivaldybėms teisės aktuose nustatytų priemonių, vykdant savivaldybėms perduotą valstybinę funkciją ,,Dalyvavimas rengiant ir vykdant mobilizaciją, demobilizaciją, priimančiosios šalies paramą“, procentas, palyginti su visu teisės aktuose nustatytų priemonių skaičiumi | O67: 100 | P67: 100 | Q67: 100 | R67: Įgyvendintų priemonių skaičius
D68: Iš viso: | E68: =E67 -> 15.3 | F68: =(H68-E68)/E68 -> -0.52287582 | G68: =G67 -> 16.025 | H68: =H67 -> 7.3 | I68: =I67 -> 7.3 | J68: =J67 -> 7.3
A69: 01.01.02.14. (TP) | B69: Civilinės saugos administravimas, iš jų pasirengimas Astravo atominės elektrinės branduolinei avarijai | C69: 188711925 | D69: SB (D) | E69: 48.8 | F69: =(H69-E69)/E69 -> -0.19057377 | G69: 38.07 | H69: 39.5 | I69: 39.5 | J69: 39.5 | L69: Lietuvos Respublikos vietos savivaldos įstatymo 7 straipsnio 3 punkto įgyvendinimas. | M69: P-01-01-02-14 | N69: Savivaldybės pasirengimo reaguoti į ekstremalias situacijas lygis, ne žemesnis kaip, proc. | O69: 86 | P69: 87 | Q69: 87
E70: 12 | F70: =(H70-E70)/E70 -> -1
D71: Iš viso: | E71: =E69 -> 48.8 | F71: =(H71-E71)/E71 -> -0.19057377 | G71: =G69+G70 -> 38.07 | H71: =H69+H70 -> 39.5 | I71: =I69+I70 -> 39.5 | J71: =J69+J70 -> 39.5 | N71: Valstybės institucijų ir savivaldybių pasirengimo galimai radiologinei ar branduolinei avarijai Baltarusijos atominėje elektrinėje priemonių plane numatytų priemonių, pagal kompetenciją įgyvendintų savivaldybėje, per nustatytus terminus, dalis, ne mažiau kaip, proc | O71: 100 | P71: 100 | Q71: 100
A72: 01.01.02.15. (TP) | B72: Visagino savivaldybės užimtumo didinimo programos administravimas | C72: 188711925 | D72: SB (D) | E72: 3.25 | F72: =(H72-E72)/E72 -> 0.058461538 | G72: 4.08 | H72: 3.44 | I72: 3.44 | J72: 3.44 | K72: 2.8.-1-1 | L72: Lietuvos Respublikos vietos savivaldos įstatymo 7 straipsnio 16 punkto įgyvendinimo užtikrinimas. | M72: R-01-01-02-15 | N72: Panaudota dotacijos dalis, nuo visų Visagino savivaldybės užimtumo didinimo programos administravimui numatytų lėšų, procentai | O72: 100 | P72: 100 | Q72: 100 | R72: Savivaldybės administracinių paslaugų, teikiamų elektroniniu būdu ne žemesniu kaip 4 brandos lygiu, dalis nuo visų savivaldybės teikiamų administracinių paslaugų (proc.)
D73: SB
D74: Iš viso: | E74: =SUM(E72:E73) -> 3.25 | F74: =(H74-E74)/E74 -> 0.058461538 | G74: =SUM(G72:G73) -> 4.08 | H74: =SUM(H72:H73) -> 3.44 | I74: =SUM(I72:I73) -> 3.44 | J74: =SUM(J72:J73) -> 3.44
A75: 01.01.02.16. (TP) | B75: Žemės ūkio funkcijų vykdymas | C75: 188711925 | D75: SB (D) | E75: 11.2 | F75: =(H75-E75)/E75 -> -0.38392857 | G75: 7.67 | H75: 6.9 | I75: 6.9 | J75: 6.9 | L75: Lietuvos Respublikos vietos savivaldos įstatymo 7 straipsnio 20,21,22 punkto įgyvendinimo užtikrinimas. | M75: R-01-01-02-16 | N75: Užtikrinti Vietos savivaldos įstatyme numatytų 7 valstybės deleguotų žemės ūkio funkcijų vykdymą, proc. | O75: 100 | P75: 100 | Q75: 100
D76: Iš viso: | E76: =E75 -> 11.2 | F76: =(H76-E76)/E76 -> -0.38392857 | G76: =G75 -> 7.67 | H76: =H75 -> 6.9 | I76: =I75 -> 6.9 | J76: =J75 -> 6.9
A77: 01.01.02.17. (TP) | B77: Archyvinių dokumentų tvarkymas | C77: 188711925 | D77: SB (D) | E77: 10 | F77: =(H77-E77)/E77 -> 0 | G77: 9.805 | H77: 10 | I77: 10 | J77: 10 | L77: Lietuvos Respublikos vietos savivaldos įstatymo 7 straipsnio 13 punkto įgyvendinimo užtikrinimas. | M77: R-01-01-02-17 | N77: Panaudota dotacijos dalis nuo visų savivaldybei priskirtų archyvinių dokumentų tvarkymo funkcijai atlikti skirtų asignavimų dalies (procentai) | O77: 100 | P77: 100 | Q77: 100
D78: SB | E78: 0 | G78: 1.28 | H78: 0.8 | I78: 0 | J78: 0
D79: Iš viso: | E79: =SUM(E77:E78) -> 10 | F79: =(H79-E79)/E79 -> 0.08 | G79: =SUM(G77:G78) -> 11.085 | H79: =SUM(H77:H78) -> 10.8 | I79: =SUM(I77:I78) -> 10 | J79: =SUM(J77:J78) -> 10
A80: 01.01.02.18. (TP) | B80: Koordinuotai teikiamų paslaugų vaikams nuo gimimo iki 18 metų (turintiems didelių ir labai didelių specialiųjų ugdymosi poreikių – iki 21 metų) ir vaiko atstovams koordinavimas | C80: 188711925 | D80: SB (D) | E80: 27.26 | F80: =(H80-E80)/E80 -> 0.10381511 | G80: 27.755 | H80: 30.09 | I80: 31 | J80: 31.5 | L80: Lietuvos Respublikos vietos savivaldos įstatymo 7 straipsnio 35 punkto įgyvendinimas. | M80: R-01-01-02-18 | N80: Finansuotų tarpinstitucinio bendradarbiavimo koordinatorių pareigybių skaičius savivaldybėse (vienetai) | O80: 1 | P80: 1 | Q80: 1
D81: Iš viso: | E81: =E80 -> 27.26 | F81: =(H81-E81)/E81 -> 0.10381511 | G81: =G80 -> 27.755 | H81: =H80 -> 30.09 | I81: =I80 -> 31 | J81: =J80 -> 31.5
A82: 01.01.02.19. (TP) | B82: Valstybinės žemės ir kito valstybinio turto valdymas, naudojimas ir disponavimas juo patikėjimo teise | C82: 188711925 | D82: SB (D) | E82: 1.45 | F82: =(H82-E82)/E82 -> 14.136552 | G82: 1.45 | H82: 21.948 | I82: 22 | J82: 22 | L82: Lietuvos Respublikos vietos savivaldos įstatymo 7 straipsnio 20 punkto įgyvendinimo užtikrinimas. | M82: R-01-01-02-19 | N82: Nepertraukiamas valstybinės funkcijos (valstybės perduotos savivaldybėms), susijusios su savivaldybėms priskirtos valstybinės žemės ir kito valstybės turto valdymu, naudojimu ir disponavimu juo patikėjimo teise, įgyvendinimas savivaldybių teritorijoje esančių miestų ir miestelių teritorijų ribose valstybinėje žemėj, proc. | O82: 100 | P82: 100 | Q82: 100
D83: Iš viso: | E83: =E82 -> 1.45 | F83: =(H83-E83)/E83 -> 14.136552 | G83: =G82 -> 1.45 | H83: =H82 -> 21.948 | I83: =I82 -> 22 | J83: =J82 -> 22
A84: 01.01.02.20. (TP) | B84: Savivaldybės erdvinių duomenų rinkinio tvarkymo funkcijos atlikimas | C84: 188711925 | D84: SB (D) | E84: 1.4 | F84: =(H84-E84)/E84 -> 0.22 | G84: 1 | H84: 1.708 | I84: 1.4 | J84: 1.4 | L84: Lietuvos Respublikos vietos savivaldos įstatymo 7 straipsnio 34 punkto įgyvendinimo užtikrinimas. | M84: R-01-01-02-20 | N84: Suderintų į savivaldybės erdvinių duomenų rinkinį integruotų planų skaičius, vnt. | O84: Perduota Aplinkos ministerijai | P84: Perduota Aplinkos ministerijai | Q84: Perduota Aplinkos ministerijai
D85: SB | E85: 8 | F85: =(H85-E85)/E85 -> -1 | G85: 2 | H85: 0 | I85: 0 | J85: 0
D86: Iš viso: | E86: =SUM(E84:E85) -> 9.4 | F86: =(H86-E86)/E86 -> -0.81829787 | G86: =SUM(G84:G85) -> 3 | H86: =SUM(H84:H85) -> 1.708 | I86: =SUM(I84:I85) -> 1.4 | J86: =SUM(J84:J85) -> 1.4
A87: 01.01.03 (T) | B87: Užtikrinti efektyvų savivaldybei nuosavybės teise priklausančio nekilnojamojo turto naudojimą, įmonių bei įstaigų valdymą | E87: =SUM(E90,E99,E101,E103) -> 124.15 | F87: =(H87-E87)/E87 -> 0.030205397 | G87: =SUM(G90,G99,G101,G103) -> 135.2 | H87: =SUM(H90,H99,H101,H103) -> 127.9 | I87: =SUM(I90,I99,I101,I103) -> 142.9 | J87: =SUM(J90,J99,J101,J103) -> 142.9 | K87: 3.3.-2 | M87: E-01-01-03 | N87: Savivaldybės įstaigų ir įmonių, įdiegusių atsinaujinančių ir alternatyvių energijos išteklių priemones savo pastatuose, dalis (proc.) | R87: Savivaldybės įstaigų ir įmonių, įdiegusių atsinaujinančių ir alternatyvių energijos išteklių priemones savo pastatuose, dalis (proc.)
A88: 01.01.03.01. (TP) | B88: Savivaldybės nekilnojamojo turto išlaikymas ir administravimas | C88: 188711925 | D88: SB | E88: 90.95 | F88: =(H88-E88)/E88 -> 0.18416712 | G88: 100 | H88: 107.7 | I88: 107.7 | J88: 107.7 | K88: 3.3.-2-4 | L88: Įgyvendinant šią priemonę planuojama tinkamai valdyti ir administruoti savivaldybės turtą, išlaikyti savivaldybės pastatus, gyvenamąsias ir negyvenamąsias patalpasTaip pat įgyvendinant šią priemonę bus vykdoma savivaldybės administracijos patikėjimo teise valdomų statinių ir bendrojo naudojimo inžinerinių tinklų techninė priežiūra pagal statybos techninio reglamento STR 1.03.07:2017 „Statinių techninės ir naudojimo priežiūros tvarka. Naujų nekilnojamojo turto kadastro objektų formavimo tvarka“ reikalavimus bei užtikrinta Visagino savivaldybės administracijos valdomų pastatų šilumos sistemų ir šilumos punktų priežiūra bei remontas pagal Šilumos tinklų ir šilumos vartojimo įrenginių priežiūros (eksploatavimo) taisyklių reikalavimus | M88: R-01-01-03-01 | N88: Savivaldybės nekilnojamojo turto išlaikymui ir administravimui numatytų lėšų mažėjimas, proc | O88: 0,2 | P88: 0,2 | Q88: 0,2 | R88: Savivaldybės įstaigų ir įmonių pastatų, kuriuose įrengtos alternatyvios energijos gamybos priemonės, skaičius (vnt.) | S88: UAB Visagino mechanizacija auditas 600 Eur
D89: SB(ĮP)
D90: Iš viso: | E90: =E88 -> 90.95 | F90: =(H90-E90)/E90 -> 0.18416712 | G90: =G88+G89 -> 100 | H90: =H88+H89 -> 107.7 | I90: =I88+I89 -> 107.7 | J90: =J88+J89 -> 107.7
B91: Visagino mechanizacija audito paslaugoms apmokėti | H91: 0.6
B92: Apleistų pastatų komunalinių paslaugų apmokėjimui (Draugystės g. 10, Vilties g. 3, Taikos pr. 23) | H92: 28.1
B93: Apleistų buvusių gimdymo namų komunalinių paslaugų apmokėjimas (Taikos pr. 15 D) | H93: 57.58
B94: 2023-11-10 Pastatų šilumos punktų priežiūros paslaugų pirkimo-pardavimo sutartis Nr. 5-501 | H94: 18.12
B95: 2022-09-27 Pirkimo sutartis Nr.5-452 (Parko g. 14 statinio techninės priežiūros sutartis) | H95: 3.33
B96: 2023-08-21 Pirkimo sutartis Nr.5-383 (Vilties g. 3, Draugystės g. 10, Taikos per. 15D, Taikos pr. 23, statinio techninės priežiūros sutartis)
A97: 01.01.03.02. (TP) | B97: Savivaldybės administracijos patikėjimo teise valdomų statinių ir bendrojo naudojimo inžinerinių tinklų techninė priežiūra | C97: 188711925 | D97: SB | E97: 5 | L97: Ši priemonė nebus įgyvendinama 2024 m.
D98: SB (ĮP)
D99: Iš viso: | E99: =E97 -> 5 | H99: =H97+H98 -> 0 | I99: =I97+I98 -> 0 | J99: =J97+J98 -> 0
A100: 01.01.03.03. (TP) | B100: Nekilnojamojo turto kadastriniams matavimams, turto vertinimui bei teisinei registracijai atlikti | C100: 188711925 | D100: SB | E100: 28 | F100: =(H100-E100)/E100 -> -0.28571429 | G100: 35 | H100: 20 | I100: 35 | J100: 35 | K100: 1.1.-1-1 | L100: Įgyvendinant šią priemonę planuojama vykdyti įprastines nekilnojamojo turto registracijos procedūras ir turto vertinimą pagal poreikį arba siekint išnuomoti ar parduoti jį investuotojams | M100: R-01-01-03-03 | N100: Įregistruotų nekilnojamojo turto objektų savivaldybėje skaičius | O100: 20 | P100: 20 | Q100: 20 | R100: Pritrauktų investuotojų skaičius | S100: Parko g. 14 schemos padalinimas
D101: Iš viso: | E101: =E100 -> 28 | F101: =(H101-E101)/E101 -> -0.28571429 | G101: =G100 -> 35 | H101: =H100 -> 20 | I101: =I100 -> 35 | J101: =J100 -> 35
A102: 01.01.03.05. (TP) | B102: Viešojo aukciono būdu parduodamų objektų dokumentų parengimo išlaidos | C102: 188711925 | D102: SB | E102: 0.2 | F102: =(H102-E102)/E102 -> 0 | G102: 0.2 | H102: 0.2 | I102: 0.2 | J102: 0.2 | L102: Įgyvendinant priemonę planuojama viešame aukcione parduoti savivaldybės nekilnojamojo turtą ir kitus nekilnojamuosius daiktus bei užtikrinti sistemos administravimo mokestį. | M102: R-01-01-03-05 | N102: Viešojo aukciono būdu parduotų objektų skaičius | O102: 1 | P102: 3 | Q102: 3
D103: Iš viso: | E103: =E102 -> 0.2 | F103: =(H103-E103)/E103 -> 0 | G103: =G102 -> 0.2 | H103: =H102 -> 0.2 | I103: =I102 -> 0.2 | J103: =J102 -> 0.2
...

Sheet 2 programa 
A1: Švietimo paslaugų plėtros programa (02)
A2: Švietimas – prioritetinė valstybės remiama Lietuvos Respublikos raidos sritis. Švietimas turi įtakos Visagino kultūrinei, socialinei ir ekonominei pažangai. Šia programa siekiama laiduoti valstybės ir Visagino savivaldybės švietimo politikos įgyvendinimą, ugdymo kokybę, išsilavinimo standartus atitinkantį išsilavinimą, vaikų socialinį ir psichologinį saugumą, skatinti ir remti besimokančiųjų užimtumą; įgyvendinti priemones, numatytas Visagino savivaldybės strateginiame plėtros plane, Lietuvos Respublikos Vyriausybės bei ministerijų teisės aktuose.
A3: =A15 -> 02.01.01. (T) | B3: =B15 -> Sudaryti sąlygas ugdyti vaikus ikimokyklinėse, bendrojo lavinimosi ir neformalaus švietimo įstaigose pagal patvirtintas ugdymo programas, teikti pedagoginę, psichologinę, metodinę, aprūpinimo transportu ir kitą pagalbą mokiniams, mokytojams ir mokykloms
A4: =A151 -> 02.01.02. (T) | B4: =B151 -> Organizuoti renginius, turinčius įtakos ugdymo proceso kokybei, skirtus tęstiniam mokymuisi
A5: =A194 -> 02.01.03. (T) | B5: =B194 -> Sukurti įtraukias, tinklaveiką ir socialines inovacijas skatinančias, kiekvieno mokinio geresnius pasiekimus lemiančias ir šiuolaikiškas kokybiško ugdymo(si) sąlygas
A6: =A215 -> 02.02.01. (T) | B6: =B215 -> Didinti vaikų ir jaunimo socioedukacinių veiklų, socialiai prasmingo užimtumo, profesinio mokymo saviraiškos bei švietimo pagalbos įvairovę ir prieinamumą
A9: Programos įgyvendinimo laikotarpis 2024-2026 m.
A10: Programos įgyvendinimo koordinatorė Žana Miltina, zana.miltina@visaginas.lt, tel. 8 (386) 36 006
A12: 4 lentelė.Švietimo paslaugų plėtros programos (02) uždaviniai, priemonės, asignavimai ir kitos lėšos (tūkst.eurų) ir jų stebėsenos rodikliai
A13: Programos uždavinio, priemonės kodas ir požymis | B13: Uždavinio, priemonės pavadinimas, finansavimo šaltiniai | C13: Asignavimų valdytojo kodas | D13: Finansavimo šaltinis | E13: 2023 m. asignavimų planas | F13: Asignavimų pasikeitimas | G13: 2024 m. asignavimų poreikis | H13: 2024 m. asignavimai ir kitos lėšos, tūkst. Eur | I13: 2025 m. asignavimai ir kitos lėšos, tūkst. Eur | J13: 2026 m.asignavimai ir kitos lėšos, tūkst. Eur | K13: Savivaldybės strateginio plėtros plano priemonės kodas | L13: Trumpas priemonės įgyvendinimo aprašymas | N13: Stebėsenos rodiklio kodas | O13: Stebėsenos rodiklio pavadinimas (matavimo vnt.) | P13: Siektinos stebėsenos rodiklių reikšmės | S13: Savivaldybės strateginio plėtros plano rodiklis
P14: 2024 | Q14: 2025 | R14: 2026
A15: 02.01.01. (T) | B15: Sudaryti sąlygas ugdyti vaikus ikimokyklinėse, bendrojo lavinimosi ir neformalaus švietimo įstaigose pagal patvirtintas ugdymo programas, teikti pedagoginę, psichologinę, metodinę, aprūpinimo transportu ir kitą pagalbą mokiniams, mokytojams ir mokykloms | E15: =SUM(E20,E75) -> 14896.322 | F15: =(H15-E15)/E15 -> 0.030233839 | G15: =SUM(G20,G75) -> 14280.704 | H15: =SUM(H20,H75) -> 15346.695 | I15: =SUM(I20,I75) -> 15362.47 | J15: =SUM(J20,J75) -> 15394.57 | K15: 2.1.-1 | N15: E-02-01-01 | O15: Visagino savivaldybės švietimo stebėsenos rodiklių sąraše, patvirtintame 2022-03-14 Visagino savivaldybės administarcijos direktoriaus įsakymu Nr. ĮV-E- 123 "Dėl Visagino savivaldybės švietimo stebėsenos rodiklių sąrašo patvirtinimo" įgyvendintų rodiklių skaičius | P15: 34 | Q15: 34 | R15: 34 | S15: Parengtų planų skaičius (vnt.) Įgyvendintų priemonių skaičius proc., nuo visų suplanuotų įgyvendinti
A16: 02.01.01.01. (TP) | B16: Švietimo įstaigų veiklos organizavimas | C16: Įstaigos | D16: SB | E16: =SUM(E21,E25,E29,E33,E37,E41,E45,E49,E53,E58,E62,E66) -> 5936.51 | F16: =H16/E16-1 -> -0.13735006 | G16: =SUM(G21,G25,G29,G33,G37,G41,G45,G49,G53,G58,G62,G66) -> 4657.003 | H16: =SUM(H21,H25,H29,H33,H37,H41,H45,H49,H53,H58,H62,H66) -> 5121.13 | I16: =SUM(I21,I25,I29,I33,I37,I41,I45,I49,I53,I58,I62,I66) -> 5128 | J16: =SUM(J21,J25,J29,J33,J37,J41,J45,J49,J53,J58,J62,J66) -> 5140 | K16: 2.1.-5-3 | L16: Lopšelio-darželio „Auksinis gaidelis“, vaikų lopšelių-darželių „Auksinis raktelis“, „Ąžuoliukas“, „Gintarėlis“, „Kūlverstukas“, „Verdenės“ gimnazijos, „Žiburio“ pagrindinės mokyklos, „Atgimimo“ gimnazijos, Draugystės ir „Gerosios vilties“ progimnazijų, Visagino kūrybos ir menų akademijos, Švietimo pagalbos tarnybos veiklos organizavimas ir paslaugų užtikrinimas. Priemonės įgyvendinimui stebėti stebėsenos rodikliai, patvirtinti Visagino savivaldybės švietimo stebėsenos rodiklių sąraše, patvirtintame 2022-03-14 Visagino savivaldybės administarcijos direktoriaus įsakymu Nr. ĮV-E- 123 "Dėl Visagino savivaldybės švietimo stebėsenos rodiklių sąrašo patvirtinimo" | N16: R-02-01-01-01 | O16: Įstaigų, kurioms užtikrinamas veiklos finansavimas skaičius | P16: 12 | Q16: 12 | R16: 12
D17: SB (ĮP) | E17: =SUM(E22,E26,E30,E34,E38,E42,E46,E50,E54,E59,E63,E67) -> 774.452 | F17: =H17/E17-1 -> 0.064435239 | G17: =SUM(G22,G26,G30,G34,G38,G42,G46,G50,G54,G59,G63,G67) -> 804.845 | H17: =SUM(H22,H26,H30,H34,H38,H42,H46,H50,H54,H59,H63,H67) -> 824.354 | I17: =SUM(I22,I26,I30,I34,I38,I42,I46,I50,I54,I59,I63,I67) -> 830.5 | J17: =SUM(J22,J26,J30,J34,J38,J42,J46,J50,J54,J59,J63,J67) -> 842.5
D18: SD | E18: =SUM(E23,E27,E31,E35,E39,E43,E47,E51,E55,E60,E64,E68) -> 35 | F18: =H18/E18-1 -> -1 | G18: =SUM(G23,G27,G31,G35,G39,G43,G47,G51,G55,G60,G64,G68) -> 36.333 | H18: 0 | I18: =SUM(I23,I27,I31,I35,I39,I43,I47,I51,I55,I60,I64,I68) -> 0 | J18: =SUM(J23,J27,J31,J35,J39,J43,J47,J51,J55,J60,J64,J68) -> 0
D19: KT | G19: =G68 -> 0.333 | H19: =H68 -> 0.333 | I19: =I68 -> 0 | J19: =J68 -> 0
D20: Iš viso | E20: =SUM(E16:E19) -> 6745.962 | F20: =H20/E20-1 -> -0.11861096 | G20: =SUM(G16:G19) -> 5498.514 | H20: =SUM(H16:H19) -> 5945.817 | I20: =SUM(I16:I19) -> 5958.5 | J20: =SUM(J16:J19) -> 5982.5
B21: Vaikų lopšelio-darželio „Auksinis gaidelis“ | C21: 190230641 | D21: SB | E21: 482.56 | G21: 401.175 | H21: 506.28 | I21: 507 | J21: 508
D22: SB (ĮP) | E22: =92.3+0.865 -> 93.165 | G22: 81.6 | H22: 98.4 | I22: 99 | J22: 100
D23: KT
D24: Iš viso | E24: =SUM(E21:E23) -> 575.725 | G24: =SUM(G21:G23) -> 482.775 | H24: =SUM(H21:H23) -> 604.68 | I24: =SUM(I21:I23) -> 606 | J24: =SUM(J21:J23) -> 608
B25: Vaikų lopšelio-darželio „Auksinis raktelis“ | C25: 190230443 | D25: SB | E25: 508.43 | G25: 412.685 | H25: 576.08 | I25: 577 | J25: 578
D26: SB (ĮP) | E26: =122.2+7.272 -> 129.472 | G26: 133 | H26: =125.9+9.647 -> 135.547 | I26: 136 | J26: 137
D27: KT
D28: Iš viso | E28: =SUM(E25:E27) -> 637.902 | G28: =SUM(G25:G27) -> 545.685 | H28: =SUM(H25:H27) -> 711.627 | I28: =SUM(I25:I27) -> 713 | J28: =SUM(J25:J27) -> 715
B29: Vaikų lopšelio-darželio „Ąžuoliukas“ | C29: 190231730 | D29: SB | E29: 447.77 | G29: 349.54 | H29: 487.73 | I29: 488 | J29: 489
D30: SB (ĮP) | E30: =96.7+2.28 -> 98.98 | G30: 102.69 | H30: 104 | I30: 105 | J30: 106
D31: KT
D32: Iš viso | E32: =SUM(E29:E31) -> 546.75 | G32: =SUM(G29:G31) -> 452.23 | H32: =SUM(H29:H31) -> 591.73 | I32: =SUM(I29:I31) -> 593 | J32: =SUM(J29:J31) -> 595
B33: Vaikų lopšelio-darželio „Gintarėlis“ | C33: 190231011 | D33: SB | E33: 447.55 | G33: 337.88 | H33: 469.53 | I33: 470 | J33: 471
D34: SB (ĮP) | E34: 87.33 | G34: 94.49 | H34: =94.3+2.476 -> 96.776 | I34: 97 | J34: 98
D35: KT
D36: Iš viso | E36: =SUM(E33:E35) -> 534.88 | G36: =SUM(G33:G35) -> 432.37 | H36: =SUM(H33:H35) -> 566.306 | I36: =SUM(I33:I35) -> 567 | J36: =SUM(J33:J35) -> 569
B37: Vaikų lopšelio-darželio „Kūlverstukas“ | C37: 190230258 | D37: SB | E37: 323.6 | G37: 268.33 | H37: 351.52 | I37: 352 | J37: 353
D38: SB (ĮP) | E38: =45.5+0.153 -> 45.653 | G38: 46.5 | H38: 41.7 | I38: 42 | J38: 43
D39: KT
D40: Iš viso | E40: =SUM(E37:E39) -> 369.253 | G40: =SUM(G37:G39) -> 314.83 | H40: =SUM(H37:H39) -> 393.22 | I40: =SUM(I37:I39) -> 394 | J40: =SUM(J37:J39) -> 396
B41: "Atgimimo" gimnazijos | C41: 190243280 | D41: SB | E41: 353.8 | G41: 378.33 | H41: 380.02 | I41: 381 | J41: 382
D42: SB (ĮP) | E42: 33.7 | G42: 40.59 | H42: =37.6+0.585 -> 38.185 | I42: 39 | J42: 40
D43: KT
D44: Iš viso | E44: =SUM(E41:E43) -> 387.5 | G44: =SUM(G41:G43) -> 418.92 | H44: =SUM(H41:H43) -> 418.205 | I44: =SUM(I41:I43) -> 420 | J44: =SUM(J41:J43) -> 422
B45: Draugystės progimnazijos | C45: 300135691 | D45: SB | E45: 410 | G45: 433.351 | H45: 448.25 | I45: 449 | J45: 450
D46: SB (ĮP) | E46: =38.5+0.829 -> 39.329 | G46: 59.03 | H46: 40.5 | I46: 41 | J46: 42
D47: KT
D48: Iš viso | E48: =SUM(E45:E47) -> 449.329 | G48: =SUM(G45:G47) -> 492.381 | H48: =SUM(H45:H47) -> 488.75 | I48: =SUM(I45:I47) -> 490 | J48: =SUM(J45:J47) -> 492
B49: "Gerosios vilties" progimnazijos | C49: 190243095 | D49: SB | E49: 482.66 | G49: 516.5 | H49: 518.62 | I49: 519 | J49: 520
D50: SB (ĮP) | E50: =40.7+1.42 -> 42.12 | G50: 45.7 | H50: =51+0.679 -> 51.679 | I50: 52 | J50: 53
D51: KT
D52: Iš viso | E52: =SUM(E49:E51) -> 524.78 | G52: =SUM(G49:G51) -> 562.2 | H52: =SUM(H49:H51) -> 570.299 | I52: =SUM(I49:I51) -> 571 | J52: =SUM(J49:J51) -> 573
B53: "Verdenės" gimnazijos | C53: 190243519 | D53: SB | E53: 424.35 | G53: 467.528 | H53: 459.67 | I53: 460 | J53: 461
D54: SB (ĮP) | E54: 71.103 | G54: 77.5 | H54: =76.5+0.159 -> 76.659 | I54: 77 | J54: 78
D55: SD | E55: 35 | G55: 36 | H55: 0 | I55: 0 | J55: 0
D56: KT
D57: Iš viso | E57: =SUM(E53:E56) -> 530.453 | G57: =SUM(G53:G56) -> 581.028 | H57: =SUM(H53:H56) -> 536.329 | I57: =SUM(I53:I56) -> 537 | J57: =SUM(J53:J56) -> 539
B58: "Žiburio" pagrindinės mokyklos | C58: 193170510 | D58: SB | E58: 312.13 | G58: 371.73 | H58: 342.37 | I58: 343 | J58: 344
D59: SB (ĮP) | E59: 31 | G59: 30 | H59: =30.1+0.008 -> 30.108 | I59: 31 | J59: 32
D60: KT
D61: Iš viso | E61: =SUM(E58:E60) -> 343.13 | G61: =SUM(G58:G60) -> 401.73 | H61: =SUM(H58:H60) -> 372.478 | I61: =SUM(I58:I60) -> 374 | J61: =SUM(J58:J60) -> 376
B62: Visagino kūrybos ir menų akademijos | C62: 305632124 | D62: SB | E62: 1644.63 | G62: 596.9 | H62: 464.86 | I62: 465 | J62: 466
D63: SB (ĮP) | E63: 92.5 | G63: 77.645 | H63: 87.7 | I63: 88 | J63: 89
D64: KT
D65: Iš viso | E65: =SUM(E62:E64) -> 1737.13 | G65: =SUM(G62:G64) -> 674.545 | H65: =SUM(H62:H64) -> 552.56 | I65: =SUM(I62:I64) -> 553 | J65: =SUM(J62:J64) -> 555
B66: Švietimo pagalbos tarnybos | C66: 300665693 | D66: SB | E66: 99.03 | G66: 123.054 | H66: 116.2 | I66: 117 | J66: 118
D67: SB (ĮP) | E67: 10.1 | G67: 16.1 | H67: 23.1 | I67: 23.5 | J67: 24.5
D68: KT | G68: 0.333 | H68: 0.333 | I68: 0 | J68: 0
D69: Iš viso | E69: =SUM(E66:E68) -> 109.13 | G69: =SUM(G66:G68) -> 139.487 | H69: =SUM(H66:H68) -> 139.633 | I69: =SUM(I66:I68) -> 140.5 | J69: =SUM(J66:J68) -> 142.5
A70: 02.01.01.02. (TP) | B70: Savivaldybės įstaigų ugdymo proceso užtikrinimas | C70: Įstaigos | D70: SB (MK) | E70: =SUM(E76,E82,E88,E94,E100,E106,E112,E118,E124,E130,E136,E142,E149,) -> 7901.32 | F70: =H70/E70-1 -> 0.11304693 | G70: =SUM(G76,G82,G88,G94,G100,G106,G112,G118,G124,G130,G136,G142,G149,) -> 8096.753 | H70: =SUM(H76,H82,H88,H94,H100,H106,H112,H118,H124,H130,H136,H142,H149,) -> 8794.54 | I70: =SUM(I76,I82,I88,I94,I100,I106,I112,I118,I124,I130,I136,I142,I149,) -> 8794.54 | J70: =SUM(J76,J82,J88,J94,J100,J106,J112,J118,J124,J130,J136,J142,J149,) -> 8794.54 | L70: Mokinių, besimokančių lopšelyje-darželyje „Auksinis gaidelis“, vaikų lopšeliuose-darželiuose „Auksinis raktelis“, „Ąžuoliukas“, „Gintarėlis“, „Kūlverstukas“ pagal ikimokyklinio ir priešmokyklinio ugdymo programas, „Verdenės“ gimnazijoje, „Žiburio“ pagrindinėje mokykloje, „Atgimimo“ gimnazijoje, Draugystės ir „Gerosios vilties“ progimnazijose pagal pradinio, pagrindinio ir vidurinio ugdymo programas mokymo reikmėms tenkinti, Visagino kūrybos ir menų akademijos neformaliojo vaikų bei formalųjį švietimą papildančio ugdymo programoms įgyvendinti, Švietimo pagalbos tarnybos neformaliojo suaugusiųjų švietimo programoms įgyvendinti, pedagoginei psichologinei pagalbai teikti. Priemonės įgyvendinimui stebėti stebėsenos rodikliai, patvirtinti Visagino savivaldybės švietimo stebėsenos rodiklių sąraše, patvirtintame 2022-03-14 Visagino savivaldybės administarcijos direktoriaus įsakymu Nr. ĮV-E- 123 "Dėl Visagino savivaldybės švietimo stebėsenos rodiklių sąrašo patvirtinimo" | N70: R-02-01-01-02 | O70: Įstaigų, kurioms užtikrinamas veiklos finansavimas skaičius | P70: 12 | Q70: 12 | R70: 12
D71: SB(ĮP)
D72: SB | E72: =SUM(E78,E90,E96,E102,E120,E132,E144,E84,E126,) -> 249.04 | F72: =H72/E72-1 -> 1.2650578 | G72: =SUM(G78,G90,G96,G102,G120,G132,G144,G84,G126,) -> 685.437 | H72: =SUM(H78,H90,H96,H102,H120,H132,H144,H84,H126,H114,H148) -> 564.09 | I72: =SUM(I78,I90,I96,I102,I120,I132,I144,I84,I126,I114,I148) -> 570.43 | J72: =SUM(J78,J90,J96,J102,J120,J132,J144,J84,J126,J114,J148) -> 578.53
D73: SD | H73: =SUM(H79,H85,H91,H97,H103,H109,H115,H121,H127,H133,H139,H145,) -> 42.248 | I73: =I127 -> 39 | J73: =J127 -> 39
D74: Kt.
D75: Iš viso | E75: =SUM(E70:E74) -> 8150.36 | F75: =H75/E75-1 -> 0.15343101 | G75: =SUM(G70:G74) -> 8782.19 | H75: =SUM(H70:H74) -> 9400.878 | I75: =SUM(I70:I74) -> 9403.97 | J75: =SUM(J70:J74) -> 9412.07
B76: Vaikų lopšelio-darželio „Auksinis gaidelis“ | C76: 190230641 | D76: SB (MK) | E76: 534.775 | G76: 451.24 | H76: 534 | I76: 534 | J76: 534
D77: SB(ĮP)
D78: SB | E78: 18 | G78: 163.065 | H78: =43.14 -> 43.14 | I78: 44 | J78: 45
D79: SD
D80: Kt.
D81: Iš viso | E81: =SUM(E76:E80) -> 552.775
B82: Vaikų lopšelio-darželio „Auksinis raktelis“ | C82: 190230443 | D82: SB (MK) | E82: 550.885 | G82: 525.091 | H82: 599.435 | I82: 599.435 | J82: 599.435
D83: SB(ĮP)
D84: SB | E84: 9.73 | G84: 137.452 | H84: =38.14 -> 38.14 | I84: 38.5 | J84: 38.6
D85: SD
D86: Kt.
D87: Iš viso | E87: =SUM(E82:E86) -> 560.615 | G87: =SUM(G82:G86) -> 662.543 | H87: =SUM(H82:H86) -> 637.575 | I87: =SUM(I82:I86) -> 637.935 | J87: =SUM(J82:J86) -> 638.035
B88: Vaikų lopšelio-darželio „Ąžuoliukas“ | C88: 190231730 | D88: SB (MK) | E88: 419.015 | G88: 454.89 | H88: 483.965 | I88: 483.965 | J88: 483.965
D89: SB(ĮP)
D90: SB | E90: 10.03 | G90: 97.53 | H90: =48.86 -> 48.86 | I90: 50 | J90: 51
D91: SD
D92: Kt.
D93: Iš viso | E93: =SUM(E88:E92) -> 429.045 | G93: =SUM(G88:G92) -> 552.42 | H93: =SUM(H88:H92) -> 532.825 | I93: =SUM(I88:I92) -> 533.965 | J93: =SUM(J88:J92) -> 534.965
B94: Vaikų lopšelio-darželio „Gintarėlis“ | C94: 190231011 | D94: SB (MK) | E94: 448.51 | G94: 387.823 | H94: 459.175 | I94: 459.175 | J94: 459.175
D95: SB(ĮP)
D96: SB | E96: 15.02 | G96: 153.61 | H96: =85.52 -> 85.52 | I96: 86 | J96: 87
D97: SD
D98: Kt.
D99: Iš viso | E99: =SUM(E94:E98) -> 463.53 | G99: =SUM(G94:G98) -> 541.433 | H99: =SUM(H94:H98) -> 544.695 | I99: =SUM(I94:I98) -> 545.175 | J99: =SUM(J94:J98) -> 546.175
B100: Vaikų lopšelio-darželio „Kūlverstukas“ | C100: 190230258 | D100: SB (MK) | E100: 299.5 | G100: 284.34 | H100: 316.97 | I100: 316.97 | J100: 316.97
D101: SB(ĮP)
D102: SB | E102: 22.72 | G102: 110.865 | H102: =57.32 -> 57.32 | I102: 58 | J102: 59
D103: SD | H103: 3.248
...

Sheet ĮV-E-123 stebėsenos rodikliai
A2: Visagino savivaldybės švietimo stebėsenos rodiklių sąrašas, patvirtintas 2022-03-14 Visagino savivaldybės administarcijos direktoriaus įsakymu Nr. ĮV-E- 123 "Dėl Visagino savivaldybės švietimo stebėsenos rodiklių sąrašo patvirtinimo"
A4: Eil. Nr. | B4: Rodiklio pavadinimas | C4: Duomenų teikimo data | D4: Rodiklio reikšmė 2023m. | E4: 2024 | F4: 2025 | G4: 2026 | H4: Duomenų šaltinis
A5: 1. | B5: Demografiniai rodikliai
A6: 1.1. | B6: Gimimų skaičius Visagino savivaldybėje (skaičiuojant tik gimusius Lietuvoje) | C6: Sausio 1 d. | D6: 118 (2024-01-02 duomenimis) | E6: 115 | F6: 115 | G6: 115 | H6: LR statistikos departamento Oficialiosios statistikos portalas
A7: 2. | B7: Socialiniai rodikliai
A8: 2.1. | B8: Socialinės rizikos šeimų, auginančių vaikus, skaičius | C8: Spalio 1 d. | D8: 115 | E8: 112 | F8: 110 | G8: 110 | H8: Socialinės paramos skyrius
A9: 2.2. | B9: Vaikų, augančių socialinės rizikos šeimose, skaičius | C9: Spalio 1 d. | D9: 189 | E9: 185 | F9: 180 | G9: 180 | H9: Socialinės paramos skyrius
A10: 2.3. | B10: Vaikų, gaunančių nemokamą maitinimą, skaičius | C10: Spalio 1 d. | D10: 443 | E10: 430 | F10: 425 | G10: 425 | H10: Socialinės paramos skyrius
A11: 2.4. | B11: Pavežamų bendrojo ugdymo mokyklų mokinių skaičius | C11: Spalio 1 d. | D11: 106 | E11: 105 | F11: 108 | G11: 110 | H11: Vietinio ūkio valdymo ir statybos skyrius
A12: 3. | B12: Švietimo aplinkos rodikliai
A13: 3.1. | B13: Formaliojo ir neformaliojo švietimo paslaugų teikėjų (įstaigų, organizacijų, fizinių asmenų) skaičius | C13: Rugsėjo 1 d. | D13: 36 | E13: 38 | F13: 38 | G13: 40 | H13: Švietimo ir mokslo institucijų registras (toliau – ŠMIR)
A14: 3.2. | B14: Neformaliojo švietimo programų teikėjų skaičius savivaldybėje | C14: Rugsėjo 1 d. | D14: 26 | E14: 28 | F14: 28 | G14: 30 | H14: ŠMIR
A15: 3.3. | B15: Mokinių skaičius bendrojo ugdymo (toliau – BU) mokyklose | C15: Rugsėjo 1 d. | D15: 1931 | E15: 1950 | F15: 1950 | G15: 1950 | H15: Švietimo valdymo informacinė sistema (toliau – ŠVIS)
A16: 3.4. | B16: Mokinių skaičius ikimokyklinio ugdymo įstaigose | C16: Rugsėjo 1 d. | D16: 759 | E16: 750 | F16: 750 | G16: 750 | H16: ŠVIS
A17: 3.5. | B17: Mokinių skaičius neformaliojo švietimo įstaigose | C17: Spalio 1 d. | D17: 2263 | E17: 2260 | F17: 2260 | G17: 2260 | H17: ŠVIS, Mokinių registras (toliau – MR)
A18: 3.6. | B18: Vienai sąlyginei mokytojo pareigybei tenkančių mokinių skaičius BU mokyklose | C18: Spalio 1 d. | D18: 10.5 | E18: 10.5 | F18: 10.5 | G18: 10.6 | H18: ŠVIS, Pedagogų registras (toliau – PR)
A19: 3.7. | B19: Bendrojo ugdymo mokyklų 1–8 klasių komplektų, kurie yra jungtiniai, dalis (neįskaičiuojant specialiųjų klasių / grupių) | C19: Rugsėjo 1 d. | D19: 0 | E19: 0 | F19: 0 | G19: 0 | H19: ŠVIS
A20: 3.8. | B20: Bendrojo ugdymo mokyklų klasių komplektų, kuriuose yra mažiau kaip 8 mokiniai, dalis (neįskaičiuojant specialiųjų klasių / grupių) | C20: Rugsėjo 1 d. | D20: 0 | E20: 0 | F20: 0 | G20: 0 | H20: ŠVIS
A21: 3.9. | B21: Naujai komplektuojamų priešmokyklinio ugdymo grupių, kuriose yra ne daugiau kaip 20 mokinių, dalis (neįskaičiuojant specialiųjų klasių / grupių) | C21: Rugsėjo 1 d. | D21: 0 | E21: 0 | F21: 0 | G21: 0 | H21: ŠVIS
A22: 3.10. | B22: Naujai komplektuojamų bendrojo ugdymo mokyklų bendrosios paskirties 1 klasių komplektų, kuriuose yra ne daugiau kaip 24 mokiniai, dalis (neįskaičiuojant specialiųjų klasių / grupių) nuo bendro visų klasių / grupių skaičiaus | C22: Rugsėjo 1 d. | D22: 0 | E22: 0 | F22: 0 | G22: 0 | H22: ŠVIS
A23: 4. | B23: Personalo rodikliai
A24: 4.1. | B24: Jaunesnių nei 50 metų bei 50 metų ir vyresnio amžiaus mokytojų skaičiaus santykis (procentais) | C24: Spalio 1 d. | D24: 29,6/70,4 | E24: 30/70 | F24: 31/69 | G24: 32/68 | H24: Pedagogų registras, ŠVIS
A25: 4.1.1. | B25: bendrojo ugdymo mokyklose | D25: 27,8/72,2 | E25: 28/72 | F25: 29/71 | G25: 30/70
A26: 4.1.2. | B26: ikimokyklinio ugdymo įstaigose | D26: 24,8/75,2 | E26: 25/75 | F26: 26/74 | G26: 28/72
A27: 4.1.3. | B27: neformalaus švietimo įstaigose | D27: 39,3/60,7 | E27: 40/60 | F27: 40/60 | G27: 41/59
A28: 4.2. | B28: Daugiau kaip 2 metų pedagoginio darbo stažą turinčių darbuotojų dalis | C28: Spalio 1 d. | H28: ŠVIS
A29: 4.2.1. | B29: bendrojo ugdymo mokyklose | D29: 96 proc. | E29: 95 | F29: 94 | G29: 94
A30: 4.2.2. | B30: ikimokyklinio ugdymo įstaigose | D30: 94 proc | E30: 94 | F30: 93 | G30: 92
A31: 4.2.3. | B31: neformalaus švietimo įstaigose | D31: 85 | E31: 85 | F31: 82 | G31: 80
A32: 4.3. | B32: Švietimo įstaigų, kuriose nėra nuolatinio vadovo daugiau kaip 12 mėnesių, dalis nuo bendro švietimo įstaigų skaičiaus | C32: Spalio 1 d. | D32: 1 | E32: 0 | F32: 0 | G32: 0 | H32: Švietimo, kultūros, sporto ir valstybinės kalbos kontrolės skyrius
A33: 4.4. | B33: Vienai sąlyginei mokytojo pareigybei tenkančių mokinių skaičius bendrojo ugdymo mokyklose | C33: Spalio 1 d. | D33: Skaičius | E33: 10.5 | F33: 10.5 | G33: 10.6 | H33: PR, Finansų ir biudžeto skyrius
A34: 5. | B34: Ikimokyklinio ugdymo rodikliai
A35: 5.1. | B35: Ikimokykliniame ir priešmokykliniame ugdyme dalyvaujančių 3–5 metų vaikų dalis | C35: Rugsėjo 1 d. | D35: Procentai | E35: 89.22 | F35: 90 | G35: 92 | H35: ŠVIS
A36: 5.2. | B36: Savivaldybės mokyklose ugdomų 3–5 metų vaikų, kurių deklaruota gyvenamoji vieta kitoje savivaldybėje, dalis | C36: Rugsėjo 1 d. | D36: 9.05 | E36: 10 | F36: 10 | G36: 10 | H36: ŠVIS
A37: 5.3. | B37: Savivaldybės 3–5 metų vaikų, ugdomų ne savivaldybės mokyklose, dalis proc. | C37: Rugsėjo 1 d. | D37: 0 | E37: 0.5 | F37: 0.5 | G37: 0.5 | H37: ŠVIS
A38: 6. | B38: Pagalbos mokiniui teikimo rodikliai
A39: 6.1. | B39: Švietimo pagalbos specialistų, tenkančių 100-ui bendrojo ugdymo mokyklų mokinių | C39: Rugsėjo 1 d. | D39: Procentai | E39: 0.67 | F39: 0.7 | G39: 0.7 | H39: ŠVIS
A41: 6.2. | B41: Švietimo pagalbos specialistų, tenkančių 100-ui ikimokyklinio ugdymo įstaigų mokinių | C41: Rugsėjo 1 d. | D41: 21 darbuotojas, 2,77 proc. | E41: 3 proc | F41: 3.5 | G41: 3.5 | H41: ŠVIS
A43: 6.3. | B43: Švietimo pagalbą gaunančių mokinių dalis (nuo visų mokinių, kuriems nustatytas švietimo pagalbos poreikis, skaičiaus) | C43: Rugsėjo 1 d. | D43: 100 | E43: 100 | F43: 100 | G43: 100 | H43: ŠVIS,Mokinių registras
A45: 6.4. | B45: Mokinių, turinčių specialiųjų ugdymosi poreikių, ugdomų integruotai bendrosios paskirties mokyklose, dalis | C45: Rugsėjo 1 d. | D45: 100 (270 mokinių turinčių spec. ugdymo poreikių) | E45: 100 | F45: 100 | G45: 100 | H45: ŠVIS
A46: 6.5. | B46: Negalią turinčių mokinių dalis nuo mokinių, turinčių specialiųjų ugdymosi poreikių, ugdomų integruotai bendrosios paskirties mokyklose | C46: Rugsėjo 1 d. | D46: 100 | E46: 100 | F46: 100 | G46: 100 | H46: ŠVIS
A47: 7. | B47: Neformalaus švietimo ir vaikų vasaros užimtumo rodikliai
A48: 7.1. | B48: Neformaliojo švietimo veikloje dalyvaujančių mokinių dalis | C48: Spalio 1 d. | D48: 73.53 | E48: 74 | F48: 75 | G48: 75 | H48: Mokinių registras; ŠVIS
A49: 7.2. | B49: Bent vienoje neformalaus švietimo programoje dalyvaujančių bendrojo ugdymo mokyklų mokinių skaičius | C49: Spalio 1 d. | D49: 63.6 | E49: 65 | F49: 67 | G49: 68 | H49: Mokinių registras
A50: 7.3. | B50: Bent vienoje NVŠ tikslinio finansavimo (valstybės biudžeto lėšų) programoje dalyvaujančių BU mokyklų mokinių skaičius | C50: Spalio 1 d. | D50: 690 | E50: 700 | F50: 705 | G50: 710 | H50: Mokinių registras NVŠ finansavimo sritis
A51: 7.4. | B51: Programų, įgyvendintų organizuojant vaikų vasaros poilsį, skaičius | C51: Spalio 1 d. | D51: 26 | E51: 27 | F51: 28 | G51: 29 | H51: Administracijos direktoriaus įsakymu patvirtintas programų sąrašas; Mokinių registras; programų vykdytojų ataskaitos
A52: 7.5. | B52: Mokinių, dalyvavusių vaikų vasaros poilsio programose, skaičius | C52: Spalio 1 d. | D52: 522 | E52: 530 | F52: 535 | G52: 540
A53: 8. | B53: Švietimo rezultatų rodikliai
A54: 8.1. | B54: Pagrindinio ugdymo pasiekimų patikrinimo metu bent pagrindinį mokymosi pasiekimų lygį pasiekusių mokinių dalis (lietuvių kalba, matematika) | C54: Rugsėjo 1 d. | D54: Procentai | E54: 75 | F54: 75 | G54: 77 | H54: Švietimo duomenų perdavimo sistema (toliau – KELTAS)
A55: 8.2. | B55: Tris ir daugiau valstybinių brandos egzaminų išlaikiusių abiturientų dalis | C55: Rugsėjo 1 d. | D55: Procentai | E55: 93.6 | F55: 94 | G55: 95 | H55: KELTAS

Sheet 3 programa
A1: Fizinio aktyvumo ir sporto plėtros programa (03)
A2: Programa rengiama ir įgyvendinama, atsižvelgiant į Nacionaliniame pažangos plane nustatytus sporto politikos strateginius tikslus ir (arba) pažangos uždavinius, švietimo, mokslo ir sporto ministro patvirtintą strateginių sporto šakų sąrašą, vietos bendruomenės poreikius, jos pagrindu finansuojama ir kitaip prisidedama prie savivaldybės teritorijoje veiklą vykdančių sporto srityje veikiančių fizinių ir juridinių asmenų veiklos, vykdoma sporto objektų plėtra, užtikrinamas jų teikiamų paslaugų prieinamumas gyventojams, vykdoma šviečiamoji veikla, formuojamas savivaldybės teritorijoje gyvenančių žmonių pozityvus požiūris į sporto reikšmę sveikatai, rengiamos ir įgyvendinamos kitos fizinio aktyvumo ir aukšto meistriškumo sporto plėtojimo savivaldybėje priemonės.
A4: =A12 -> 03.01.01. (T) | B4: =B12 -> Užtikrinti efektyvią įstaigų, veikiančių sporto srityje, veiklą
A5: =A22 -> 03.01.02. (T) | B5: =B22 -> Plėtoti ir tobulinti sporto varžybas ir sporto sveikatingumo renginius siekiant įtraukti vaikus, jaunimą ir kitas gyventojų grupes į sportinę veiklą, rengti sporto specialistus
A7: Programos įgyvendinimo laikotarpis 2024-2026 m.
A8: Programos įgyvendinimo koordinatorius Artūras Česliokas, arturas.cesliokas@visaginas.lt, tel. +8 (386) 36 067
A9: 5 lentelė. Fizinio aktyvumo ir sporto plėtros programos (03) uždaviniai, priemonės, asignavimai ir kitos lėšos (tūkst.eurų) ir jų stebėsenos rodikliai
A10: Programos uždavinio, priemonės kodas ir požymis | B10: Uždavinio, priemonės pavadinimas, finansavimo šaltiniai | C10: Asignavimų valdytojo kodas | D10: Finansavimo šaltinis | E10: 2023 m. asignavimų planas | F10: Asignavimų pasikeitimas | G10: 2024 m.asignavimų poreikis | H10: 2024 m.asignavimai ir kitos lėšos, tūkst. Eur | I10: 2025 m. asignavimai ir kitos lėšos, tūkst. Eur | J10: 2026 m. asignavimai ir kitos lėšos, tūkst. Eur | K10: Savivaldybės strateginio plėtros plano priemonės kodas | L10: Trumpas priemonės įgyvendinimo aprašymas | M10: Stebėsenos rodiklio kodas | N10: Stebėsenos rodiklio pavadinimas (matavimo vnt.) | O10: Siektinos stebėsenos rodiklių reikšmės | R10: Savivaldybės strateginio plėtros plano rodiklis
O11: 2024 | P11: 2025 | Q11: 2026
A12: 03.01.01. (T) | B12: Užtikrinti efektyvią įstaigų, veikiančių sporto srityje, veiklą | E12: =SUM(E15) -> 1102.03 | F12: =H12/E12-1 -> 0.036868325 | G12: =SUM(G15) -> 0 | H12: =SUM(H15) -> 1142.66 | I12: =SUM(I15) -> 1142.66 | J12: =SUM(J15) -> 1142.66 | K12: 2.2-1 | M12: E-03-01-01 | N12: Sporto varžybose ir sveikatingumo renginiuose dalyvavusių asmenų skaičius, vnt. per metus | O12: 270 | P12: 285 | Q12: 300 | R12: Sporto varžybose ir sveikatingumo renginiuose dalyvavusių asmenų skaičius, vnt. per metus
A13: 03.01.01.01. (TP) | B13: Sportinio ugdymo programų ir sportininkų rengimo veiklos organizavimas ir paslaugų kokybės užtikrinimas | C13: 188711925 | D13: SB | E13: 1077.35 | F13: =H13/E13-1 -> 0.038009932 | G13: =SUM(G16,G17,G19,G20,G21,) -> 0 | H13: =SUM(H16,H17,H19,H20,H21,) -> 1118.3 | I13: 1118.3 | J13: 1118.3 | K13: 2.2-1-2 | L13: Įgyvendinant aukščiau numatytą priemonę bus užtikrintas viešųjų įstaigų Visagino sporto ir rekreacijos centro, Visagino krepšinio mokyklos, Visagino futbolo centro ir Visagino graikų-romėnų imtynių centro veiklos organizavimas ir ugdymo/treniruočių proceso užtikrinimas pagal finansavimo sutartis | M13: R-03-01-01-01 | N13: Finansuotų įstaigų sakičius | O13: 4 | P13: 4 | Q13: 4 | R13: Įstaigų sporto salių, kurios prieinamos sportuoti bendruomenės nariams, skaičius
D14: SB (MK) | E14: 24.68 | F14: =H14/E14-1 -> -0.012965964 | H14: 24.36 | I14: 24.36 | J14: 24.36
D15: Iš viso: | E15: =SUM(E13:E14) -> 1102.03 | F15: =SUM(F13:F14) -> 0.025043967 | G15: =SUM(G13:G14) -> 0 | H15: =SUM(H13:H14) -> 1142.66 | I15: =SUM(I13:I14) -> 1142.66 | J15: =SUM(J13:J14) -> 1142.66
B16: Visagino savivaldybės administracija | H16: 15.49
B17: VšĮ Visagino sporto ir rekreacijos centras | D17: SB | H17: 622.3
D18: MK | H18: =H14 -> 24.36
B19: VšĮ Visagino futbo centras | H19: 251.62
B20: VšĮ Visagino krepšinio mokykla | H20: 141.85
B21: VšĮ Visagino graikų romėnų imtynių centras | H21: 87.04
A22: 03.01.02. (T) | B22: Plėtoti ir tobulinti sporto varžybas ir sporto sveikatingumo renginius siekiant įtraukti vaikus, jaunimą ir kitas gyventojų grupes į sportinę veiklą, rengti sporto specialistus | E22: =SUM(E24,E26,E28,E30,E32,E34) -> 194.8 | F22: =H22/E22-1 -> 0.72997947 | G22: =SUM(G24,G26,G28,G30,G32,G34) -> 155 | H22: =SUM(H24,H26,H28,H30,H32,H34) -> 337 | I22: =SUM(I24,I26,I28,I30,I32,I34) -> 115 | J22: =SUM(J24,J26,J28,J30,J32,J34) -> 115 | K22: 2.2-4 | M22: E-03-01-02 | N22: Informacinėmis priemonėmis pasiektų asmenų dalis proc. nuo visų gyventojų | O22: 35 | P22: 40 | Q22: 50 | R22: Informacinėmis priemonėmis pasiektų asmenų dalis proc. nuo visų gyventojų
A23: 03.01.02.01. (TP) | B23: Visagino savivaldybės sporto renginių organizavimas pagal patvirtintą metinį Sporto renginių planą bei sąlygų dalyvauti tarptautiniuose čempionatuose atstovaujant Visagino savivaldybei užtikrinimas | C23: 188711925 | D23: SB | E23: 43.8 | F23: =H23/E23-1 -> -0.31506849 | G23: 45 | H23: 30 | I23: 45 | J23: 45 | K23: 2.2-1-1 | L23: Įgyvendinant šią priemonę bus organizuojamos: -sportinės varžybos, -miesto šventės sporto renginių dalis, -Lietuvos mokyklų sporto žaidynės, -vykdomas metinis sporto renginių planas, -dalyvavimas tarptautiniuose turnyruose. Taip pat organizavimas tokių renginių kaip ralis, trenkturas, vandens motociklų varžybos ir kt. | M23: R-03-01-02-01 | N23: Metinio renginių plano įgyvendinimas | O23: 100 | P23: 100 | Q23: 100 | R23: Suorganizuotų sporto varžybų, švenčių, sąskrydžių, seminarų, „Sportas visiems“ ir kitų sporto renginių, žaidynių skaičius | S23: trenkturas, rali
D24: Iš viso: | E24: =E23 -> 43.8 | F24: =H24/E24-1 -> -0.31506849 | G24: =G23 -> 45 | H24: =H23 -> 30 | I24: =I23 -> 45 | J24: =J23 -> 45
A25: 03.01.02.02. (TP) | B25: Draugystės 10 g., buvusios mokyklos pastato ir aplinkinės teritorijos konversija pritaikant ją daugiafunkcinės sporto arenos sukūrimui | C25: 188711925 | D25: SB | E25: 40 | F25: =H25/E25-1 -> 0.5 | G25: 40 | H25: 60 | K25: 2.2-5-1 | L25: Įgyvendinant priemonę planuojama pradėti rengti projektinę dokumentaciją daugiafunkcinės sporto arenos sukūrimui ir aplinkinės teritorijos konversijai, šalia pastato, esančio Draugystės g. 10. | M25: R-03-01-02-02 | N25: Parengtų techninių projektų skaičius | O25: 0 | P25: 1 | Q25: 0 | R25: Įgyvendintų priemonių/ projektų skaičius (vnt.)
D26: Iš viso: | E26: =E25 -> 40 | F26: =F25 -> 0.5 | G26: =G25 -> 40 | H26: =H25 -> 60 | I26: =I25 -> 0 | J26: =J25 -> 0 | S26: Kompensacija gyventojams už naudojimasi baseino paslaugomis
A27: 03.01.02.03. (TP) | B27: Sporto įvairovės, gyventojų fizinio aktyvumo, prieinamumo įvairioms visuomenės grupėms užtikrinimas | C27: 188711925 | D27: SB | E27: 12 | F27: =H27/E27-1 -> 17.333333 | G27: 30 | H27: 220 | I27: 30 | J27: 30 | L27: 2020 m. lapkričio 20 d. Visagino savivaldybės tarybos sprendimu Nr. TS-244 „Dėl Sporto projektų finansavimo konkurso nuostatų patvirtinimo“, buvo patvirtini Sporto projektų finansavimo konkurso nuostatai, kurių pagrindinis tikslas skatinti Visagino savivaldybėje sporto įvairovę, gyventojų fizinį aktyvumą, prieinamumą įvairioms visuomenės grupėms, plėtoti aukšto meistriškumo sportininkų rengimo sistemą, prisidėti prie teigiamo miesto įvaizdžio kūrimo, garsinimo ir reprezentavimo. Taip pat gyventojams bus sudarytos galimybės naudotis baseino paslaugomis su kompensacija. | M27: R-03-01-02-03 | N27: Sporto projektų finansuojamų savivaldybės biudžeto lėšomis skaičius | O27: 6 | P27: 6 | Q27: 6
D28: Iš viso: | E28: =E27 -> 12 | F28: =H28/E28-1 -> 17.333333 | G28: =G27 -> 30 | H28: =H27 -> 220 | I28: =I27 -> 30 | J28: =J27 -> 30
A29: 03.01.02.04. (TP) | B29: Analizės ir schemos miesto erdvių tvarkymui, kurios būtų pritaikytos fizinio aktyvumo veikloms (bėgimo, ėjimo trasos, lauko treniruoklių stotelės) parengimas | C29: 188711925 | D29: SB | E29: 2 | F29: =H29/E29-1 -> -1 | L29: Įgyvendinant šią priemonę planuojama atlikti Visagino miesto viešosiose erdvėse esančios sporto įrangos bei naujos poreikį bei tikslingai tvarkyti ir numatyti lėšas kitiems planavimo laikotarpiams. | M29: R-03-01-02-04 | N29: Parengtų analizių skaičius | O29: 1 | P29: 0 | Q29: 0
D30: Iš viso: | E30: =E29 -> 2 | F30: =H30/E30-1 -> -1 | G30: =G29 -> 0 | H30: =H29 -> 0 | I30: =I29 -> 0 | J30: =J29 -> 0
A31: 03.01.02.06 (TP) | B31: Sporto projektų įgyvendinimo Visagino savivaldybėje užtikrinimas | C31: 188711925 | D31: SB | E31: 62 | F31: =H31/E31-1 -> -1 | L31: Įgyvendinant šią priemonę planuojama prisidėti prie esamų sporto bazių plėtros, priežiūros ir remonto bei užtikrinti dalinį finansavimą Sporto rėmimo fondo lėšomis finansuojamiems projektams. Teikiamų projektų tikslas – prisidėti prie sporto bazių prieinamumo didinimo, sąlygų įvairaus amžiaus ir poreikių asmenų fiziniam aktyvumui gerinimo ir organizuotai sportuojančių asmenų skaičiaus didėjimo. | M31: R-03-01-02-06 | N31: Projektų finansuojamų sporto rėmimo fondo lėšomis skaičius | O31: 2 | P31: 2 | Q31: 2
D32: Iš viso: | E32: =E31 -> 62 | F32: =H32/E32-1 -> -1 | G32: =G31 -> 0 | H32: =H31 -> 0 | I32: =I31 -> 0 | J32: =J31 -> 0
A33: 03.01.02.08. (TP) | B33: Vaikų mokymo plaukti programos įgyvendinimas | C33: 188711925 | D33: SB | E33: 35 | F33: =H33/E33-1 -> -0.22857143 | G33: 40 | H33: 27 | I33: 40 | J33: 40 | L33: 2022-08-26 Visagino savivaldybės taryba sprendimu Nr. TS-148 "Dėl Visagino savivaldybės pradinių klasių mokinių mokymo plaukti programos patvirtinimo" buvo patvirtinta Visagino savivaldybės pradinių klasių mokinių mokymo plaukti programą, kurios pagrindinis tikslas mažinti skendimų skaičių, ugdyti sveiką mokinį ir formuoti sveikos bei fiziškai aktyvios mokinių gyvensenos įgūdžius | M33: R-03-01-02-08 | N33: Plaukti išmokusių mokinių skaičius, nuo visų Programos dalyvių proc. | O33: 100 | P33: 100 | Q33: 100
D34: Iš viso: | E34: =E33 -> 35 | F34: =H34/E34-1 -> -0.22857143 | G34: =G33 -> 40 | H34: =H33 -> 27 | I34: =I33 -> 40 | J34: =J33 -> 40
E35: 2023 m. asignavimų planas | G35: =G10 -> 2024 m.asignavimų poreikis | H35: =H10 -> 2024 m.asignavimai ir kitos lėšos, tūkst. Eur | I35: =I10 -> 2025 m. asignavimai ir kitos lėšos, tūkst. Eur | J35: =J10 -> 2026 m. asignavimai ir kitos lėšos, tūkst. Eur
B36: 1. Savivaldybės biudžetas (įskaitant skolintas lėšas) | E36: =E37+E38+E40+E41+E42+E43 -> 1296.83 | F36: =H36/E36-1 -> 0.14098224 | G36: =G37+G38+G40+G41+G42+G43 -> 155 | H36: =H37+H38+H40+H41+H42+H43 -> 1479.66 | I36: =I37+I38+I40+I41+I42+I43 -> 1257.66 | J36: =J37+J38+J40+J41+J42+J43 -> 1257.66
B37: Iš jo: 1.1. savivaldybės biudžeto lėšos (nuosavos, be ankstesnių metų likučio) | E37: =SUM(E13,E23,E25,E27,E29,E31,E33,) -> 1272.15 | F37: =H37/E37-1 -> 0.14396887 | G37: =SUM(G13,G23,G25,G27,G29,G31,G33,) -> 155 | H37: =SUM(H13,H23,H25,H27,H29,H31,H33,) -> 1455.3 | I37: =SUM(I13,I23,I25,I27,I29,I31,I33,) -> 1233.3 | J37: =SUM(J13,J23,J25,J27,J29,J31,J33,) -> 1233.3
B38: 1.2. Lietuvos Respublikos valstybės biudžeto dotacijos | E38: =SUM(E14) -> 24.68 | F38: =H38/E38-1 -> -0.012965964 | G38: =SUM(G14) -> 0 | H38: =SUM(H14) -> 24.36 | I38: =SUM(I14) -> 24.36 | J38: =SUM(J14) -> 24.36
B39: Skirta ugdymo reikmėms finansuoti (MK) | H39: =H38 -> 24.36
B40: 1.3. Pajamų įmokos ir kitos pajamos | E40: 0 | G40: 0 | H40: 0 | I40: 0 | J40: 0
B41: 1.4. Europos Sąjungos ir kitos tarptautinės finansinės paramos lėšos | E41: 0 | G41: 0 | H41: 0 | I41: 0 | J41: 0
B42: 1.5. Skolintos lėšos | E42: 0 | G42: 0 | H42: 0 | I42: 0 | J42: 0
B43: 1.6. Ankstesnių metų likučiai | E43: 0 | G43: 0 | H43: 0 | I43: 0 | J43: 0
B44: 2. Kiti šaltiniai (Europos Sąjungos finansinė parama projektams įgyvendinti ir kitos teisėtai gautos lėšos, nurodant atskirus šaltinius) | E44: 0 | G44: 0 | H44: 0 | I44: 0 | J44: 0
B45: IŠ VISO programai finansuoti pagal finansavimo šaltinius (1 ir 2 punktai) | E45: =E36+E44 -> 1296.83 | F45: =H45/E45-1 -> 0.14098224 | G45: =G36+G44 -> 155 | H45: =H36+H44 -> 1479.66 | I45: =I36+I44 -> 1257.66 | J45: =J36+J44 -> 1257.66
B46: Iš jų: regioninių pažangos priemonių lėšos | E46: 0 | G46: 0 | H46: 0 | I46: 0 | J46: 0
B47: Asignavimų ir kitų lėšų pokytis, palyginti su ankstesnių metų patvirtintų asignavimų ir kitų lėšų planu | E47: 0 | G47: 0 | H47: =H45/E45-1 -> 0.14098224 | I47: =I45/H45-1 -> -0.15003447 | J47: =J45/I45-1 -> 0

Sheet 4 programa
A1: Gyventojų kultūrinio aktyvumo skatinimo ir identiteto stiprinimo programa (04)
A2: Programos tikslas - kryptingai vykdyti valstybės ir savivaldybės kultūros politiką. Šios programos priemonėmis numatoma sudaryti sąlygas savivaldybės gyventojams susipažinti su šiuolaikinėmis ir tradicinėmis profesionalaus ir mėgėjų meno formomis, ugdyti gyventojų kūrybiškumo ir kritinio mąstymo gebėjimus, etninę savimonę, meninį ir estetinį skonį, skatinti tautinio identiteto plėtrą ir menų įvairovę, skaitymo aktyvinimą bei mokymąsi visą gyvenimą. Sudarant optimalias sąlygas gyventojams dalyvauti kultūrinime gyvenime, meno saviveiklos kolektyvuose, įgyvendinant kultūrines-edukacines programas, skatinti įvairaus amžiaus gyventojų užimtumą, mažinti negatyvių visuomenės veiksnių poveikį, formuoti Visagino savivaldybės kaip įvairiatautės, kultūriškai išprususios bendruomenės įvaizdį.
A4: =A16 -> 04.01.01. (T) | B4: =B16 -> Užtikrinti efektyvią kultūros įstaigų veiklą
A5: =A38 -> 04.02.01. (T) | B5: =B38 -> Sąlygų Dainų švenčių tradicijos tęstinumui Visagino savivaldybėje sudarymas, mėgėjų meno kolektyvų pasirengimo ir dalyvavimo Dainų šventėse, vietiniuose, regioniniuose, respublikiniuose ir tarptautiniuose renginiuose užtikrinimas, mėgėjų meną populiarinančių renginių organizavimas, tautinių mažumų kultūrų įvairovės pristatymas
A6: =A58 -> 04.02.02. (TP) | B6: =B58 -> Siekiant formuoti regioninį išskirtinumą, kurti savitus, aktualaus turinio, kokybiškus kultūros produktus ir paslaugas, sudaryti sąlygas savivaldybės kultūros lauko veikėjų kultūrinių, kūrybinių iniciatyvų įgyvendinimui, tam pasitelkti kūrybiškos vietokūros metodo teikiamas galimybes, bei sudaryti sąlygas profesionalaus meno prieinamumui
A7: =A79 -> 04.02.03. (TP) | B7: =B79 -> Valstybės švenčių, sukakčių, įvykių minėjimas, visuomenės pilietiškumo, patriotiškumo ir nacionalinės savivertės stiprinimas
A8: =A89 -> 04.02.04. (T) | B8: =B89 -> Sociokultūrinių bendruomenės poreikių tenkinimas, laisvalaikio, neformaliojo švietimo programų, kultūrinių edukacijų, ugdančių gyventojų kultūrines kompetencijas ir kūrybiškumą, organizavimas įtraukiant skirtingo amžiaus, pomėgių ir poreikių visuomenės grupes
A10: Programos įgyvendinimo laikotarpis 2024-2026 m.
A11: Programos įgyvendinimo koordinatorė Kristina Gedžiūnaitė, kristina.gedziunaite@visaginas.lt, tel. 8 (386) 33 415
A13: 6 lentelė. Gyventojų kultūrinio aktyvumo skatinimo ir identiteto stiprinimo programos (04) uždaviniai, priemonės, asignavimai ir kitos lėšos (tūkst.eurų) ir jų stebėsenos rodikliai
A14: Programos uždavinio, priemonės kodas ir požymis | B14: Uždavinio, priemonės pavadinimas, finansavimo šaltiniai | C14: Asignavimų valdytojo kodas | D14: Finansavimo šaltinis | E14: 2023 m. asignavimų planas | F14: Asignavimų pasikeitimas | G14: 2024 m.asignavimų poreikis | H14: 2024 m.asignavimai ir kitos lėšos, tūkst. Eur | I14: 2025 m. asignavimai ir kitos lėšos, tūkst. Eur | J14: 2026 m. asignavimai ir kitos lėšos, tūkst. Eur | K14: Savivaldybės strateginio plėtros plano priemonės kodas | L14: Trumpas priemonės įgyvendinimo aprašymas | M14: Stebėsenos rodiklio kodas | N14: Stebėsenos rodiklio pavadinimas (matavimo vnt.) | O14: Siektinos stebėsenos rodiklių reikšmės | R14: Savivaldybės strateginio plėtros plano rodiklis
O15: 2024 | P15: 2025 | Q15: 2026
A16: 04.01.01. (T) | B16: Užtikrinti efektyvią kultūros įstaigų veiklą | E16: =SUM(E22,E36) -> 1523.662 | F16: =H16/E16-1 -> 0.12923798 | G16: =SUM(G22,G36) -> 1745.699 | H16: =SUM(H22,H36) -> 1720.577 | I16: =SUM(I22,I36) -> 1756 | J16: =SUM(J22,J36) -> 1760.5 | K16: 2.3.-1 | M16: E-04-01-01 | N16: Kultūros renginiuose apsilankiusių asmenų skaičius proc. nuo bendro gyventojų skaičiaus | O16: 40 | P16: 50 | Q16: 60 | R16: Kultūros renginiuose apsilankiusių asmenų skaičius proc. nuo bendro gyventojų skaičiaus
A17: 04.01.01.01. (TP) | B17: Kultūros įstaigų veiklos organizavimas | C17: Įstaigos | D17: SB | E17: =SUM(E23,E29) -> 1368.74 | F17: =H17/E17-1 -> 0.10280258 | G17: =SUM(G23,G29) -> 1494.649 | H17: =SUM(H23,H29) -> 1509.45 | I17: =SUM(I23,I29) -> 1511 | J17: =SUM(J23,J29) -> 1513 | K17: 2.3.-1-3 | L17: Visagino viešosios bibliotekos ir Visagino kultūros centro veiklos užtikrinimas | M17: R-04-01-01-01 | N17: Finansuotų kultūros srityje veikiančių įstaigų skaičius | O17: 3 | P17: 3 | Q17: 3 | R17: Pritrauktų kultūros specialistų skaičius
D18: ĮP | E18: =SUM(E24,E30) -> 55.83 | F18: =H18/E18-1 -> 0.24741179 | G18: =SUM(G24,G30) -> 41.6 | H18: =SUM(H24,H30) -> 69.643 | I18: =SUM(I24,I30) -> 70 | J18: =SUM(J24,J30) -> 71
D19: SD | E19: =SUM(E25,E31) -> 23.092 | F19: =H19/E19-1 -> 0.10358566 | G19: =SUM(G25,G31) -> 23.78 | H19: =SUM(H25,H31) -> 25.484 | I19: =SUM(I25,I31) -> 26 | J19: =SUM(J25,J31) -> 26.5
D20: ES | E20: =SUM(E26,E32) -> 0 | G20: =SUM(G26,G32) -> 0 | H20: =SUM(H26,H32) -> 0 | I20: =SUM(I26,I32) -> 0 | J20: =SUM(J26,J32) -> 0
D21: KT | E21: =SUM(E27,E33) -> 0 | G21: =SUM(G27,G33) -> 16 | H21: 16 | I21: =SUM(I27,I33) -> 0 | J21: =SUM(J27,J33) -> 0
D22: Iš viso: | E22: =SUM(E17:E21) -> 1447.662 | F22: =H22/E22-1 -> 0.11944432 | G22: =SUM(G17:G21) -> 1576.029 | H22: =SUM(H17:H21) -> 1620.577 | I22: =SUM(I17:I21) -> 1607 | J22: =SUM(J17:J21) -> 1610.5
B23: Visagino viešosios bibliotekos veiklos užtikrinimas | C23: 300141349 | D23: SB | E23: 375.84 | F23: =H23/E23-1 -> 0.12920392 | G23: 391.29 | H23: 424.4 | I23: 425 | J23: 426 | L23: Užtikrinta Visagino viešosios bibliotekos veikla | M23: V-04-01-01-01 | N23: Registruotų skaitytojų skaičiaus didėjimas, lyginant su praėjusiais metais, proc. | O23: 0,2 | P23: 0,2 | Q23: 0,2
D24: ĮP | E24: 1.2 | F24: =H24/E24-1 -> 0.58333333 | G24: 1.4 | H24: 1.9 | I24: 2 | J24: 2
D25: SD | E25: 23.092 | F25: =H25/E25-1 -> 0.10358566 | G25: 23.78 | H25: 25.484 | I25: 26 | J25: 26.5
D26: ES
D27: KT
D28: Iš viso: | E28: =SUM(E23:E27) -> 400.132 | F28: =H28/E28-1 -> 0.1290874 | G28: =SUM(G23:G27) -> 416.47 | H28: =SUM(H23:H27) -> 451.784 | I28: =SUM(I23:I27) -> 453 | J28: =SUM(J23:J27) -> 454.5
B29: Visagino kultūros centro veiklos užtikrinimas | C29: 300509331 | D29: SB | E29: 992.9 | F29: =H29/E29-1 -> 0.092808943 | G29: 1103.359 | H29: 1085.05 | I29: 1086 | J29: 1087 | L29: Užtikrinta Visagino kultūros centro veikla | M29: V-04-01-01-01 | N29: Visų renginių lankytojų skaičiaus didėjimas, lyginant su praėjusiais metais,proc. | O29: 0,2 | P29: 0,2 | Q29: 0,2
D30: ĮP | E30: 54.63 | F30: =H30/E30-1 -> 0.24003295 | G30: 40.2 | H30: =63+4.743 -> 67.743 | I30: 68 | J30: 69
D31: SD
D32: ES
D33: KT | G33: 16 | H33: 16 | I33: 0 | J33: 0
D34: Iš viso: | E34: =SUM(E29:E33) -> 1047.53 | F34: =H34/E34-1 -> 0.11576089 | G34: =SUM(G29:G33) -> 1159.559 | H34: =SUM(H29:H33) -> 1168.793 | I34: =SUM(I29:I33) -> 1154 | J34: =SUM(J29:J33) -> 1156
A35: 04.01.01.02. (TP) | B35: Muziejinės veiklos Visagino savivaldybėje užtikrinimas | C35: 188711925 | D35: SB | E35: 76 | F35: =H35/E35-1 -> 0.31578947 | G35: 169.67 | H35: 100 | I35: 149 | J35: 150 | K35: 2.3.-3-2 | L35: Įgyvendinant šią priemonę bus vykdomas 2023-03-10 Visagino savivaldybės taryba sprendimu Nr. TS-37 "Dėl Muziejinės veiklos tęstinumo Visagino savivaldybėje programos patvirtinimo", patvirtinta Muziejinės veiklos tęstinumo Visagino savivaldybėje programa | M35: V-04-01-01-02 | N35: Rinkinių, eksponatų skaičiaus muziejaus fonde didėjimas, lyginant su praėjusiais metais, proc. | O35: 0,2 | P35: 0,2 | Q35: 0,2 | R35: Įgyvendintų projektų skaičius
D36: Iš viso: | E36: =E35 -> 76 | F36: =H36/E36-1 -> 0.31578947 | G36: =G35 -> 169.67 | H36: =H35 -> 100 | I36: =I35 -> 149 | J36: =J35 -> 150
L37: 19000 muziejaus skaitmeninei įrangai įsigyti 76000 muziejaus veiklai 5000 įsikūrimui
A38: 04.02.01. (T) | B38: Sąlygų Dainų švenčių tradicijos tęstinumui Visagino savivaldybėje sudarymas, mėgėjų meno kolektyvų pasirengimo ir dalyvavimo Dainų šventėse, vietiniuose, regioniniuose, respublikiniuose ir tarptautiniuose renginiuose užtikrinimas, mėgėjų meną populiarinančių renginių organizavimas, tautinių mažumų kultūrų įvairovės pristatymas | E38: =SUM(E40,E46,E51,E55) -> 22.4 | F38: =H38/E38-1 -> 0.77678571 | G38: =SUM(G40,G46,G51,G55) -> 61.972 | H38: =SUM(H40,H46,H51,H55) -> 39.8 | I38: =SUM(I40,I46,I51,I55) -> 16.56 | J38: =SUM(J40,J46,J51,J55) -> 34.28 | K38: 2.3.-4 | M38: E-04-02-01 | N38: Asmenų, dalyvavusių etninės kultūros renginiuose, dalis proc. nuo visų savivaldybės gyventojų | O38: 8 | P38: 8 | Q38: 8 | R38: Asmenų, dalyvavusių etninės kultūros renginiuose, dalis proc. nuo visų savivaldybės gyventojų
A39: 04.02.01.01. (TP) | B39: Rengimasis dalyvauti Dainų šventėse | C39: Įstaigos | D39: SB | E39: =SUM(E41:E44) -> 12 | F39: =H39/E39-1 -> 0.375 | G39: =SUM(G41:G44) -> 30.752 | H39: 16.5 | I39: =SUM(I41:I44) -> 1 | J39: =SUM(J41:J44) -> 1 | K39: 2.3.-5-4 | L39: Įgyvendinant šią priemonę bus dalyvaujama Lietuvos Dainų šventės šimtmetyje | M39: R-04-02-01-01 | N39: Kolektyvų dalyvavusių Dainų šventės šimtmetyje skaičius | O39: 8 | P39: 8 | Q39: 8 | R39: Kolektyvų, dalyvavusių regioniniuose renginiuose, skaičius
D40: Iš viso: | E40: =E39 -> 12 | F40: =H40/E40-1 -> 0.375 | G40: =SUM(G39) -> 30.752 | H40: =SUM(H39) -> 16.5 | I40: =SUM(I39) -> 1 | J40: =SUM(J39) -> 1
B41: Savivaldybės administracija | G41: 7 | H41: 2 | L41: Dalyvavimas Dainų šventėje
B42: Visagino kultūros centras | E42: 1 | F42: =H42/E42-1 -> 3 | G42: 5 | H42: 4 | I42: 1 | J42: 1 | L42: Drabužių įsigijimas, komandiruotės kolektyvų vadovams, instrumentai, atributika | N42: Kolektyvų dalyvavusių Dainų šventės šimtmetyje skaičius | O42: 4 | P42: 4 | Q42: 4
B43: Visagino viešoji biblioteka
B44: Visagino kūrybos menų akademija | E44: 11 | F44: =H44/E44-1 -> -0.045454545 | G44: 18.752 | H44: 10.5 | L44: Pasiruošimas Dainų šventei (drabužių įsigijimas, komandiruotės kolektyvų vadovams, instrumentai) | N44: Kolektyvų dalyvavusių Dainų šventės šimtmetyje skaičius | O44: 4 | P44: 4 | Q44: 4
A45: 04.02.01.02. (TP) | B45: Etninės kultūros sklaida, senųjų tradicijų, papročių populiarinimas, gyvybingumo puoselėjimas | C45: Įstaigos | D45: SB | E45: =SUM(E47:E49) -> 1.5 | F45: =H45/E45-1 -> 6.7333333 | G45: =SUM(G47:G49) -> 16.75 | H45: =SUM(H47:H49) -> 11.6 | I45: =SUM(I47:I49) -> 1.92 | J45: =SUM(J47:J49) -> 18.7 | K45: 2.3.-5-4 | L45: Lietuvos liaudies meno paroda - konkursas „Aukso vainikas“, Lietuvos vaikų ir jaunimo liaudies meno paroda - konkursas „Sidabro vainikėlis“, Lietuvių bendruomenės renginys „Kaimynėli būki sveikas“, tarptautinis tautinių kultūrų festivalis „Rudeninės“ (kas antrus metus vykstantis). Taip pat bus organizuojamas Liaudies dainų kolektyvų koncertas, vainikų pynimo edukacija. Etniniai-pažintiniai renginiai, tradicinio muzikavimo kursai. | M45: R-04-02-01-02 | N45: Organizuotų renginių skaičius | O45: 10 | P45: 10 | Q45: 10 | R45: Kolektyvų, dalyvavusių regioniniuose renginiuose, skaičius
D46: Iš viso: | E46: =E45 -> 1.5 | F46: =H46/E46-1 -> 6.7333333 | G46: =G45 -> 16.75 | H46: =H45 -> 11.6 | I46: =I45 -> 1.92 | J46: =J45 -> 18.7
B47: Savivaldybės administracija
B48: Visagino viešoji biblioteka | G48: 0.45 | H48: 0.3 | I48: 0.47 | J48: 0.5 | L48: Liaudies dainų kolektyvų koncertas, vainikų pynimo edukacija. Tradicijų išlaikimas ir informavimas, skirta šeimoms (T)
B49: Visagino kultūros centras | E49: 1.5 | F49: =H49/E49-1 -> 6.5333333 | G49: 16.3 | H49: 11.3 | I49: 1.45 | J49: 18.2 | L49: Lietuvos liaudies meno paroda - konkursas "Aukso vainikas", Lietuvos vaikų ir jaunimo liaudies meno paroda - konkursas "Sidabro vainikėlis" , Lietuvių bendruomenės renginys "Kaimynėli būki sveikas", Tarptautinis tautinių kultūrų festivalis "Rudeninės". Taip pat Etniniai-pažintiniai renginiai, tradicinio muzikavimo kursai (projekto sekmės atveju).
A50: 04.02.01.03. (TP) | B50: Kalendorinių švenčių organizavimas | C50: Įstaigos | D50: SB | E50: =SUM(E52:E53) -> 7.5 | F50: =H50/E50-1 -> 0.10666667 | G50: =SUM(G52:G53) -> 10.74 | H50: =SUM(H52:H53) -> 8.3 | I50: =SUM(I52:I53) -> 11.74 | J50: =SUM(J52:J53) -> 12.68 | K50: 2.3.-5-4 | L50: Įgyvendinant šią priemonę bus vykdomi renginiai susiję su kalendorinėmis šventėmis (Sekminės, Joninės ir kt.) | M50: R-04-02-01-03
D51: Iš viso: | E51: =E50 -> 7.5 | F51: =H51/E51-1 -> 0.10666667 | G51: =G50 -> 10.74 | H51: =H50 -> 8.3 | I51: =I50 -> 11.74 | J51: =J50 -> 12.68
B52: Visagino kultūros centras | E52: 7.5 | F52: =H52/E52-1 -> 0.066666667 | G52: 10.14 | H52: 8 | I52: 11.1 | J52: 12 | L52: Sekminės, Trejybės šventė ,Velykinis renginys, Joninių šventė
B53: Visagino viešoji biblioteka | G53: 0.6 | H53: 0.3 | I53: 0.64 | J53: 0.68 | L53: Velykinių kompozicijų kūrimas, dirbtuvių organizavimas suaugusiems (T), Tarptautinė vaikų gynimo diena, kūribinės dirbtuvės šeimoms (T)
A54: 04.02.01.04. (TP) | B54: Nematerialaus kultūros paveldo apsaugos administravimas ir sklaida | C54: 300509331 | D54: SB | E54: 1.4 | F54: =H54/E54-1 -> 1.4285714 | G54: =SUM(G56:G57) -> 3.73 | H54: =SUM(H56:H57) -> 3.4 | I54: =SUM(I56:I57) -> 1.9 | J54: =SUM(J56:J57) -> 1.9 | K54: 2.3.-5-4 | L54: Įgyvendinant šią priemonę administruojamas Visagino savivaldybės nematerialaus kultūros paveldo vertybių sisteminis sąrašas su surinktais ir nuolat atnaujinamais dabarties ir praeities duomenimis: aprašymais, vaizdo ir garso medžiaga. Organizuojama nematerialaus kultūros paveldo sklaida, inicijuojami projektai, bendradarbiavimas. | M54: R-04-02-01-04
D55: Iš viso: | E55: =E54 -> 1.4 | F55: =H55/E55-1 -> 1.4285714 | G55: =G54 -> 3.73 | H55: =H54 -> 3.4 | I55: =I54 -> 1.9 | J55: =J54 -> 1.9
B56: Visagino kultūros centras | E56: 1.4 | F56: =H56/E56-1 -> 0 | G56: 1.73 | H56: 1.4 | I56: 1.9 | J56: 1.9 | L56: Nematerialaus paveldo apsaugos funkcijos užtikrinimas, administravimas, "Sabantuj"- totorių kultūros diena
B57: Savivaldybės administracija | G57: 2 | H57: 2 | I57: 0 | J57: 0 | L57: "Lietuvos kodas" TV projektas
A58: 04.02.02. (TP) | B58: Siekiant formuoti regioninį išskirtinumą, kurti savitus, aktualaus turinio, kokybiškus kultūros produktus ir paslaugas, sudaryti sąlygas savivaldybės kultūros lauko veikėjų kultūrinių, kūrybinių iniciatyvų įgyvendinimui, tam pasitelkti kūrybiškos vietokūros metodo teikiamas galimybes, bei sudaryti sąlygas profesionalaus meno prieinamumui | E58: =SUM(E61,E64,E68,E72,E76,) -> 84.9 | F58: =H58/E58-1 -> 0.42850412 | G58: =SUM(G61,G64,G68,G72,G76,) -> 135.6 | H58: =SUM(H61,H64,H68,H72,H76,) -> 121.28 | I58: =SUM(I61,I64,I68,I72,I76,) -> 108.8 | J58: =SUM(J61,J64,J68,J72,J76,) -> 105.2 | K58: 2.3.1. | M58: E-04-02-02 | N58: Profesionalaus meno sklaidos renginiuose dalyvavusių asmenų skaičius | O58: 5000 | P58: 5500 | Q58: 6000 | R58: Kultūros renginiuose apsilankiusių asmenų skaičius proc., nuo bendro gyventojų skaičiaus
A59: 04.02.02.01. (TP) | B59: Profesionalaus meno sklaida savivaldybėje | C59: 300509331 | D59: SB | E59: =E62 -> 11.4 | F59: =H59/E59-1 -> 0.22807018 | G59: 16 | H59: 14 | I59: 17.6 | J59: 19.3 | K59: 2.3.2.1. | L59: Įgyvendinant šią priemonę Visagino kultūros centre bus vykdoma profesionalaus meno sklaida, organizuojamos menininkų rezidencijos, organizuojamos parodos. | M59: R-04-02-02-01 | N59: Profesionalaus meno sklaidos renginių skaičius Visagino kultūros centre: - koncertų (klasikinės, džiazo muzikos), - spektaklių, - parodų | O59: 40 | P59: 42 | Q59: 44 | R59: Įgyvendintų priemonių skaičius
D60: VB | E60: 0 | G60: 0.24 | H60: 0
D61: Iš viso: | E61: =SUM(E59:E60) -> 11.4 | F61: =H61/E61-1 -> 0.22807018 | G61: {=G59:G60} -> 16 | H61: {=H59:H60} -> 14 | I61: {=I59:I60} -> 17.6 | J61: {=J59:J60} -> 19.3
B62: Visagino kultūros centras | E62: 11.4 | F62: =H62/E62-1 -> -1 | G62: 0.24 | H62: 0 | I62: 0 | J62: 0
A63: 04.02.02.02. (TP) | B63: Visagino bendruomenėms svarbių datų, sukakčių, profesinių švenčių paminėjimas | C63: Įstaigos | D63: SB | E63: =E66 -> 14 | F63: =H63/E63-1 -> 0 | G63: =SUM(G65:G66) -> 10.6 | H63: 14 | I63: =SUM(I65:I66) -> 20.6 | J63: =SUM(J65:J66) -> 13.6 | K63: 2.3.4.1. | L63: Įgyvendinant šią priemonę bus organizuojama metų nominacijų šventė Mano miestas – Visaginas, jaunųjų menininkų klubo „Paletė“ 20-mečio jubiliejus, Visagino 50-mečio jubiliejaus paminėjimo programos vystymas, leidyba. | M63: R-04-02-02-02 | N63: Organizuota svarbių datų ir sukakčių paminėjimų skaičius | O63: 5 | P63: 5 | Q63: 5 | R63: Veikiančių megėjų meno kolektyvų skaičius
D64: Iš viso: | E64: =E63 -> 14 | F64: =H64/E64-1 -> 0 | G64: =SUM(G63) -> 10.6 | H64: =SUM(H63) -> 14 | I64: =SUM(I63) -> 20.6 | J64: =SUM(J63) -> 13.6
B65: Visagino kultūros centras | E65: 0 | F65: =(G65-E65)/E65 -> #DIV/0! | G65: 0.6 | H65: 0 | I65: 0.6 | J65: 0.6 | L65: Profesionalaus meno sklaida, menininkų rezidencijos, parodos. Metų nominacijų šventė "Mano miestas - Visaginas", Meno kolektyvų jubiliejai: Rusų folkloro ansamblis "Bylina" ir vaikų rusų folkloro sansamblis "Žavoronok" - 30 m.; Folkloro ansamblis "Krusnė" - 15 m.; senjorų choras "Melodija" - 25 m.; Vyresniųjų liaudiškų šokių grupė "Gervė" - 15 m. Studijos: dekupažas - 15 m., mezgimas - 15 m.
B66: Savivaldybės administracija | E66: 14 | F66: =H66/E66-1 -> -0.28571429 | G66: 10 | H66: 10 | I66: 20 | J66: 13 | L66: Metų nominacijų šventė "Mano miestas - Visaginas", Profesinės šventės, minėtinos dienos (Buhalterių, soc. darbuotojų, mokytojų dienos minėjimas, įtraukiama kultūros diena-balandžio 15 d.).
A67: 04.02.02.03. (TP) | B67: Tradicinių Visagino savivaldybės festivalių, formuojančių Visagino ir regiono kultūrinį savitumą, organizavimas | C67: Įstaigos | D67: SB | E67: =SUM(E69,E70) -> 41.5 | F67: =H67/E67-1 -> -0.24096386 | G67: =SUM(G69:G70) -> 65 | H67: =SUM(H69:H70) -> 31.5 | I67: =SUM(I69:I70) -> 42.6 | J67: =SUM(J69:J70) -> 44.3 | K67: 2.3.1.2. | L67: Įgyvendinant šią priemonę bus organizuojamas Visagino erdvių festivalis, šiuolaikinio cirko festivalis „Naujojo cirko stotelė“, Tarptautinis monospektaklių festivalis „Atspindys“,Senjorų šokių festivalis „Laiko karoliai“,Tarptautinis kantri muzikos festivalis „Visagino Country“, taip pat bus užtikrinamas dalyvavimas tarptautiniuose, respublikiniuose, regioniniuose kultūriniuose renginiuose, atstovavimas savivaldybei konkursuose. | M67: R-04-02-02-03 | N67: Organizuota festivalių, formuojančių Visagino ir regiono kultūrinį savitumą | O67: 5 | P67: 5 | Q67: 5 | R67: Organizuotų tarptautinių festivalių skaičius
D68: Iš viso: | E68: =E67 -> 41.5 | F68: =H68/E68-1 -> -0.24096386 | G68: =SUM(G67) -> 65 | H68: =SUM(H67) -> 31.5 | I68: =SUM(I67) -> 42.6 | J68: =SUM(J67) -> 44.3
B69: Savivaldybės administracija | E69: 20 | F69: =H69/E69-1 -> -0.5 | G69: 33 | H69: 10 | L69: Tarptautinis kantri muzikos festivalis "Visagino Country", Dalyvavimas tarptautiniuose, respublikiniuose, regioniniuose renginiuose, konkursuose, atstovavimas savivaldybei
B70: Visagino kultūros centras | E70: 21.5 | F70: =H70/E70-1 -> 0 | G70: 32 | H70: 21.5 | I70: 42.6 | J70: 44.3 | L70: Visagino erdvių festivalis, Šiuolaikinio cirko festivalis "Naujojo cirko stotelė", Tarptautinis monospektaklių festivalis „Atspindys“, Senjorų šokių festivalis "Laiko karoliai"
A71: 04.02.02.04. (TP) | B71: Tolygios kultūrinės raidos įgyvendinimas regione ir konkurso tvarka kultūros projektų finansavimas | C71: Įstaigos | D71: SB | E71: =E73 -> 18 | F71: =H71/E71-1 -> 0 | G71: =SUM(G73) -> 22 | H71: =SUM(H73) -> 18 | I71: =SUM(I73) -> 28 | J71: =SUM(J73) -> 28 | K71: 2.3.5.3 | L71: Siekiant įgyvendinti šią priemonę numatytos dvi kryptys: - 2020 m. rugpjūčio 27 d. Visagino savivaldybės taryba sprendimu Nr. TS-184 „Dėl Kultūros projektų finansavimo konkurso nuostatų patvirtinimo“ patvirtino Visagino savivaldybės kultūros projektų finansavimo konkurso nuostatus, kurių pagrindinis tikslas skatinti kultūros ir meno įvairovę, sklaidą, prieinamumą įvairioms visuomenės grupėms Visagino savivaldybėje. Konkurso būdu lėšos bus skiriamos muzikos, teatro, šokio, vizualiojo meno, literatūros, etninės kultūros, kultūros paveldo srities ir tarpsritiniams (įvairias meno ar kultūros sritis jungiantys projektai ir jų sklaida) projektams iš dalies finansuoti; - taip pat šios priemonės lėšomis galės būti užtikrintas Lietuvos kultūros tarybai teikiamų projektų nuosavai lėšų daliai padengti reikalingas kofinansavimas, kurio nepadengia skirtos lėšos. Tam Visagino savivaldybės administracijos direktoriaus 2020 m. liepos 17 d. įsakymu ĮV-E-389 yra patvirtintas Kultūros rėmimo fondo lėšomis finansuojamų projektų, įgyvendinamų Visagino savivaldybėje, bendrafinansavimo tvarkos aprašas. | M71: R-04-02-02-04 | N71: Finansuotų/įgyvendintų projektų skaičius | O71: 6 | P71: 7 | Q71: 8 | R71: Įgyvendintų projektų skaičius
D72: Iš viso: | E72: =E71 -> 18 | F72: =H72/E72-1 -> 0 | G72: =G71 -> 22 | H72: =H71 -> 18 | I72: =I71 -> 28 | J72: =J71 -> 28
B73: Savivaldybės administracija | E73: 18 | F73: =H73/E73-1 -> 0 | G73: 22 | H73: 18 | I73: 28 | J73: 28
A74: 04.02.02.05. (TP) | B74: Dalyvavimas nacionaliniu ir tarptautiniu lygmeniu įgyvendinamuose projektuose | C74: Įstaigos | D74: SB | G74: =G77 -> 22 | H74: =SUM(H77:H78) -> 43.78 | K74: 2.3.5.3 | L74: Priemonė bus įgyvendinama pagal poreikį | M74: R-04-02-02-05 | N74: Finansuotų/įgyvendintų projektų skaičius | O74: 1 | P74: 1 | Q74: 1 | R74: Įgyvendintų projektų skaičius
D75: ES
D76: Iš viso: | G76: =G74 -> 22 | H76: =H74 -> 43.78 | I76: =I74 -> 0 | J76: =J74 -> 0
B77: Visagino viešosios bibliotekos renovacija : įtraukioji kultūra visiems, neprikalusomai nuo lyties, sveikatos būklės, socialinės padėties ir amžiaus | G77: 22 | H77: 21.78
B78: VšĮ Visagino muziejus paskirties keitimas | H78: 22
A79: 04.02.03. (TP) | B79: Valstybės švenčių, sukakčių, įvykių minėjimas, visuomenės pilietiškumo, patriotiškumo ir nacionalinės savivertės stiprinimas | E79: =SUM(E81,E85,) -> 8 | F79: =H79/E79-1 -> 1.2125 | G79: =SUM(G81,G85,) -> 57.24 | H79: =SUM(H81,H85,) -> 17.7 | I79: =SUM(I81,I85,) -> 17.12 | J79: =SUM(J81,J85,) -> 18.74 | K79: 2.3.-6 | M79: E-01-01-01 | N79: Gyventojų, dalyvavusių pilietinio ugdymo veiklose, dalis proc. nuo visų savivaldybės gyventojų | O79: 10 | P79: 10 | Q79: 10 | R79: Gyventojų, dalyvavusių pilietinio ugdymo veiklose, dalis proc. nuo visų savivaldybės gyventojų
A80: 04.02.03.01. (TP) | B80: Valstybinių švenčių, atmintinų datų paminėjimas | C80: 300509331 | D80: SB | E80: =E83 -> 4.7 | F80: =H80/E80-1 -> 1.5531915 | G80: =SUM(G83) -> 7.7 | H80: =SUM(H83,H82) -> 12 | I80: =SUM(I83) -> 8.42 | J80: =SUM(J83) -> 9.24 | K80: 2.3.-6-2 | L80: Įgyvendinant šią priemonę bus organizuojami Laisvės gynėjų dienos, Valstybės atkūrimo dienos, Lietuvos nepriklausomybės atkūrimo dienos, Valstybės dienos paminėjimo renginiai. | M80: R-04-02-03-01 | N80: Organizuota valstybinių švenčių, svarbių Lietuvai datų minėjimų skaičius | O80: 4 | P80: 4 | Q80: 4 | R80: Įgyvendintų priemonių skaičius
D81: Iš viso: | E81: =E80 -> 4.7 | F81: =H81/E81-1 -> 1.5531915 | G81: =SUM(G80) -> 7.7 | H81: =SUM(H80) -> 12 | I81: =SUM(I80) -> 8.42 | J81: =SUM(J80) -> 9.24
B82: Visagino kūrybos menų akademija | H82: 9 | L82: Kovo 11 d. renginiai
B83: Visagino kultūros centras | E83: 4.7 | F83: =H83/E83-1 -> -0.36170213 | G83: 7.7 | H83: 3 | I83: 8.42 | J83: 9.24 | L83: Laisvės gynėjų diena, Lietuvos valstybės atkūrimo diena, Lietuvos nepriklausomybės atkūrimo diena, Liepos 6-oji – Valstybės diena
A84: 04.02.03.02. (TP) | B84: Lietuvos Respublikos Seimo sprendimais minėtinų svarbių datų, įvykių ir asmenybių sukakčių paminėjimas | C84: Įstaigos | D84: SB | E84: =SUM(E86,E88) -> 3.3 | F84: =H84/E84-1 -> 0.72727273 | G84: =SUM(G86:G88) -> 49.54 | H84: =SUM(H86:H88) -> 5.7 | I84: =SUM(I86:I88) -> 8.7 | J84: =SUM(J86:J88) -> 9.5 | K84: 2.3.-6-2 | L84: Įgyvendinant šią priemonę bus organizuojami renginiai 2024 m. NATO ir Europos Sąjungos metus paminėti, įgyvendinama Dainų šventės 100-mečio minėjimo programa | M84: R-04-02-03-02 | N84: Organizuota valstybinių švenčių, svarbių Lietuvai datų minėjimų skaičius | O84: 6 | P84: 6 | Q84: 6 | R84: Įgyvendintų priemonių skaičius
D85: Iš viso: | E85: =E84 -> 3.3 | F85: =H85/E85-1 -> 0.72727273 | G85: =SUM(G84) -> 49.54 | H85: =SUM(H84) -> 5.7 | I85: =SUM(I84) -> 8.7 | J85: =SUM(J84) -> 9.5
B86: Visagino kultūros centras | E86: 0.3 | F86: =H86/E86-1 -> 2.3333333 | G86: 36.78 | H86: 1 | I86: 5 | J86: 5.5 | L86: 2024 m. NATO ir Europos Sąjungos metai, Koncertas "Mažoji Dainų šventė", Paroda "Visaginas ir visaginiečiai Dainų švenčių istorijoje"
B87: Visagino kūrybos menų akademija | E87: 0.3 | F87: =H87/E87-1 -> 12.333333 | G87: 9.06 | H87: 4 | L87: Foto paroda "Dainų švenčių akimirkos, Mažoji Dainų šventė, Vaikų darbų paroda "100 metų dainuojanti ir šokanti Lietuva"
B88: Visagino viešoji biblioteka | E88: 3 | F88: =H88/E88-1 -> -0.76666667 | G88: 3.7 | H88: 0.7 | I88: 3.7 | J88: 4 | L88: NATO ir Europos Sąjungos metams Protmūšis, NATO ir Europos Sąjungos metams Viktorina ,Tiesioginė Dainų šventės transliacija ir kolektyvų pristatymas miestiečiams
A89: 04.02.04. (T) | B89: Sociokultūrinių bendruomenės poreikių tenkinimas, laisvalaikio, neformaliojo švietimo programų, kultūrinių edukacijų, ugdančių gyventojų kultūrines kompetencijas ir kūrybiškumą, organizavimas įtraukiant skirtingo amžiaus, pomėgių ir poreikių visuomenės grupes | E89: =SUM(E91,E96,E101) -> 71.95 | F89: =H89/E89-1 -> 0.43293954 | G89: =SUM(G91,G96,G101) -> 102.43 | H89: =SUM(H91,H96,H101) -> 103.1 | I89: =SUM(I91,I96,I101) -> 161.37 | J89: =SUM(J91,J96,J101) -> 115.46 | K89: 2.3.-6 | M89: E-01-01-01 | N89: Gyventojų, dalyvavusių pilietinio ugdymo veiklose, dalis proc. nuo visų savivaldybės gyventojų | O89: 8 | P89: 9 | Q89: 10 | R89: Gyventojų, dalyvavusių pilietinio ugdymo veiklose, dalis proc. nuo visų savivaldybės gyventojų
A90: 04.02.04.01. (TP) | B90: Sociokultūrinių bendruomenės poreikių tenkinimas, laisvalaikio organizavimas | C90: Įstaigos | D90: SB | E90: =SUM(E92,E93) -> 1.55 | F90: =H90/E90-1 -> 11.387097 | G90: =SUM(G92:G93) -> 3.6 | H90: =SUM(H92,H93,H94) -> 19.2 | I90: =SUM(I92:I93) -> 3.91 | J90: =SUM(J92:J93) -> 4.09 | K90: 2.3.6.3 | L90: Įgyvendinant šią priemonę bus organizuojami Gatvės muzikos dienos renginiai, susitikimai su vaikų rašytojais, Poezijos šventė, Kultūros nakties renginiai, kiti renginiai pagal poreikį. | M90: R-04-02-04-01 | N90: Organizuota sociokultūrinių bendruomenės poreikius tenkinančių renginių skaičius | O90: 4 | P90: 5 | Q90: 6 | R90: Įgyvendintų priemonių skaičius
D91: Iš viso: | E91: =E90 -> 1.55 | F91: =H91/E91-1 -> 11.387097 | G91: =SUM(G90) -> 3.6 | H91: =SUM(H90) -> 19.2 | I91: =SUM(I90) -> 3.91 | J91: =SUM(J90) -> 4.09
B92: Visagino kultūros centras | E92: 1.2 | F92: =H92/E92-1 -> 11.833333 | G92: 0.45 | H92: 15.4 | I92: 0.49 | J92: 0.54 | L92: Gatvės muzikos diena+12 nemokamų muzikos vakarų viešosiose erdvėse (20000 Eur)
B93: Visagino viešoji biblioteka | E93: 0.35 | F93: =H93/E93-1 -> 4.7142857 | G93: 3.15 | H93: 2 | I93: 3.42 | J93: 3.55 | L93: Tarptautinė vaikų knygos diena / Susitikimas su vaikų rašytoju, Seminaras paskaita „Mados pasaulis“, Poezijos šventė, Metų knygų rinkimai, Šiaurės šalių literatūros savaitė
B94: Visagino savivaldybės administracija | H94: 1.8 | L94: Kijevo pučiamųjų orkestras
A95: 04.02.04.02. (TP) | B95: Visagino miesto šventės organizavimas | C95: Įstaigos | D95: SB | E95: =SUM(E97,E99) -> 40.4 | F95: =H95/E95-1 -> 0.24752475 | G95: =SUM(G97:G99) -> 63.08 | H95: =SUM(H97:H99) -> 50.4 | I95: =SUM(I97:I99) -> 101.13 | J95: =SUM(J97:J99) -> 51.2 | K95: 2.3.6.3 | L95: 2023 m. Visagino miesto šventė vyks 49-ąjį kartą. Siekiama užtikrinti patrauklią programą, kuri įtrauktų įvairaus amžiaus gyventojus, svečius, socialinius partnerius, bendruomenes. | M95: R-04-02-04-02 | N95: Organizuota sociokultūrinių bendruomenės poreikius tenkinančių renginių skaičius | O95: 1 | P95: 1 | Q95: 1 | R95: Įgyvendintų priemonių skaičius
D96: Iš viso: | E96: =E95 -> 40.4 | F96: =H96/E96-1 -> 0.24752475 | G96: =SUM(G95) -> 63.08 | H96: =SUM(H95) -> 50.4 | I96: =SUM(I95) -> 101.13 | J96: =SUM(J95) -> 51.2
B97: Visagino kultūros centras | E97: 40 | F97: =H97/E97-1 -> 0 | G97: 50 | H97: 40 | I97: 100 | J97: 50 | L97: Miesto šventė 49
B98: Savivaldybės administracija | E98: 8 | F98: =H98/E98-1 -> 0.25 | G98: 12 | H98: 10 | L98: Visagino miesto šventė "Visaginui-49", Visagino miesto 50-mečio jubiliejaus paminėjimo programos vystymas
B99: Visagino viešoji biblioteka | E99: 0.4 | F99: =H99/E99-1 -> 0 | G99: 1.08 | H99: 0.4 | I99: 1.13 | J99: 1.2 | L99: „Knygų alėja“ šeimoms, „Kūrybinės dirbtuvės“ šeimoms
A100: 04.02.04.03. (TP) | B100: Naujamečio laikotarpio priemonių įgyvendinimas | C100: Įstaigos | D100: SB | E100: =SUM(E102,E103,E104,) -> 30 | F100: =H100/E100-1 -> 0.11666667 | G100: =SUM(G102:G104) -> 35.75 | H100: =SUM(H102:H104) -> 33.5 | I100: =SUM(I102:I104) -> 56.33 | J100: =SUM(J102:J104) -> 60.17 | K100: 2.3.6.3 | L100: Įgyvendinant šią priemonę bus organizuojami Miesto eglės įžiebimo, Kalėdų šventės ir kalėdinio laikotarpio renginiai, miesto puošymui reikalingu instaliacijų įsigyjimas | M100: R-04-02-04-03 | N100: Organizuota sociokultūrinių bendruomenės poreikius tenkinančių renginių skaičius | O100: 3 | P100: 3 | Q100: 3 | R100: Įgyvendintų priemonių skaičius
D101: Iš viso: | E101: =E100 -> 30 | F101: =H101/E101-1 -> 0.11666667 | G101: =SUM(G100) -> 35.75 | H101: =SUM(H100) -> 33.5 | I101: =SUM(I100) -> 56.33 | J101: =SUM(J100) -> 60.17
B102: Savivaldybės administracija | E102: 8 | F102: =H102/E102-1 -> 0 | H102: 8 | I102: 17 | J102: 17 | L102: Miesto gatvių, erdvių puošyba, ledas aplink eglutę kalėdinę (poreikis
B103: Visagino kultūros centras | E103: 21.5 | F103: =H103/E103-1 -> 0.1627907 | G103: 35 | H103: 25 | I103: 38.5 | J103: 42.3 | L103: Miesto eglės įžiebimas ir Kalėdinio laikotarpio renginiai, Eglės papuošimas
...

Sheet 5 programa
A1: Visagino savivaldybės bendruomeniškumo skatinimo programa (05) | O1: 2024 | P1: 2025 | Q1: 2026
A2: Visagino savivaldybės bendruomeniškumo skatinimo programa (05)
A3: Pagrindiniai programos tikslai yra jaunimo, jaunimo organizacijų, vietos bendruomenių, daugiabučių namų bendrijų ir savininkų veiklos skatinimas, nusikalstamumo mažinimo bei savivaldybės visuomenės saugumo užtikrinimas ir pilietinio sąmoningumo stiprinimas. Siekiama įvairias gyventojų grupes įtraukti į Visagino savivaldybės ir savivaldybės administracijos inicijuojamų / organizuojamų priemonių įgyvendinimą, inicijuoti, formuoti ir palaikyti pilietiškumo, iniciatyvumo, bendruomeniškumo skatinimo mechanizmus.
A5: =A17 -> 05.01.01. (T) | B5: =B17 -> Skatinti vietos bendruomenių iniciatyvas
A6: =A31 -> 05.02.01. (T) | B6: =B31 -> Įgyvendinti Lietuvos Respublikos jaunimo politikos pagrindų įstatymo nuostatas
A7: =A40 -> 05.03.01. (T) | B7: =B40 -> Kurti ir plėtoti saugią aplinką Visagino savivaldybėje
A8: =A50 -> 05.04.01. (T) | B8: =B50 -> Skatinti bendruomenę dalyvauti prevencinėse ir šviečiamosiose veiklose
A9: =A59 -> 05.05.01. (T) | B9: =B59 -> Įgyvendinti diasporos politikos strategines gaires "Globali Lietuva" 2023-2030 m.
A11: Programos įgyvendinimo laikotarpis 2024-2026 m.
A12: Programos įgyvendinimo koordinatoriai Kristina Gedžiūnaitė, kristina.gedziunaite@visaginas.lt, tel. 8 (386) 33415 Evelina Visockytė, evelina.visockytė@visaginas.lt, tel.8 (386) 36 017 Danutė Kotovienė, danutė.kotoviene@visaginas.lt., tel. 8 (386) 31 587 Valentina Raubiškienė, valentina.raubiskiene@visaginas.lt, tel. 8 (386) 31 372
A14: 7 lentelė.Visagino savivaldybės bendruomeniškumo skatinimo programos (05) uždaviniai, priemonės, asignavimai ir kitos lėšos (tūkst.eurų) ir jų stebėsenos rodikliai
A15: Programos uždavinio, priemonės kodas ir požymis | B15: Uždavinio, priemonės pavadinimas, finansavimo šaltiniai | C15: Asignavimų valdytojo kodas | D15: Finansavimo šaltinis | E15: 2023 m. asignavimų planas | F15: Asignavimų pasikeitimas | G15: 2024 m. išlaidų projektas (lėšų poreikis), tūkst. Eur | H15: 2024 m.asignavimai ir kitos lėšos, tūkst. Eur | I15: 2025 m. asignavimai ir kitos lėšos, tūkst. Eur | J15: 2026 m. asignavimai ir kitos lėšos, tūkst. Eur | K15: Savivaldybės strateginio plėtros plano priemonės kodas | L15: Trumpas priemonės įgyvendinimo aprašymas | M15: Stebėsenos rodiklio kodas | N15: Stebėsenos rodiklio pavadinimas (matavimo vnt.) | O15: Siektinos stebėsenos rodiklių reikšmės | R15: Savivaldybės strateginio plėtros plano rodiklis
O16: 2024 | P16: 2025 | Q16: 2026
A17: 05.01.01. (T) | B17: Skatinti vietos bendruomenių iniciatyvas | E17: =SUM(E19,E22,E24,E26,E28,E30) -> 77.732 | F17: =H17/E17-1 -> 1.135028 | G17: =SUM(G19,G22,G24,G26,G28,G30) -> 177.656 | H17: =SUM(H19,H22,H24,H26,H28,H30) -> 165.96 | I17: =SUM(I19,I22,I24,I26,I28,I30) -> 203.53 | J17: =SUM(J19,J22,J24,J26,J28,J30) -> 150 | K17: 2.7.-1 | M17: E-05-01-01 | N17: Veikiančių nevyriausybinių ir bendruomeninių organizacijų skaičius | O17: 85 | P17: 85 | Q17: 85 | R17: Veikiančių nevyriausybinių ir bendruomeninių organizacijų skaičius
A18: 05.01.01.01 (TP) | B18: Tradicinių religinių bendrijų ir bendruomenių veiklos ir kultūrinių iniciatyvų skatinimas | C18: 188711925 | D18: SB | E18: 15 | F18: =H18/E18-1 -> 0 | G18: 16 | H18: 15 | I18: 17 | J18: 18 | K18: 2.7.-1-2 | L18: Planuojama skirti lėšas (konkurso tvarka) Visagino savivaldybėje veikiančių tradicinių religinių bendrijų ir bendruomenių projektams, kurių įgyvendinimu gerinama kulto pastatų ir juos supančių viešųjų erdvių infrastruktūra, realizuojami sociokultūriniai tikslai, remti. Projektų konkursų finansavimo sąlygų aprašas tvirtinamas teisės aktų nustatyta tvarka | M18: R-05-01-01-01 | N18: Paremtų tradicinių religinių bendrijų ir bendruomenių veiklos ir kultūrinių iniciatyvų vietos projektų skaičius | O18: 3 | P18: 3 | Q18: 3 | R18: Institucinio stiprinimo projektams finansavimą gavusių organizacijų skaičius per metus
D19: Iš viso: | E19: =SUM(E18:E18) -> 15 | F19: =H19/E19-1 -> 0 | G19: =SUM(G18:G18) -> 16 | H19: =SUM(H18:H18) -> 15 | I19: =SUM(I18:I18) -> 17 | J19: =SUM(J18:J18) -> 18
A20: 05.01.01.02. (TP) | B20: Vietos iniciatyvų projektų savivaldybėje įgyvendinimo skatinimas | C20: 188711925 | D20: SB | E20: 10 | F20: =H20/E20-1 -> 0 | G20: 15 | H20: 10 | I20: 20 | J20: 25 | L20: Šiam uždaviniui įgyvendinti numatoma konkurso tvarka remti Visagino savivaldybėje registruotų ir savivaldybėje veiklą vykdančių nevyriausybinių organizacijų ir tautinių mažumų kultūros projektus. Projektų konkursų finansavimo sąlygų aprašas patvirtintas 2020 m. rugsėjo 24 d. Visagino savivaldybės tarybos sprendimu Nr. TS-210 „Dėl Visagino savivaldybės nevyriausybinių organizacijų projektų atrankos ir finansavimo savivaldybės biudžeto lėšomis tvarkos aprašo patvirtinimo“ bei 2022 m. balandžio 27 d. Visagino savivaldybės administracijos direktoriaus įsakymu Nr. ĮV-E-199 „Dėl Visagino savivaldybės tautinių mažumų kultūros projektų finansavimo tvarkos aprašo patvirtinimo“. Taip pat įgyvendinant šią priemonę konkurso būdu finansuojamos bendruomeninės veiklos, kurių tikslas – skatinti gyvenamųjų vietovių bendruomenių savarankiškumą tenkinant socialinius jų narių (gyventojų) poreikius, stiprinti narių (gyventojų) sutelktumą ir tarpusavio pasitikėjimą ir kitą bendruomeninę veiklą. Projektai finansuojami LR socialinės apsaugos ir darbo ministerijos nustatyta tvarka. | M20: R-05-01-01-02 | N20: Paremtų vietos iniciatyvų projektų skaičius | O20: 10 | P20: 12 | Q20: 14
D21: SD | E21: 14.532 | F21: =H21/E21-1 -> -1 | G21: 15 | I21: 15 | J21: 15
D22: Iš viso: | E22: =SUM(E20:E21) -> 24.532 | F22: =H22/E22-1 -> -0.59236915 | G22: =SUM(G20:G21) -> 30 | H22: =SUM(H20:H21) -> 10 | I22: =SUM(I20:I21) -> 35 | J22: =SUM(J20:J21) -> 40
A23: 05.01.01.03. (TP) | B23: NVO tarybos veiklos efektyvumo užtikrinimas | C23: 188711925 | D23: SB | E23: 1 | F23: =H23/E23-1 -> -0.5 | G23: 0.7 | H23: 0.5 | I23: 0.8 | J23: 1 | L23: Planuojama skirti lėšas NVO tarybos veiklos efektyvumui užtikrinti, siekiant stiprinti nevyriausybines ir bendruomenines organizacijas, gerinti aplinką jų veiklai, remti pilietines iniciatyvas | M23: R-05-01-01-03 | N23: Įgyvendintų įvairių formų viešosios komunikacijos priemonių skaičius | O23: 2 | P23: 3 | Q23: 4 | S23: (keičiasi pavadinimas)
D24: Iš viso: | E24: =SUM(E23:E23) -> 1 | F24: =H24/E24-1 -> -0.5 | G24: =SUM(G23:G23) -> 0.7 | H24: =SUM(H23:H23) -> 0.5 | I24: =SUM(I23:I23) -> 0.8 | J24: =SUM(J23:J23) -> 1
A25: 05.01.01.04. (TP) | B25: Dalyvavimas vietos veiklos grupių veikloje, viešosios naudos nevyriausybinių ir bendruomeninių organizacijų institucinio stiprinimo projektų (gebėjimai, lyderystė, sąlygos viešosios naudos organizacijų veiklos tvarumui užtikrinti, socialinis verslas ir kt. ) finansavimas | C25: 188711925 | D25: SB | E25: 0.5 | F25: =H25/E25-1 -> 176.46 | G25: 88.73 | H25: 88.73 | I25: 98.23 | J25: 28.5 | L25: 2023-08-25 Visagino savivaldybės tarybos sprendimo Nr. TS-157 "Dėl pritarimo Visagino miesto 2024-2029 metų vietos plėtros strategijos projektui" įgyvendinimas 2024 m. | M25: R-05-01-01-04 | N25: Vietos veiklos grupių, kurių veikloje dalyvaujama skaičius | O25: 3 | P25: 3 | Q25: 3
D26: Iš viso: | E26: =SUM(E25:E25) -> 0.5 | F26: =H26/E26-1 -> 176.46 | G26: =G25 -> 88.73 | H26: =H25 -> 88.73 | I26: =I25 -> 98.23 | J26: =J25 -> 28.5
A27: 05.01.01.05. (TP) | B27: Dalyvaujamojo biudžeto priemonių įgyvendinimo užtikrinimas | C27: 188711925 | D27: SB | E27: 34.5 | F27: =H27/E27-1 -> 0.43478261 | G27: 40 | H27: 49.5 | I27: 50 | J27: 60 | K27: 2.7.-3 | L27: Dalyvaujamojo biudžeto Projektų konkursų finansavimo sąlygų aprašas patvirtintas 2022 m. rugsėjo 29 d. Visagino savivaldybės tarybos sprendimu Nr. TS-171 „Dėl Visagino gyventojų iniciatyva teikiamų projektų, skirtų gyvenamajai aplinkai gerinti, idėjų atrankos ir finansavimo tvarkos aprašo patvirtinimo“. 2023 m. vyko projektinių idėjų atranka ir ir buvo atrinktos 2 daugiausiai gyventojų balsų surinkę projektinės idėjos, kurias planuojama įgyvendinti 2024 m.: 1. „Fontanas be vandens“ – surinko 45 gyventojų balsus. 2. „Žaidimo aikštelė jaunimui su laipiojimo elementais“ – surinko 44 gyventojų balsus; | M27: R-05-01-01-05 | N27: Įgyvendintų dalyvaujamojo biudžeto priemonių skaičius | O27: 2 | P27: 2 | Q27: 2 | R27: Pilietinės visuomenės ir privačiojo sektoriaus subjektai, dalyvavę rengiant ir (ar) įgyvendinant miestui svarbių klausimų sprendimus, vnt.
D28: Iš viso: | E28: =SUM(E27:E27) -> 34.5 | F28: =H28/E28-1 -> 0.43478261 | G28: =SUM(G27:G27) -> 40 | H28: =SUM(H27:H27) -> 49.5 | I28: =SUM(I27:I27) -> 50 | J28: =SUM(J27:J27) -> 60
A29: 05.01.01.06. (TP) | B29: Visagino garbės piliečių nuostatuose numatytų teisių įgyvendinimas | C29: 188711925 | D29: SB | E29: 2.2 | F29: =H29/E29-1 -> 0.013636364 | G29: 2.226 | H29: 2.23 | I29: 2.5 | J29: 2.5 | K29: 2.7.-3 | L29: Visagino miesto garbės piliečių pagerbimas. Priemonė įgyvendinama, siekiant pagerbti Visagino miesto garbės piliečius (renginių bilietai, garbės piliečio ženklaiir kt.) | M29: R-06-02-01-02 | N29: Asmenų, kuriems suteiktas Garbės piliečių vardas, skaičius | O29: 1 | P29: 1 | Q29: 1 | R29: Pilietinės visuomenės ir privačiojo sektoriaus subjektai, dalyvavę rengiant ir (ar) įgyvendinant miestui svarbių klausimų sprendimus, vnt.
D30: Iš viso: | E30: =SUM(E29:E29) -> 2.2 | F30: =H30/E30-1 -> 0.013636364 | G30: =SUM(G29:G29) -> 2.226 | H30: =SUM(H29:H29) -> 2.23 | I30: =SUM(I29:I29) -> 2.5 | J30: =SUM(J29:J29) -> 2.5
A31: 05.02.01. (T) | B31: Įgyvendinti Lietuvos Respublikos jaunimo politikos pagrindų įstatymo nuostatas | E31: =SUM(E33,E35,E37,E39,) -> 16.8 | F31: =H31/E31-1 -> 1.2380952 | G31: =SUM(G33,G35,G37,G39,) -> 59.9 | H31: =SUM(H33,H35,H37,H39,) -> 37.6 | I31: =SUM(I33,I35,I37,I39,) -> 68.5 | J31: =SUM(J33,J35,J37,J39,) -> 78 | K31: 2.6. | M31: E-05-02-01 | N31: Jaunimo (14–29 metų amžiaus) dalis nuo bendro Visagino savivaldybės gyventojų skaičiaus (proc.) | O31: 12 | P31: 12,5 | Q31: 12,7 | R31: Jaunimo (14–29 metų amžiaus) dalis nuo bendro Visagino savivaldybės gyventojų skaičiaus (proc.)
A32: 05.02.01.01. (TP) | B32: Jaunimo politikos įgyvendinimas | C32: 188711925 | D32: SB | E32: 7 | F32: =H32/E32-1 -> 0.14285714 | G32: 21.4 | H32: 8 | I32: 21 | J32: 22 | K32: 2.6-2-1 | L32: Įgyvendinant priemonę planuojama dalyvauti "Jaunimo vasaros akademijoje" Telšiuose, organizuoti jau tradicija tampanti jaunimo festivalį Visagine, taip pat organizuoti įvairias akcijas ir šviečiamąsias veiklas jaunimui bei užtikrinti Visagino jaunimo reikalų tarybos veiklą. | M32: R-05-02-01-01 | N32: Jaunimo politikos įgyvendinimo srityje organizuotų renginių skaičius | O32: 3 | P32: 5 | Q32: 8 | R32: Renginių skaičius (vnt. per metus)
D33: Iš viso: | E33: =E32 -> 7 | F33: =H33/E33-1 -> 0.14285714 | G33: =G32 -> 21.4 | H33: =H32 -> 8 | I33: =I32 -> 21 | J33: =J32 -> 22
A34: 05.02.01.02. (TP) | B34: Jaunimo savanoriškos tarnybos Visagino savivaldybėje programos įgyvendinimas | C34: 188711925 | D34: SB | E34: 2.4 | F34: =H34/E34-1 -> 0 | G34: 2.5 | H34: 2.4 | I34: 2.5 | J34: 3 | K34: 2.6-2-2 | L34: Ši priemonė įgyvendinama vadovaujantis 2022-03-31 Visagino savivaldybės tarybos sprendimu Nr. TS-41 „Dėl Visagino savivaldybės tarybos 2019 m. birželio 27 d. sprendimo Nr. TS-159 „Dėl Visagino savivaldybės jaunimo savanoriškos tarnybos finansavimo tvarkos aprašo patvirtinimo“ pakeitimo“. Planuojama finansuoti ne mažiau kaip 6 jaunimo savanoriškos tarnybos programos dalyvius per metus, preliminarus 1 savanorio išlaikymas - 69 eur/1mėn * 6 mėn | M34: R-05-02-01-02 | N34: Jaunimo savanoriškos tarnybos programoje dalyvavusių asmenų skaičius | O34: 2 | P34: 4 | Q34: 6 | R34: Savanorių skaičius jaunimo ir su jaunimu dirbančiose organizacijose (ilgalaikių ir trumpalaikių) (asm.)
D35: Iš viso: | E35: =E34 -> 2.4 | F35: =H35/E35-1 -> 0 | G35: =SUM(G34) -> 2.5 | H35: =SUM(H34) -> 2.4 | I35: =SUM(I34) -> 2.5 | J35: =SUM(J34) -> 3
A36: 05.02.01.03. (TP) | B36: Atvirą darbą su jaunimu vykdančių organizacijų programų finansavimas | C36: 188711925 | D36: SB | E36: 3 | F36: =H36/E36-1 -> 1 | G36: 21 | H36: 6 | I36: 25 | J36: 28 | K36: 2.6-1-1 | L36: Teikti institucinę paramą įstaigoms, vykdančioms atvirąjį darbą su jaunimu, siekiant skatinti atviro darbo su jaunimu formų ir įvairovės plėtrą, ypatingą dėmesį skiriant iš švietimo sistemos iškritusiam, nedirbančiam ir perkvalifikavimo programose nedalyvaujančiam jaunimui. Projektų konkursų finansavimo sąlygų aprašas tvirtinamas teisės aktų nustatyta tvarka. | M36: R-05-02-01-03 | N36: Veikiančių jaunimo atvirų erdvių, jaunimo centrų skaičius (vnt.) | O36: 2 | P36: 3 | Q36: 3 | R36: Veikiančių jaunimo atvirų erdvių, jaunimo centrų skaičius (vnt.)
D37: Iš viso: | E37: =E36 -> 3 | F37: =H37/E37-1 -> 1 | G37: =G36 -> 21 | H37: =H36 -> 6 | I37: =I36 -> 25 | J37: =J36 -> 28
A38: 05.02.01.04. (TP) | B38: Jaunimo vasaros užimtumo programos įgyvendinimas | C38: 188711925 | D38: SB | E38: 4.4 | F38: =H38/E38-1 -> 3.8181818 | G38: 15 | H38: 21.2 | I38: 20 | J38: 25 | K38: 2.6-2-4 | L38: Šios programos tikslas padėti jaunimui įsitraukti į darbo rinką, įgyti reikiamos patirties vasaros atostogų laikotarpiu, o darbdaviams padėti išlaikyti jaunuolius darbo vietoje. Programa patvirtinta Visagino savivaldybės tarybos 2021 m. kovo 25 d. sprendimu Nr. TS-66 „Dėl Visagino savivaldybės jaunimo vasaros užimtumo įgyvendinimo programos patvirtinimo“. | M38: R-05-02-01-04 | N38: Jaunimo vasaros užimtumo programoje dalyvavusių jaunuolių skaičius | O38: 15 | P38: 18 | Q38: 20 | R38: NVO, jaunimo ir su jaunimu dirbančių asmenų skaičius (vnt.)
D39: Iš viso: | E39: =E38 -> 4.4 | F39: =H39/E39-1 -> 3.8181818 | G39: =G38 -> 15 | H39: =H38 -> 21.2 | I39: =I38 -> 20 | J39: =J38 -> 25
A40: 05.03.01. (T) | B40: Kurti ir plėtoti saugią aplinką Visagino savivaldybėje | E40: =SUM(E42,E44,E47,E49) -> 172.5 | F40: =H40/E40-1 -> 0.057333333 | G40: =SUM(G42,G44,G47,G49) -> 186.89 | H40: =SUM(H42,H44,H47,H49) -> 182.39 | I40: =SUM(I42,I44,I47,I49) -> 220.45 | J40: =SUM(J42,J44,J47,J49) -> 175.45 | K40: 2.8.-2 | M40: E-05-03-01 | N40: Užregistruotų nusikaltimų, baudžiamųjų nusižengimų skaičius, tenkantis 100 tūkst. gyventojų | O40: 1328 | P40: 1078 | Q40: 980 | R40: Parengta ir įgyvendinta Kompleksinės saugumo stiprinimo ir saugios savivaldybės plėtros programa, vnt.
A41: 05.03.01.01. (TP) | B41: Visagino savivaldybės nusikaltimų prevencijos ir kontrolės programos įgyvendinimas | C41: 188711925 | D41: SB | E41: 3.5 | F41: =H41/E41-1 -> -0.57142857 | G41: 4 | H41: 1.5 | I41: 6 | J41: 6 | K41: 2.8.-2-4 | L41: Įgyvendinant priemonę planuojama konkurso tvarka remti projektus, susijusius su visuomeninių organizacijų ir pilietinės bendruomenės, kitų institucijų, skatinimu, organizuojant bei vykdant nusikaltimų prevenciją ir kontrolę Visagino savivaldybėje. Projektų konkursų finansavimo sąlygų aprašas tvirtinamas teisės aktų nustayta tvarka. | M41: R-05-03-01-01 | N41: Įgyvendintų priemonių nusikaltimų prevencijos srityje skaičius | O41: 3 | P41: 3 | Q41: 3 | R41: Įdiegtų inovatyvių priemonių skaičius, vnt.
D42: Iš viso: | E42: =E41 -> 3.5 | F42: =H42/E42-1 -> -0.57142857 | G42: =G41 -> 4 | H42: =H41 -> 1.5 | I42: =I41 -> 6 | J42: =J41 -> 6
A43: 05.03.01.02. (TP) | B43: Nusikalstamumo mažinimas, panaudojant vaizdo stebėjimo kamerų tinklą | C43: 188711925 | D43: SB | E43: 110.1 | F43: =H43/E43-1 -> 0.21607629 | G43: 133.89 | H43: 133.89 | I43: 163.45 | J43: 163.45 | K43: 2.8.-2-6 | L43: Įgyvendinant šią priemonę siekiama užtikrinti vaizdo stebėjimo kamerų tinklo efektyvų darbą, siekiant užtikrinti saugumą mieste. | M43: R-05-03-01-02 | N43: Miesto vaizdo stebėjimo kamerų tinklo funkcionavimo užtikrinimas | O43: taip | P43: taip | Q43: taip | R43: Atnaujintų / įdiegtų vaizdo stebėjimo sistemų skaičius
D44: Iš viso: | E44: =E43 -> 110.1 | F44: =H44/E44-1 -> 0.21607629 | G44: =G43 -> 133.89 | H44: =H43 -> 133.89 | I44: =I43 -> 163.45 | J44: =J43 -> 163.45
B45: Miesto vaizdo stebėjimo sistemos serverinės dalies naujinimui | H45: 45
A46: 05.03.01.03. (TP) | B46: Gaisrų prevencijos programos Visagino savivaldybėje įgyvendinimas | C46: 188711925 | D46: SB | E46: 2.9 | F46: =H46/E46-1 -> -0.31034483 | G46: 4 | H46: 2 | I46: 6 | J46: 6 | K46: 2.8.-2-3 | L46: 2021-06-23 Visagino savivaldybės tarybossprendimu Nr. TS-146 "Dėl Gaisrų prevencijos Visagino savivaldybėje 2021–2023 metų programos patvirtinimo" 2023 m. IV -2024 m. I ketvirti numatoma patvirtinti "Gaisrų prevencijos Visagino savivaldybėje 2024–2026 metų programą | M46: R-05-03-01-03 | N46: Įgyvendintų priemonių skaičius | O46: 2 | P46: 2 | Q46: 3 | R46: Gaisrų prevencijos programoje numatytų priemonių įgyvendinimas proc. nuo visų planuotų įgyvendinti
D47: Iš viso: | E47: =E46 -> 2.9 | F47: =H47/E47-1 -> -0.31034483 | G47: =G46 -> 4 | H47: =H46 -> 2 | I47: =I46 -> 6 | J47: =J46 -> 6
A48: 05.03.01.04. (TP) | B48: Butų- patalpų, esančių Visagine, Festivalio g. 6,8 išpirkimas iš savininkų neskelbiamų derybų būdu | C48: 188711925 | D48: SB | E48: 56 | F48: =H48/E48-1 -> -0.19642857 | G48: 45 | H48: 45 | I48: 45 | K48: 2.5-1-6 | L48: Iš planuojamų išpirkti 38 butų, 2023 m. išpirkta 10 butų. 2024-2025 m. planuojama išpirkti likusią dalį t.y. po 14 butų per metus. | M48: R-05-03-01-04 | N48: Išpirktų butų skaičius | O48: 14 | P48: 14 | Q48: 0 | R48: Modernizuotų ir pritaikytų būstų skaičius
D49: Iš viso: | E49: =E48 -> 56 | F49: =H49/E49-1 -> -0.19642857 | G49: =G48 -> 45 | H49: =H48 -> 45 | I49: =I48 -> 45 | J49: =J48 -> 0
A50: 05.04.01. (T) | B50: Skatinti bendruomenę dalyvauti prevencinėse ir šviečiamosiose veiklose | E50: =SUM(E52,E54,) -> 35.26 | F50: =H50/E50-1 -> -0.77768009 | G50: =SUM(G52,G54,) -> 7.839 | H50: =SUM(H52,H54,) -> 7.839 | I50: =SUM(I52,I54,) -> 3 | J50: =SUM(J52,J54,) -> 3 | K50: 2.8.-2 | M50: E-05-04-01 | N50: Iš bendruomenės gautų skundų, susijusių su Lietuvos Respublikos Konstitucijos 29 straipsnio nuostatomis, skaičius | O50: 1 | P50: 1 | Q50: 1 | R50: Parengta ir įgyvendinta Kompleksinės saugumo stiprinimo ir saugios savivaldybės plėtros programa, vnt.
A51: 05.04.01.01. (TP) | B51: Konkursų ir projektų, kurių pagrindinis tikslas gilinti gyventojų žinias apie asmenų lygybę ir draudimą varžyti žmogaus teises ir teikti jam privilegijas lyties, rasės, tautybės, kalbos, kilmės, socialinės padėties, tikėjimo, įsitikinimų ar pažiūrų pagrindu, kovos su prekyba žmonėmis srityje; taip pat teikiamą pagalbą smurtą patyrusiems asmenims organizavimas ir įgyvendinimas | C51: 188711925 | D51: SB | E51: 3 | F51: =H51/E51-1 -> 0 | G51: 3 | H51: 3 | I51: 3 | J51: 3 | K51: 2.8.-2-7 | L51: Įgyvendinant priemonę bus įgyvendinamos priemonės, kurių tikslas informuoti visuomenę apie nuostatas, įtvirtinančias lyčių lygybės, lygių galimybių ir nediskriminavimo (dėl lyties, rasės, tautybės, pilietybės, kalbos, kilmės, socialinės padėties, tikėjimo, įsitikinimų ar pažiūrų, amžiaus, negalios, lytinės orientacijos, etninės priklausomybės, religijos ir kitų diskriminacinių motyvų). Taip pat bus organizuojamos prevencinės priemonės (metodinės ir konsultacinės) dėl smurto artimoje aplinkoje (įskaitant pagalbos priemones), lygių galimybių, kovos su prekyba žmonėmis srityje | M51: R-05-04-01-01 | N51: Įgyvendintų priemonių skaičius | O51: 5 | P51: 5 | Q51: 5 | R51: Įgyvendintų projektų skaičius
D52: Iš viso: | E52: =E51 -> 3 | F52: =H52/E52-1 -> 0 | G52: =G51 -> 3 | H52: =H51 -> 3 | I52: =I51 -> 3 | J52: =J51 -> 3
A53: 05.04.01.02. (PP) | B53: „Projekto „Pabėgėlių iš Ukrainos priėmimas ir ankstyva integracija“ įgyvendinimas | C53: 188711925 | D53: ES | E53: 32.26 | F53: =H53/E53-1 -> -0.85 | G53: 4.839 | H53: 4.839 | L53: Projektas finansuojamas iš Prieglobsčio, migracijos ir integracijos fondo priemonės „Pagalba ekstremaliosios situacijos atveju“ lėšų. Pagrindinės projekto veiklos individualios psichologų konsultacijos; teisinės konsultacijos / informacijos teikimo paslaugos; savitarpio pagalbos ir streso valdymo grupės; psichotropinių medžiagų vartojimo, nelegalaus darbo mažinimo, prekybos žmonėmis prevencinės priemonės; kūrybinių dirbtuvių ukrainiečiams ir vietos bendruomenės nariams organizavimas; verslumo ugdymo ir įdarbinimo skatinimo seminarai ir individualios konsultacijos moterims ir merginoms; sporto ir sveikatingumo užsiėmimai; edukacinės programos sociokultūrinei ir pilietinei užsieniečių integracijai. Projekto partneriai: BĮ Visagino šeimos ir vaiko gerovės centras, NVO Visagino šeimos krizių centras, NVO LRKD Visagino skyrius, NVO Visagino ukrainiečių bendrija, VšĮ Visagino ekonomikos plėtros agentūra, NVO Trečiojo amžiaus universitetas, BĮ Visagino viešoji biblioteka. | M53: R-05-04-01-02 | N53: Užimtumo tarnyboje prie Lietuvos Respublikos socialinės apsaugos ir darbo ministerijos bedarbio statusu registruotų ukrainiečių skaičius | O53: 68
D54: Iš viso: | E54: =E53 -> 32.26 | F54: =H54/E54-1 -> -0.85 | G54: =G53 -> 4.839 | H54: =H53 -> 4.839 | I54: =I53 -> 0 | J54: =J53 -> 0 | N54: 0–3 metų vaikai | O54: 25
F55: =H55/E55-1 -> #DIV/0! | N55: 4–6 metų amžiaus vaikai | O55: 42
F56: =H56/E56-1 -> #DIV/0! | N56: 70+ amžiaus asmenys | O56: 44
F57: =H57/E57-1 -> #DIV/0! | N57: Bendrojo ugdymo įstaigose registruoti mokiniai | O57: 82
F58: =H58/E58-1 -> #DIV/0! | N58: Bendras asmenų skaičius | O58: 261
A59: 05.05.01. (T) | B59: Įgyvendinti diasporos politikos strategines gaires "Globali Lietuva" 2023-2030 m. | E59: =SUM(E61) -> 0 | G59: =SUM(G61) -> 1.5 | H59: =SUM(H61) -> 1.5 | I59: =SUM(I61) -> 2 | J59: =SUM(J61) -> 2.5 | K59: 2.7.-1 | M59: E-05-04-01 | N59: Nevyriausybinių organizacijų organizavusių užsiėmimus diasporos atstovams skaičius | O59: 0 | P59: 1 | Q59: 1 | R59: Veikiančių nevyriausybinių ir bendruomeninių organizacijų skaičius
A60: 05.05.01.01. (TP) | B60: Rengti ir stiprinti edukacines programas bei stovyklas (įskaitant tradicinės kultūros stovyklas) skirtingo amžiaus diasporos vaikams ir jaunimui, kviesti diasporos atstovus dalyvauti įvairiuose renginiuose Lietuvoje | C60: 188711925 | D60: SB | E60: 0 | G60: 1.5 | H60: 1.5 | I60: 2 | J60: 2.5 | K60: 2.7.-1-1 | L60: Įgyvendinant priemonę bus įgyvendinamos Lietuvos Respublikos užsienio reikalų ministro 2021 m. gruodžio 27 d. įsakymu Nr. V-550 "Dėl Lietuvos diasporos politikos strateginių gairių „Globali Lietuva“ 2022‒2030 m. patvirtinimo", patvirtintos Lietuvos diasporos politikos strateginių gairių „Globali Lietuva“ 2022‒2030 m." nuostatos, o numatytos įgyvendinti priemonės bus įtrauktos į Lietuvos diasporos politikos strateginių gairių „Globali Lietuva“ 2022‒2030 m. įgyvendinimo veiksmų planą 2024–2026 m. | M60: R-05-04-01-01 | N60: Įgyvendintų priemonių skaičius | O60: 2 | P60: 3 | Q60: 4 | R60: Priimta sprendimų, turinčių tiesioginės įtakos nevyriausybinių ir bendruomeninių | S60: nauja priemone
D61: Iš viso: | E61: =E60 -> 0 | G61: =G60 -> 1.5 | H61: =H60 -> 1.5 | I61: =I60 -> 2 | J61: =J60 -> 2.5
E62: 2023 m. asignavimų planas | G62: =G15 -> 2024 m. išlaidų projektas (lėšų poreikis), tūkst. Eur | H62: =H15 -> 2024 m.asignavimai ir kitos lėšos, tūkst. Eur | I62: =I15 -> 2025 m. asignavimai ir kitos lėšos, tūkst. Eur | J62: =J15 -> 2026 m. asignavimai ir kitos lėšos, tūkst. Eur
B63: 1. Savivaldybės biudžetas (įskaitant skolintas lėšas) | E63: =E64+E65+E66+E67+E68+E69 -> 300.092 | F63: =H63/E63-1 -> 0.31722605 | G63: =SUM(G64,G65,G66,G67,G68,G69,) -> 430.059 | H63: =SUM(H64,H65,H66,H67,H68,H69,) -> 395.289 | I63: =SUM(I64,I65,I66,I67,I68,I69,) -> 497.48 | J63: =SUM(J64,J65,J66,J67,J68,J69,) -> 408.95
B64: Iš jo: 1.1. savivaldybės biudžeto lėšos (nuosavos, be ankstesnių metų likučio) | E64: =SUM(E18,E20,E23,E25,E27,E32,E34,E36,E38,E41,E43,E46,E48,E51,) -> 253.3 | F64: =H64/E64-1 -> 0.54145282 | G64: =SUM(G18,G20,G23,G25,G27,G32,G34,G36,G38,G41,G43,G46,G48,G51,) -> 410.22 | H64: =SUM(H18,H20,H23,H25,H27,H32,H34,H36,H38,H41,H43,H46,H48,H51,H29,H60) -> 390.45 | I64: =SUM(I18,I20,I23,I25,I27,I32,I34,I36,I38,I41,I43,I46,I48,I51,I29,I60) -> 482.48 | J64: =SUM(J18,J20,J23,J25,J27,J32,J34,J36,J38,J41,J43,J46,J48,J51,J29,J60) -> 393.95
B65: 1.2. Lietuvos Respublikos valstybės biudžeto dotacijos | E65: =SUM(E21) -> 14.532 | F65: =H65/E65-1 -> -1 | G65: =SUM(G21,) -> 15 | H65: =SUM(H21) -> 0 | I65: =SUM(I21) -> 15 | J65: =SUM(J21) -> 15
B66: 1.3. Pajamų įmokos ir kitos pajamos | E66: 0 | G66: 0 | H66: 0 | I66: 0 | J66: 0
B67: 1.4. Europos Sąjungos ir kitos tarptautinės finansinės paramos lėšos | E67: =SUM(E53) -> 32.26 | F67: =H67/E67-1 -> -0.85 | G67: =SUM(G53) -> 4.839 | H67: =SUM(H53) -> 4.839 | I67: =SUM(I53) -> 0 | J67: =SUM(J53) -> 0
B68: 1.5. Skolintos lėšos | E68: 0 | G68: 0 | H68: 0 | I68: 0 | J68: 0
B69: 1.6. Ankstesnių metų likučiai | E69: 0 | G69: 0 | H69: 0 | I69: 0 | J69: 0
B70: 2. Kiti šaltiniai (Europos Sąjungos finansinė parama projektams įgyvendinti ir kitos teisėtai gautos lėšos, nurodant atskirus šaltinius) | E70: 0 | G70: 0 | H70: 0 | I70: 0 | J70: 0
B71: IŠ VISO programai finansuoti pagal finansavimo šaltinius (1 ir 2 punktai) | E71: =SUM(E63,E70) -> 300.092 | F71: =H71/E71-1 -> 0.31722605 | G71: =SUM(G63,G70) -> 430.059 | H71: =SUM(H63,H70) -> 395.289 | I71: =SUM(I63,I70) -> 497.48 | J71: =SUM(J63,J70) -> 408.95
B72: Iš jų: regioninių pažangos priemonių lėšos | E72: 0 | G72: 0 | H72: 0 | I72: 0 | J72: 0
B73: Asignavimų ir kitų lėšų pokytis, palyginti su ankstesnių metų patvirtintų asignavimų ir kitų lėšų planu | E73: 0 | G73: 0 | H73: =H71/E71-1 -> 0.31722605 | I73: =I71/H71-1 -> 0.25852225 | J73: =J71/I71-1 -> -0.1779569

Sheet 6 programa
A1: Socialinės paramos programos (06) uždaviniai, priemonės, asignavimai ir kitos lėšos (tūkst.eurų) ir jų stebėsenos rodikliai
A2: Šios programos tikslas – vykdyti savarankiškąsias savivaldybės (socialinių paslaugų planavimas ir teikimas, socialinių paslaugų įstaigų išlaikymas, socialinių pašalpų ir kompensacijų skaičiavimas ir mokėjimas, bendradarbiavimas su nevyriausybinėmis organizacijomis, sąlygų savivaldybės teritorijoje gyvenančių neįgaliųjų socialiniam integravimui į bendruomenę sudarymas) ir valstybines (valstybės perduotas savivaldybėms) funkcijas (socialinės globos teikimo asmenims su sunkia negalia užtikrinimas, išmokų skaičiavimas ir mokėjimas, mokinių nemokamo maitinimo, mokinių aprūpinimo mokinio reikmenimis administravimas).
A4: =A15 -> 06.01.01 (T) | B4: =B15 -> Užtikrinti efektyvią savivaldybės biudžetinių socialinių paslaugų įstaigų veiklą
A5: =A32 -> 06.01.02. (T) | B5: =B32 -> Užtikrinti socialinių išmokų ir kompensacijų mokėjimą
A6: =A93 -> 06.01.03. (T) | B6: =B93 -> Pagerinti ir plėsti socialinių paslaugų kokybę ir prieinamumą, bei sukurti jų plėtrai reikalingą infrastruktūrą
A7: =A147 -> 06.02.01. (T) | B7: =B147 -> Skatinti socialinių paslaugų plėtrą bendruomenėje
A9: Programos įgyvendinimo laikotarpis 2024-2026 m.
A10: Programos įgyvendinimo koordinatorė Jolita Zabulytė, jolita.zabulyte@visaginas.lt, tel. 8 (386) 36 007
A12: 8 lentelė. Socialinės paramos programos (06) uždaviniai, priemonės, asignavimai ir kitos lėšos (tūkst.eurų) ir jų stebėsenos rodikliai
A13: Programos uždavinio, priemonės kodas ir požymis | B13: Uždavinio, priemonės pavadinimas, finansavimo šaltiniai | C13: Asignavimų valdytojo kodas | D13: Finansavimo šaltinis | E13: 2023 m. asignavimų planas | F13: Asignavimų pasikeitimas | G13: 2024 m. išlaidų projektas (lėšų poreikis), tūkst. Eur | H13: 2024 m.asignavimai ir kitos lėšos, tūkst. Eur | I13: 2025 m. asignavimai ir kitos lėšos, tūkst. Eur | J13: 2026 m.asignavimai ir kitos lėšos, tūkst. Eur | K13: Savivaldybės strateginio plėtros plano priemonės kodas | L13: Trumpas priemonės įgyvendinimo aprašymase | M13: Stebėsenos rodiklio kodas | N13: Stebėsenos rodiklio pavadinimas (matavimo vnt.) | O13: Siektinos stebėsenos rodiklių reikšmės | R13: Savivaldybės strateginio plėtros plano rodiklis
O14: 2024 | P14: 2025 | Q14: 2026
A15: 06.01.01 (T) | B15: Užtikrinti efektyvią savivaldybės biudžetinių socialinių paslaugų įstaigų veiklą | E15: =SUM(E20,) -> 1555.062 | F15: =H15/E15-1 -> -0.028699177 | G15: =SUM(G20,) -> 1736.157 | H15: =SUM(H20,) -> 1510.433 | I15: =SUM(I20,) -> 1514 | J15: =SUM(J20,) -> 1519 | K15: 2.5 | M15: E-06-01-01 | N15: Socialines paslaugas gavusių asmenų skaičius proc. nuo bendro gyventojų skaičiaus | O15: 8 | P15: 9 | Q15: 9 | R15: Socialines paslaugas gavusių asmenų skaičius proc. nuo bendro gyventojų skaičiaus
A16: 06.01.01.01. (TP) | B16: Socialinių įstaigų veiklos organizavimas | C16: Įstaigos | D16: SB | E16: =SUM(E21,E26) -> 1101.68 | F16: =H16/E16-1 -> -0.019724421 | G16: =SUM(G21,G26) -> 1344.493 | H16: =SUM(H21,H26,H31) -> 1079.95 | I16: =SUM(I21,I26,I31) -> 1081 | J16: =SUM(J21,J26,J31) -> 1083 | K16: 2.5-1 | L16: Įgyvendinant šią priemonę ir vykdant savarankiškąją savivaldybės socialinių paslaugų teikimo užtikrinimo planuojant ir organizuojant socialines paslaugas funkciją bei valstybinę (valstybės perduotą savivaldybėms) funkciją, susijusią su socialinės globos teikimo asmenims su sunkia negalia organizavimu, užtikrinama socialines palsaugas Visagino savivaldybėje teikiančių įstaigų Visagino šeimos ir vaiko gerovės centro ir Visagino socialinių paslaugų centro veikla | M16: R-06-01-01-01 | N16: Teikiamų socialinių paslaugų rūšių (bendrųjų socialinių paslaugų, socialinės priežiūros paslaugų, socialinės globos paslaugų ir kt. ) skaičius (vnt.) | O16: 25 | P16: 26 | Q16: 27 | R16: Teikiamų socialinių paslaugų rūšių (bendrųjų socialinių paslaugų, socialinės priežiūros paslaugų, socialinės globos paslaugų ir kt. ) skaičius (vnt.)
D17: ĮP | E17: =SUM(E22,E27) -> 371.255 | F17: =H17/E17-1 -> 0.057179028 | G17: =SUM(G22,G27) -> 373.464 | H17: =SUM(H22,H27) -> 392.483 | I17: =SUM(I22,I27) -> 394 | J17: =SUM(J22,J27) -> 396
D18: SD | E18: =SUM(E23,E28) -> 82.127 | F18: =H18/E18-1 -> -0.53730198 | G18: =SUM(G23,G28) -> 0 | H18: =SUM(H23,H28) -> 38 | I18: =SUM(I23,I28) -> 39 | J18: =SUM(J23,J28) -> 40
D19: Kt | E19: =SUM(E24,E29) -> 0 | G19: =SUM(G24,G29) -> 18.2 | H19: =SUM(H24,H29) -> 0 | I19: =SUM(I24,I29) -> 0 | J19: =SUM(J24,J29) -> 0
D20: Iš viso: | E20: =SUM(E16:E19) -> 1555.062 | F20: =H20/E20-1 -> -0.028699177 | G20: =SUM(G16:G19) -> 1736.157 | H20: =SUM(H16:H19) -> 1510.433 | I20: =SUM(I16:I19) -> 1514 | J20: =SUM(J16:J19) -> 1519
B21: Visagino socialinių paslaugų centro veiklos užtikrinimas | C21: 300079075 | D21: SB | E21: 550.19 | F21: =H21/E21-1 -> -0.18808048 | G21: 745.468 | H21: 446.71 | I21: 447 | J21: 448 | L21: Įgyvendinant šią priemonę bus užtikrinta Visagino socialinių paslaugų centro veikla | M21: V-06-01-01-01
D22: ĮP | E22: 349.9 | F22: =H22/E22-1 -> 0.047393541 | G22: 349.364 | H22: =366.18+0.303 -> 366.483 | I22: 367 | J22: 368
D23: SD | E23: 69.102 | F23: =H23/E23-1 -> -0.61274637 | G23: 0 | H23: 26.76 | I23: 27 | J23: 28
D24: Kt | G24: 18.2 | H24: 0 | I24: 0 | J24: 0
D25: Viso | E25: =SUM(E21:E24) -> 969.192 | F25: =H25/E25-1 -> -0.13334716 | G25: =SUM(G21:G24) -> 1113.032 | H25: =SUM(H21:H24) -> 839.953 | I25: =SUM(I21:I24) -> 841 | J25: =SUM(J21:J24) -> 844
B26: Visagino šeimos ir vaiko gerovės centro veiklos užtikrinimas | C26: 190230824 | D26: SB | E26: 551.49 | F26: =H26/E26-1 -> 0.095649966 | G26: 599.025 | H26: 604.24 | I26: 605 | J26: 606 | L26: Įgyvendinant šią priemonę bus užtikrinta Visagino šeimos ir vaiko gerovės centro veikla | M26: V-06-01-01-01 | O26: 2
D27: ĮP | E27: 21.355 | F27: =H27/E27-1 -> 0.21751346 | G27: 24.1 | H27: 26 | I27: 27 | J27: 28
D28: SD | E28: 13.025 | F28: =H28/E28-1 -> -0.13704415 | G28: 0 | H28: 11.24 | I28: 12 | J28: 12
D29: Kt | G29: 0 | H29: 0 | I29: 0 | J29: 0
D30: Viso | E30: =SUM(E26:E29) -> 585.87 | F30: =H30/E30-1 -> 0.094918668 | G30: =SUM(G26:G29) -> 623.125 | H30: =SUM(H26:H29) -> 641.48 | I30: =SUM(I26:I29) -> 644 | J30: =SUM(J26:J29) -> 646
B31: Visagino savivaldybės administarcija | H31: 29 | I31: 29 | J31: 29 | L31: Nuo 2024 m. liepos 1 d. socialinių paslaugų planui įgyvendinti
A32: 06.01.02. (T) | B32: Užtikrinti socialinių išmokų ir kompensacijų mokėjimą | E32: =SUM(E35,E38,E42,E44,E46,E57,E60,E74,E87,E92,) -> 9154.57 | F32: =H32/E32-1 -> 0.20229208 | G32: =SUM(G35,G38,G42,G44,G46,G57,G60,G74,G87,G92,) -> 10712.398 | H32: =SUM(H35,H38,H42,H44,H46,H57,H60,H74,H87,H92,) -> 11006.467 | I32: =SUM(I35,I38,I42,I44,I46,I57,I60,I74,I87,I92,) -> 11142.515 | J32: =SUM(J35,J38,J42,J44,J46,J57,J60,J74,J87,J92,) -> 11157.56 | K32: 2.5.1. | M32: E-01-01-02 | N32: Socialinės paramos gyventojams teikimo laiku užtikrinimas | O32: taip | P32: taip | Q32: taip
A33: 06.01.02.01. (TP) | B33: Išmokų vaikams skyrimas ir administravimas (SADM) | C33: 188711925 | D33: VB | E33: 4708.1 | F33: =H33/E33-1 -> 0.097024277 | G33: 4872.955 | H33: 5164.9 | I33: 5165 | J33: 5165 | K33: 2.5-1-1 | L33: Vadovaujantis Lietuvos Respublikos išmokų vaikams įstatymu mokamos vienkartinės ir periodinės išmokos, užtikrinančios finansinę paramą šeimoms, auginančioms vaikus ar įvaikius, ir vaikams, netekusiems tėvų globos | M33: R-06-01-02-01 | N33: Vaikų, gaunančių vienkartines ir pastovias išmokas, skaičius | O33: 3600 | P33: 3550 | Q33: 3500 | R33: Socialinės pašalpos gavėjų skaičius proc. nuo bendro gyventojų skaičiaus Būsto šildymo išlaidų ir išlaidų karštam ir geriamam vandeniui gavėjų skaičius proc. nuo bendro gyventojų skaičiaus
D34: SB
D35: Iš viso: | E35: =SUM(E33:E34) -> 4708.1 | F35: =H35/E35-1 -> 0.097024277 | G35: =SUM(G33:G34) -> 4872.955 | H35: =SUM(H33:H34) -> 5164.9 | I35: =SUM(I33:I34) -> 5165 | J35: =SUM(J33:J34) -> 5165
A36: 06.01.02.02. (TP) | B36: Tikslinių kompensacijų mokėjimas ir administravimas | C36: 188711925 | D36: VB | E36: 541.5 | F36: =H36/E36-1 -> 1.4855032 | G36: 1226.4 | H36: =1281.8+64.1 -> 1345.9 | I36: 1346 | J36: 1347 | L36: Vadovaujantis Lietuvos Respublikos tikslinių kompensacijų įstatymu mokamos slaugos ir pagalbos (priežiūros) išlaidų tikslinės kompensacijos, asmenims, kuriems nustatytas specialusis nuolatinės slaugos ar specialusis nuolatinės priežiūros (pagalbos) poreikis, atliekamas senyvo amžiaus asmenų savarankiškumo kasdieninėje veikloje vertinimas | M36: R-06-01-02-02 | N36: Tikslinių kompensacijų gavėjų skaičius | O36: 580 | P36: 580 | Q36: 580
D37: SB
D38: Iš viso: | E38: =SUM(E36:E37) -> 541.5 | F38: =SUM(F36:F37) -> 1.4855032 | G38: =SUM(G36:G37) -> 1226.4 | H38: =SUM(H36:H37) -> 1345.9 | I38: =SUM(I36:I37) -> 1346 | J38: =SUM(J36:J37) -> 1347
A39: 06.01.02.03. (TP) | B39: Socialinių išmokų ir kompensacijų skyrimas, mokėjimas ir administravimas | C39: 188711925 | D39: D | E39: 147.38 | F39: =H39/E39-1 -> 0.11667119 | G39: 148.176 | H39: 164.575 | I39: 165 | J39: 166 | L39: Nepasiturintiems savivaldybės gyventojams vadovaujantis Lietuvos Respublikos piniginės socialinės paramos nepasiturintiems gyventojams įstatymu – skiriama ir mokama socialinė pašalpa, kai suaugę asmenys yra išnaudoję visas kitų pajamų gavimo galimybes bei kompensuojamos būsto šildymo, geriamojo vandens ir karšto vandens išlaidos. Vadovaujantis Lietuvos Respublikos paramos mirties atveju įstatymu mirus asmeniui mokama laidojimo pašalpa bei parama palaikams parvežti, kuris yra lygi faktinėms palaikų parvežimo į Lietuvos Respubliką išlaidoms, bet neturi viršyti nustatyto dydžio. | M39: R-06-01-02-03 | N39: Mažas pajamas turinčių šeimų, gaunančių būsto šildymo išlaidų ir išlaidų karštam vandeniui kompensacijas, skaičius | O39: 7000 | P39: 7000 | Q39: 7000
D40: SB | E40: 2176.93 | F40: =H40/E40-1 -> 0 | G40: 2176.93 | H40: 2176.93 | I40: 2300 | J40: 2300 | N40: Socialinės pašalpos gavėjų skaičius proc. nuo bendro gyventojų skaičiaus | O40: 1400 | P40: 1400 | Q40: 1400
D41: SD | G41: 380 | H41: 0
D42: Iš viso: | E42: =SUM(E39:E40) -> 2324.31 | F42: =H42/E42-1 -> 0.0073978944 | G42: =SUM(G39:G41) -> 2705.106 | H42: =SUM(H39:H41) -> 2341.505 | I42: =SUM(I39:I41) -> 2465 | J42: =SUM(J39:J41) -> 2466
A43: 06.01.02.04. (TP) | B43: Išmokų nedarbingiems neįgaliems asmenims, auginantiems vaikus iki 18 metų bei vaikus iki 24 metų, besimokančius bendrojo lavinimo mokyklose, profesinėse mokyklose, aukštesniosiose ar aukštosiose mokyklose dienine forma mokėjimas (SADM) | C43: 188711925 | D43: VB | L43: Nedarbingiems neįgaliesiems, auginantiems vaikus, mokama 20 proc. BSI kompensacija už komunalines paslaugas | M43: R-06-01-02-04 | N43: Išmokų nedarbingiems neįgaliesiems, auginantiems vaikus iki 18 metų, gavėjų skaičius | O43: 1 | P43: 1 | Q43: 1
D44: Iš viso: | E44: =E43 -> 0 | F44: =F43 -> 0 | G44: =G43 -> 0 | H44: =H43 -> 0 | I44: =I43 -> 0 | J44: =J43 -> 0
A45: 06.01.02.06. (TP) | B45: Mokesčių už socialiai jautrioms grupėms suteiktas paslaugas kompensavimas | C45: 188711925 | D45: SB | E45: 150.85 | F45: =H45/E45-1 -> 0.041962214 | H45: =SUM(H47,H48,H49,H50,H51,H52,H53,H54,H55,) -> 157.18 | I45: 156 | J45: 157 | L45: Visagino savivaldybės tarybos sprendimų, susijusių su mokesčių už teikiamas paslaugas, kompensavimu įgyvendinimas (100 proc. mokesčio už vieną neformaliojo švietimo programą jų pasirinktoje vienoje Visagino savivaldybės biudžetinėje neformaliojo švietimo įstaigoje kompensacija suaugusiems neįgaliems asmenims, kurių pajamos bendrai gyvenantiems asmenims arba vienam gyvenančiam asmeniui per mėnesį yra mažesnės negu 3 valstybės remiamų pajamų dydžiai; mokesčio už baseinų suteiktas paslaugas kompensavimas, NVŠ, mokesčio už ikimokyklinį ugdymą lengvatos ir pan.) | M45: R-06-01-02-06 | N45: Asmenų, priklausančių socialiai jautrioms grupėms, gavusių kompensacijas skaičius | O45: 100 | P45: 100 | Q45: 100
D46: Iš viso: | E46: =E45 -> 150.85 | F46: =H46/E46-1 -> 0.041962214 | H46: =H45 -> 157.18 | I46: =I45 -> 156 | J46: =J45 -> 157
B47: Vaikų lopšelio-darželio „Auksinis gaidelis“ | G47: 22.8 | H47: 26 | I47: 22.8 | J47: 22.8
B48: Vaikų lopšelio-darželio „Auksinis raktelis“ | G48: 28.5 | H48: 32.45 | I48: 28.5 | J48: 28.5
B49: Vaikų lopšelio-darželio „Ąžuoliukas“ | G49: 18.26 | H49: 22.5 | I49: 18.26 | J49: 18.26
B50: Lopšelis-darželis „Gintarėlis“ | G50: 21.4 | H50: 18.6 | I50: 21.4 | J50: 21.4
B51: Vaikų lopšelio-darželio „Kūlverstukas“ | G51: 15 | H51: 15.5 | I51: 15 | J51: 15
B52: suagusių neįgalijų | E52: 700 | H52: 0.63
B53: VSA (ŠVGC) | E53: 107400 | H53: 1.5
B54: baseinas | E54: 30000 | H54: 31.06
B55: NVŠ | E55: 12750 | H55: 8.94
A56: 06.01.02.07. (TP) | B56: Socialinės priežiūros paslaugų šeimoms teikimo užtikrinimas (SPC) | C56: 300079075 | D56: D | E56: 555.2 | F56: =H56/E56-1 -> 0.02629683 | G56: 583.538 | H56: =497.4+72.4 -> 569.8 | I56: 570 | J56: 571 | K56: 2.5-1-5 | L56: Socialinę priežiūrą šeimoms teikia atvejo vadybininkai, socialiniai darbuotojai ir individualios priežiūros darbuotojai. | M56: R-06-01-02-07 | N56: Socialinių darbuotojų, teikiančių socialinę priežiūrą šeimoms, pareigybių skaičius, vienetai | O56: 20 | P56: 20 | Q56: 20 | R56: Socialinės pašalpos gavėjų skaičius proc. nuo bendro gyventojų skaičiaus
D57: Iš viso: | E57: =E56 -> 555.2 | F57: =H57/E57-1 -> 0.02629683 | G57: =G56 -> 583.538 | H57: =H56 -> 569.8 | I57: =I56 -> 570 | J57: =J56 -> 571
A58: 06.01.02.08. (TP) | B58: Socialinės paramos mokiniams išlaidoms už įsigytus produktus skyrimas | C58: Įstaigos | D58: D | E58: =SUM(E61:E71) -> 354.83 | F58: =H58/E58-1 -> 0.072513598 | G58: =SUM(G61:G71) -> 359.419 | H58: =H61+H62+H63+H64+H65+H66+H67+H69+H70+H71 -> 380.56 | I58: =SUM(I61:I71) -> 380.56 | J58: =SUM(J61:J71) -> 380.56 | K58: 2.5-1-1 | L58: Vadovaujantis Lietuvos Respublikos socialinės paramos mokiniams įstatymu mokiniams, kurių vidutinės bendrai gyvenančių asmenų pajamos vienam asmeniui per mėnesį mažesnės kaip 1,5 VRP, išimties atvejais mažesnės kaip 2 VRP arba 2,5 VRP, skiriamas nemokamas maitinimas mokykloje. Įgyvendinant šią priemonę dalyvauja: lopšelis-darželis „Auksinis raktelis“, lopšelis-darželis „Kūlverstukas“, lopšelis-darželis „Gintarėlis“, lopšelis-darželis „Ąžuoliukas“, Visagino „Žiburio“ pagrindinė mokykla, Visagino „Atgimimo“ gimnazija, Visagino Draugystės progimnazija, Visagino „Gerosios vilties“ progimnazija, Visagino „Verdenės“ gimnazija. Mokinai, kurie mokosi mokyklose pagal priešmokyklinio ugdymo programą ir pagal pradinio ugdymo programą pirmoje ir antroje klasėse, turi teisę į nemokamus pietus nevertinant pajamų. | M58: R-06-01-02-08 | N58: Mokinių, gaunančių nemokamą maitinimą, vidutinis skaičius per mėnesį | O58: 998 | P58: 998 | Q58: 998
D59: SD | H59: =H68 -> 0.552 | I59: 0.555 | J59: 0.6
D60: Iš viso: | E60: =E58 -> 354.83 | F60: =F58 -> 0.072513598 | G60: =G58 -> 359.419 | H60: =H58+H59 -> 381.112 | I60: =I58+I59 -> 381.115 | J60: =J58+J59 -> 381.16
B61: Visagino Atgimimo gimnazija | E61: 20 | G61: 27.19 | H61: 25.86 | I61: 25.86 | J61: 25.86
B62: Visagino Draugystės progimnazija | E62: 67 | G62: 79.613 | H62: 66 | I62: 66 | J62: 66
B63: Visagino Gerosios vilties progimnazija | E63: 108.83 | G63: 86.5 | H63: 106 | I63: 106 | J63: 106
B64: Visagino Verdenės gimnazija | E64: 65 | G64: 65 | H64: 75 | I64: 75 | J64: 75
B65: Visagino "Žiburio" pagrindinė mokykla | E65: 42 | G65: 42 | H65: 49 | I65: 49 | J65: 49
B66: Visagino vaikų l-d Auksinis raktelis | E66: 13 | G66: 13 | H66: 16 | I66: 16 | J66: 16
B67: Visagino vaikų lopšelis-darželis Kūlverstukas | D67: D | E67: 5 | G67: 11.5 | H67: 6.7 | I67: 6.7 | J67: 6.7
D68: SD | H68: 0.552
B69: Visagino vaikų l-d Gintarėlis | E69: 11 | G69: 10.5 | H69: 12 | I69: 12 | J69: 12
B70: Visagino vaikų l-d "Ąžuoliukas" | E70: 11 | G70: 11.7 | H70: 12 | I70: 12 | J70: 12
B71: Visagino L-d Auksinis gaidelis (Vaikystės pedagogikos centras) | E71: 12 | G71: 12.416 | H71: 12 | I71: 12 | J71: 12
A72: 06.01.02.09. (TP) | B72: Socialinės paramos mokinio reikmenims įsigyti skyrimas | C72: Įstaigos | D72: D | E72: =SUM(E75:E85) -> 54.88 | F72: =H72/E72-1 -> 0.10240525 | G72: =SUM(G75:G85) -> 4.594 | H72: =SUM(H75:H85) -> 60.5 | I72: =SUM(I75:I85) -> 60.5 | J72: =SUM(J75:J85) -> 60.5 | K72: 2.5-1-1 | L72: Vadovaujantis Lietuvos Respublikos socialinės paramos mokiniams įstatymu, mokiniams, kurių vidutinės bendrai gyvenančių asmenų pajamos vienam asmeniui per mėnesį mažesnės kaip 1,5 VRP, išimties atvejais mažesnės kaip 2 arba 2,5 VRP, skiriama 2 BSI dydžio parama mokinio reikmenims įsigyti. | M72: R-06-01-02-09 | N72: Mokinių, gaunančių paramą mokinio reikmenims įsigyti, skaičius | O72: 540 | P72: 540 | Q72: 540
D73: SB
D74: Iš viso: | E74: =E72 -> 54.88 | F74: =H74/E74-1 -> 0.10240525 | G74: =G72 -> 4.594 | H74: =H72 -> 60.5 | I74: =I72 -> 60.5 | J74: =J72 -> 60.5
B75: Visagino Atgimimo gimnazija | E75: 0.392 | H75: 0.22 | I75: 0.22 | J75: 0.22
B76: Visagino Draugystės progimnazija | E76: 0.882 | G76: 0.784 | H76: 0.33 | I76: 0.33 | J76: 0.33
B77: Visagino Gerosios vilties progimnazija | E77: 1.47 | G77: 1.47 | H77: 0.55 | I77: 0.55 | J77: 0.55
B78: Visagino Verdenės gimnazija | E78: 0.686 | G78: 0.686 | H78: 0.55 | I78: 0.55 | J78: 0.55
B79: Visagino "Žiburio" pagrindinė mokykla | E79: 0.49 | G79: 0.49 | H79: 0.33 | I79: 0.33 | J79: 0.33
B80: Visagino vaikų l-d Auksinis raktelis | E80: 0.196 | G80: 0.196 | H80: 0.22 | I80: 0.22 | J80: 0.22
B81: Visagino vaikų lopšelis-darželis Kūlverstukas | E81: 0.196 | G81: 0.392 | H81: 0.22 | I81: 0.22 | J81: 0.22
B82: Visagino vaikų l-d Gintarėlis | E82: 0.196 | G82: 0.196 | H82: 0.22 | I82: 0.22 | J82: 0.22
B83: Visagino vaikų l-d "Ąžuoliukas" | E83: 0.196 | G83: 0.184 | H83: 0.22 | I83: 0.22 | J83: 0.22
B84: Visagino L-d Auksinis gaidelis (Vaikystės pedagogikos centras) | E84: 0.196 | G84: 0.196 | H84: 0.22 | I84: 0.22 | J84: 0.22
B85: Savivaldybės administracija | E85: 49.98 | H85: 57.42 | I85: 57.42 | J85: 57.42
A86: 06.01.02.10. (TP) | B86: Socialinių paslaugų asmenims su sunkia negalia užtikrinimas | C86: Įstaigos | D86: D | E86: =SUM(E88:E90) -> 436.9 | F86: =H86/E86-1 -> 1.1688487 | G86: =SUM(G88:G90) -> 921.486 | H86: =SUM(H88:H90) -> 947.57 | I86: 950 | J86: 951 | K86: 2.5-1-5 | L86: Vykdant valstybinę (valstybės perduotą savivaldybėms) funkciją, susijusią su socialinės globos teikimo asmenims su sunkia negalia organizavimu, kompensuojamos socialinės globos asmenims su sunkia negalia išlaidos | M86: R-06-01-02-10 | N86: Asmenų su sunkia negalia, gaunančių socialinę globą, skaičius | O86: 107 | P86: 110 | Q86: 112
D87: Iš viso: | E87: =E86 -> 436.9 | F87: =F86 -> 1.1688487 | G87: =G86 -> 921.486 | H87: =H86 -> 947.57 | I87: =I86 -> 950 | J87: =J86 -> 951
B88: Socialinių paslaugų centras | E88: 357 | G88: 815.836 | H88: 763 | I88: 820 | J88: 825 | O88: 50 | P88: 50 | Q88: 50
B89: Šeimos ir vaiko gerovės centras | E89: 40.6 | H89: 78.92
B90: Savivaldyės administracija | E90: 39.3 | G90: 105.65 | H90: 105.65
A91: 06.01.02.11. (TP) | B91: Socialinės globos paslaugų suaugusiems asmenims su negalia pirkimas | C91: 188711925 | D91: SB | E91: 28 | F91: =H91/E91-1 -> 0.35714286 | G91: 38.9 | H91: 38 | I91: 48.9 | J91: 58.9 | K91: 2.5-1-5 | L91: Ne savivaldybės pavaldumo socialinės globos įstaigomis sudarant su jomis finansavimo sutartis apmokamos socialinės globos asmenims be sunkios negalios išlaidos | M91: R-06-01-02-11 | N91: Asmenų, kuriems socialinės paslaugos teikiamos kitų steigėjų įstaigose, skaičius | O91: 5 | P91: 6 | Q91: 7 | R91: Socialinės pašalpos gavėjų skaičius proc. nuo bendro gyventojų skaičiaus
D92: Iš viso: | E92: =SUM(E91:E91) -> 28 | F92: =H92/E92-1 -> 0.35714286 | G92: =SUM(G91:G91) -> 38.9 | H92: =SUM(H91:H91) -> 38 | I92: =SUM(I91:I91) -> 48.9 | J92: =SUM(J91:J91) -> 58.9
A93: 06.01.03. (T) | B93: Pagerinti ir plėsti socialinių paslaugų kokybę ir prieinamumą, bei sukurti jų plėtrai reikalingą infrastruktūrą | E93: =SUM(E96,E98,E100,E103,E106,E111,E113,E115,E117,E120,E123,E127,E129,E134,E136,E138,E142,E146,) -> 713.997 | F93: =H93/E93-1 -> 0.19921232 | G93: =SUM(G96,G98,G100,G103,G106,G111,G113,G115,G117,G120,G123,G127,G129,G134,G136,G138,G142,G146,) -> 785.47 | H93: =SUM(H96,H98,H100,H103,H106,H111,H113,H115,H117,H120,H123,H127,H129,H134,H136,H138,H142,H146,) -> 856.234 | I93: =SUM(I96,I98,I100,I103,I106,I111,I113,I115,I117,I120,I123,I127,I129,I134,I136,I138,I142,I146,) -> 1417.629 | J93: =SUM(J96,J98,J100,J103,J106,J111,J113,J115,J117,J120,J123,J127,J129,J134,J136,J138,J142,J146,) -> 713.28 | K93: 2.5-1 | N93: Teikiamų socialinių paslaugų rūšių (bendrųjų socialinių paslaugų, socialinės priežiūros paslaugų, socialinės globos paslaugų ir kt. ) skaičius (vnt.) | O93: 25 | P93: 26 | Q93: 27 | R93: Teikiamų socialinių paslaugų rūšių (bendrųjų socialinių paslaugų, socialinės priežiūros paslaugų, socialinės globos paslaugų ir kt. ) skaičius (vnt.)
A94: 06.01.03.01. (TP) | B94: Gyvenamosios aplinkos pritaikymas neįgaliesiems | C94: 188711925 | D94: SB | E94: 42 | F94: =H94/E94-1 -> -0.28571429 | G94: 42.5 | H94: 30 | I94: 40 | J94: 40 | K94: 2.5.1.7 | L94: Būsto pritaikymas žmonėms su negalia pagal jų pateiktus prašymus ir nusttaytą poreikį būsto pritaikyui. | M94: R-06-01-03-01 | N94: Neįgaliesiems pritaikytų būstų procentas nuo esamo poreikio (paraiškų) | O94: 80 | P94: 80 | Q94: 80 | R94: Modernizuotų ir pritaikytų būstų skaičius
D95: SD | E95: 29.369 | F95: =H95/E95-1 -> -1 | G95: 57.1 | H95: 0 | I95: 57.1 | J95: 57.1
D96: Iš viso: | E96: =SUM(E94:E95) -> 71.369 | F96: =H96/E96-1 -> -0.57964943 | G96: =SUM(G94:G95) -> 99.6 | H96: =SUM(H94:H95) -> 30 | I96: =SUM(I94:I95) -> 97.1 | J96: =SUM(J94:J95) -> 97.1
A97: 06.01.03.02. (TP) | B97: Neįgaliųjų asmenų poilsiui (maudymuisi) užtikrinti, reikalingos aplinkos sukūrimas, Visagino ežere | C97: 188711925 | D97: SB | E97: 60 | F97: =H97/E97-1 -> -0.13933333 | G97: 70 | H97: 51.64 | K97: 2.5-1-8 | L97: Planuojama, kad įgyvendinant šią priemonę judumo negalią turintiems žmonėms bus pritaikytas Visagino ežero paplūdimys, įrengiant rampą, leidžiančią vežimėliu patogiai nusileisti į paplūdimio teritoriją. | M97: R-06-01-03-02 | N97: Neįgaliųjų asmenų poilsiui (maudymuisi) užtikrinti sukurtos infrastruktūros skaičius | O97: 1 | P97: 0 | Q97: 0 | R97: Pritaikytų paplūdimių skaičius | S97: 49140 | T97: darbai
D98: Iš viso: | E98: =E97 -> 60 | F98: =F97 -> -0.13933333 | G98: =G97 -> 70 | H98: =H97 -> 51.64 | I98: =I97 -> 0 | J98: =J97 -> 0 | S98: 2500 | T98: prie=i8ra
A99: 06.01.03.03. (TP) | B99: Mokesčių už komunalines paslaugas kompensavimas neįgaliesiems | C99: 188711925 | D99: SB | E99: 3 | F99: =H99/E99-1 -> 0 | G99: 3 | H99: 3 | I99: 3 | J99: 3 | K99: 2.5.1.1. | L99: Visagino savivaldybės tarybos 2011 m. vasario 17 d. sprendimu Nr. TS-18 „Dėl mokesčių asmenims, kuriems nustatytas specialusis nuolatinės slaugos poreikis, kompensavimo“ neįgaliems asmenims su sunkia negalia kompensuojami mokesčiai už komunalines paslaugas (laiptinių ir rūsių apšvietimas, liftas, bendro naudojimo vietų valymas), kuriomis jie nesinaudoja (savivaldybės biudžeto lėšos). Už šios priemonės įgyvendinimą atsakingas Socialinės paramos skyrius. | M99: R-06-01-03-03 | N99: Neįgaliųjų, kuriems kompensuota dalis mokesčio už komunalines paslaugas, skaičius | O99: 110 | P99: 110 | Q99: 110 | R99: Socialinės pašalpos gavėjų skaičius proc., nuo bendro gyventojų skaičiaus
D100: Iš viso: | E100: =E99 -> 3 | F100: =F99 -> 0 | G100: =G99 -> 3 | H100: =H99 -> 3 | I100: =I99 -> 3
A101: 06.01.03.04. (TP) | B101: Vienkartinių, tikslinių, periodinių ir sąlyginių pašalpų gyventojams teikimas | C101: 188711925 | D101: SB | E101: 28 | F101: =H101/E101-1 -> 0.34285714 | G101: =34.6+3 -> 37.6 | H101: =34.6+3 -> 37.6 | I101: 38 | J101: 39 | L101: Teikiama parama vienkartinėmis, tikslinėmis, periodinėmis ir sąlyginėmis pašalpomis asmenims ir šeimoms, kurios vadovaujantis Piniginės socialinės paramos nepasiturintiems Visagino savivaldybės gyventojams teikimo tvarkos aprašu, patvirtintu Visagino savivaldybės tarybos 2015 m. sausio 29 d. sprendimu Nr. TS-1, turi teisę į šią paramą. Teikiama vienkartinė parama užsieniečiams, pasitraukusiems iš Ukrainos dėl Rusijos Federacijos karinių veiksmų. Vienkartinės, tikslinės, sąlyginės ir periodinės pašalpos skiriamos siekiant padėti bendrai gyvenantiems asmenims arba vienam gyvenančiam asmeniui, kai jie yra išnaudoję visas kitų pajamų gavimo galimybes. Kita socialinė parama neužtikrina ilgalaikio ekonominio ir socialinio saugumo, o tik padeda bendrai gyvenantiems asmenims ar vienam gyvenančiam asmeniui esant sunkioms materialinėms sąlygoms. Skiriama parama vaistams, gydymo išlaidoms apmokėti, mokesčiams už komunalines paslaugas iš dalies apmokėti, gaisro atveju, įvykus nelaimei, nukentėjus nuo gaisro, grįžus iš įkalinimo įstaigos ir pan. (savivaldybės biudžeto lėšos). Parama teikiama kiekvieną mėnesį, savivaldybės gyventojų prašymus šiai paramai gauti svarsto Visagino savivaldybės administracijos direktoriaus įsakymu sudaryta Visagino savivaldybės socialinių reikalų komisija. | M101: R-06-01-03-04 | N101: Kitą socialinę paramą gavusių asmenų skaičius | O101: 200 | P101: 200 | Q101: 200 | S101: Luko6kov programa
D102: SD | E102: 0.449 | F102: =H102/E102-1 -> 0.42761693 | H102: =H104 -> 0.641
D103: Iš viso: | E103: =SUM(E101:E102) -> 28.449 | F103: =H103/E103-1 -> 0.34419488 | G103: =SUM(G101:G102) -> 37.6 | H103: =SUM(H101:H102) -> 38.241 | I103: =SUM(I101:I102) -> 38 | J103: =SUM(J101:J102) -> 39
...

Sheet 7 programa
A1: Visagino savivaldybės sveikatos apsaugos paslaugų kokybės gerinimo programa (07)
A2: Šia programa siekiama užtikrinti kokybišką Visagino savivaldybės gyventojų sveikatos priežiūrą, sveikatos politikos įgyvendinimą savivaldybės lygiu. Programos vykdymas padeda tikslingai paskirstyti lėšas, skiriamas sveikatos priežiūrai.
A3: =A12 -> 07.01.01. (T) | B3: =B12 -> Stiprinti ir plėtoti visuomenės sveikatinimo veiklą
A4: =A46 -> 07.01.02. (T) | B4: =B46 -> Remti sveikatos priežiūros paslaugų teikimą nustatytų kategorijų žmonėms
A6: Programos įgyvendinimo laikotarpis 2024-2026 m.
A7: Programos įgyvendinimo koordinatorė Jolita Zabulytė, jolita.zabulyte@visaginas.lt, tel. 8 (386) 36 007
A9: 9 lentelė. Visagino savivaldybės sveikatos apsaugos paslaugų kokybės gerinimo programos (07) uždaviniai, priemonės, asignavimai ir kitos lėšos (tūkst.eurų) ir jų stebėsenos rodikliai
A10: Programos uždavinio, priemonės kodas ir požymis | B10: Uždavinio, priemonės pavadinimas, finansavimo šaltiniai | C10: Asignavimų valdytojo kodas | D10: Finansavimo šaltinis | E10: 2023 m. asignavimų planas | F10: Asignavimų pasikeitimas | G10: 2024 m. išlaidų projektas (lėšų poreikis), tūkst. Eur | H10: 2024 m.asignavimai ir kitos lėšos, tūkst. Eur | I10: 2025 m.asignavimai ir kitos lėšos, tūkst. Eur | J10: 2026 m. asignavimai ir kitos lėšos, tūkst. Eur | K10: Savivaldybės strateginio plėtros plano priemonės kodas | L10: Trumpas priemonės įgyvendinimo aprašymas | M10: Stebėsenos rodiklio kodas | N10: Stebėsenos rodiklio pavadinimas (matavimo vnt.) | O10: Siektinos stebėsenos rodiklių reikšmės | R10: Savivaldybės strateginio plėtros plano rodiklis
O11: 2024 | P11: 2025 | Q11: 2026
A12: 07.01.01. (T) | B12: Stiprinti ir plėtoti visuomenės sveikatinimo veiklą | E12: =SUM(E14,E16,E18,E20,E22,E25,E32,E34,E36,E39,E42,E45,) -> 224.404 | F12: =H12/E12-1 -> 1.9280583 | G12: =SUM(G14,G16,G18,G20,G22,G25,G32,G34,G36,G39,G42,G45,) -> 626.7 | H12: =SUM(H14,H16,H18,H20,H22,H25,H32,H34,H36,H39,H42,H45,) -> 657.068 | I12: =SUM(I14,I16,I18,I20,I22,I25,I32,I34,I36,I39,I42,I45,) -> 729.487 | J12: =SUM(J14,J16,J18,J20,J22,J25,J32,J34,J36,J39,J42,J45,) -> 266.6 | K12: 2.4.-1 | M12: E-07-01-01 | N12: Stacionaro ligonių skaičius, tenkantis 1 tūkst. gyventojų | O12: 207,2 | P12: 207,2 | Q12: 207,2 | R12: Stacionaro ligonių skaičius, tenkantis 1 tūkst. gyventojų
A13: 07.01.01.01. (TP) | B13: Savivaldybės visuomenės sveikatos priežiūros rėmimo specialiųjų programų vykdymas | C13: 188711925 | D13: SB (AA) | E13: 12.804 | F13: =H13/E13-1 -> 0.5260856 | G13: 0 | H13: 19.54 | I13: 20 | J13: 21 | K13: 2.4.-2-1 | L13: Visagino savivaldybės bendruomenės sveikatos taryba, remdamasi kasmet atliekama Visagino savivaldybės gyventojų sergamumo ir mirtingumo pagrindinių priežasčių analize, nustato prioritetines Visagino savivaldybės visuomenės sveikatos rėmimo specialiosios programos kryptis. Visų šių programos priemonių tikslas – padėti pagerinti Visagino savivaldybės gyventojų sveikatą, mažinti sergamumą ir mirtingumą dėl labiausiai paplitusių priežasčių, kryptingai vystyti Visagino savivaldybės sveikatos apsaugos politiką, įtraukiant ir koordinuojant visas sveikatos srityje dirbančias valstybines ir nevyriausybines institucijas, žiniasklaidą bei savivaldybės gyventojus. | M13: R-07-01-01-01 | N13: Vykdomų visuomenės sveikatos rėmimo programos priemonių skaičius | O13: 7 | P13: 10 | Q13: 10 | R13: Užtikrinta visuomenės sveikatos biuro veikla
D14: Iš viso: | E14: =SUM(E13:E13) -> 12.804 | F14: =H14/E14-1 -> 0.5260856 | G14: =SUM(G13:G13) -> 0 | H14: =SUM(H13:H13) -> 19.54 | I14: =SUM(I13:I13) -> 20 | J14: =SUM(J13:J13) -> 21
A15: 07.01.01.02. (TP) | B15: Dalyvavimas programose, skirtose sveikatai stiprinti | C15: Įstaigos | D15: SB | L15: Dalyvavimas programose, skirtose sveikatai stiprinti, – tai investicija, kuri ateityje padėtų sumažinti visuomenės išlaidas sveikatai. Norint pagerinti visuomenės sveikatą labai svarbu gerinti vaikų ir paauglių valgymo įpročius, o ugdymo įstaigos yra geriausia vieta daryti įtaką vaikų mitybos įpročiams ir juos keisti, nes kaip tik tuo metu valgymo įpročiai formuojasi. | M15: R-07-01-01-02 | N15: Įstaigų, dalyvaujančių programose, skirtose sveikatai stiprinti, skaičius | O15: 10 | P15: 10 | Q15: 10
D16: Iš viso: | E16: =SUM(E15:E15) -> 0 | F16: =SUM(F15:F15) -> 0 | G16: =SUM(G15:G15) -> 0 | H16: =SUM(H15:H15) -> 0 | I16: =SUM(I15:I15) -> 0 | J16: =SUM(J15:J15) -> 0
A17: 07.01.01.03. (TP) | B17: Sveikos gyvensenos įgūdžių bendruomenėse stiprinimui bei visuomenės sveikatos stebėsenos savivaldybėje vykdymui | C17: 188711925 | D17: SB (D) | E17: 142 | F17: =H17/E17-1 -> 0.095352113 | G17: 149.7 | H17: =142.54+13 -> 155.54 | I17: 156 | J17: 157 | L17: Šią priemonę įgyvendinant dalyvauja Rokiškio rajono savivaldybės visuomenės sveikatos biuras ir visos savivaldybės bendrojo ugdymo mokyklos bei lopšeliai-darželiai. Lietuvos Respublikos visuomenės sveikatos priežiūros įstatymas nustato, kad savivaldybė privalo vykdyti visuomenės sveikatos stebėseną (monitoringą), visuomenės sveikatos stiprinimą bendruomenėje, stiprinti sveikos gyvensenos įgūdžius bendruomenėje, įtraukiant į šią veiklą bendruomenę ir socialinius partnerius, vaikų ir jaunimo visuomenės sveikatos priežiūrą, organizuoti alkoholio, tabako ir psichoaktyviųjų medžiagų vartojimo profilaktiką, lėtinių neinfekcinių ligų, nelaimingų atsitikimų ir traumų profilaktiką, užkrečiamųjų ligų profilaktiką, užtikrinti savižudybių prevenciją, dalyvauti vykdant psichikos sveikatos stiprinimo veiklą ir susirgimų profilaktiką, vykdyti sanitarinių apsaugos zonų įgyvendinimo priežiūrą, atlikti savivaldybės institucijų sprendimų projektų poveikio visuomenės sveikatai vertinimą ir pan. | M17: R-07-01-01-03 | N17: Suaugusiųjų, kurie savo dabartinę sveikatos būklę vertina kaip gerą arba labai gerą, dalis | O17: 70,06 | P17: 71,01 | Q17: 71,95
D18: Iš viso: | E18: =SUM(E17:E17) -> 142 | F18: =H18/E18-1 -> 0.095352113 | G18: =SUM(G17:G17) -> 149.7 | H18: =SUM(H17:H17) -> 155.54 | I18: =SUM(I17:I17) -> 156 | J18: =SUM(J17:J17) -> 157
A19: 07.01.01.04. (TP) | B19: Narkotikų, alkoholio ir tabako vartojimo prevencijos ir kontrolės stiprinimas | C19: 188711925 | D19: SB | L19: Įgyvendinant priemonę bus siekiama stabdyti ir mažinti neteisėtą narkotikų, alkoholio ir tabako vartojimą, jų paklausą ugdant neigiamą požiūrį į jį tarp vaikų ir jaunimo, šeimose, bendruomenėse ir visuomenėje, diegiant žmogaus gyvenimo reikšmės ir vertybinių nuostatų bei sveikos gyvensenos sampratą. Siekiama stiprinti savivaldybės institucijų ir įstaigų, verslo subjektų, visuomenės bendradarbiavimo ir koordinavimo narkotikų, alkoholio ir tabako vartojimo prevencijos ir kontrolės srityje. | M19: R-07-01-01-04 | N19: Įvairių renginių (pranešimų, paskaitų, pamokų, diskusijų, konkursų ir kt.) alkoholio, tabako ir narkotikų vartojimo prevencijos klausimais skaičius | O19: 30 | P19: 34 | Q19: 40
D20: Iš viso: | E20: =SUM(E19:E19) -> 0 | F20: =SUM(F19:F19) -> 0 | G20: =SUM(G19:G19) -> 0 | H20: =SUM(H19:H19) -> 0 | I20: =SUM(I19:I19) -> 0 | J20: =SUM(J19:J19) -> 0
A21: 07.01.01.05. (TP) | B21: Žmonių užkrečiamųjų ligų profilaktikos ir kontrolės organizavimas (Covid 19) | C21: 188711925 | D21: SB | M21: R-07-01-01-05 | N21: Lėšų, skirtų užkrečiamųjų ligų profilaktikos ir asmens higienos klausimais panaudojimas
D22: Iš viso: | E22: =SUM(E21:E21) -> 0 | F22: =SUM(F21:F21) -> 0 | G22: =SUM(G21:G21) -> 0 | H22: =SUM(H21:H21) -> 0 | I22: =SUM(I21:I21) -> 0 | J22: =SUM(J21:J21) -> 0
A23: 07.01.01.06. (TP) | B23: Neveiksnių asmenų būklės peržiūrėjimo užtikrinimui | C23: Įstaigos | D23: SB | E23: =E29 -> 0.6 | F23: =H23/E23-1 -> 0.16666667 | G23: 0.7 | H23: 0.7 | I23: 0.7 | J23: 0.7 | L23: Sudaryta nepriklausoma Visagino savivaldybės neveiksnių asmenų būklės peržiūrėjimo komisija, kuri peržiūri neveiksnaus asmens būklę, jeigu per vienus metus nuo teismo sprendimo pripažinti asmenį neveiksniu tam tikroje srityje įsiteisėjimo dienos Lietuvos Respublikos civilinio kodekso 2.10 straipsnio 4 dalyje nurodyti asmenys arba neveiksniu tam tikroje srityje pripažintas asmuo nesikreipia dėl teismo priimto sprendimo pripažinti asmenį neveiksniu tam tikroje srityje panaikinimo. Taip pat ši komisija kreipiasi į sprendimą pripažinti asmenį neveiksniu tam tikroje srityje priėmusį teismą dėl teismo sprendimo, kuriuo asmuo pripažintas neveiksniu tam tikroje srityje, peržiūrėjimo. | M23: R-07-01-01-06 | N23: Neveiksnių asmenų būklės peržiūrėjimo komisijos inicijuotų asmens būklės peržiūrėjimo bylų skaičius | O23: 65 | P23: 65 | Q23: 65
D24: SB (D) | E24: =E28 -> 1.8 | F24: =H24/E24-1 -> 0.055555556 | G24: 1.9 | H24: 1.9 | I24: 1.9 | J24: 1.9
D25: Iš viso: | E25: =SUM(E23:E24) -> 2.4 | F25: =SUM(F23:F24) -> 0.22222222 | G25: =SUM(G23:G24) -> 2.6 | H25: =SUM(H23:H24) -> 2.6 | I25: =SUM(I23:I24) -> 2.6 | J25: =SUM(J23:J24) -> 2.6
N26: Išnagrinėtų Neveiksnių asmenų būklės peržiūrėjimo komisijos inicijuotų asmens būklės peržiūrėjimo bylų skaičius | O26: 65 | P26: 65 | Q26: 65 | S26: pavdinimas pakoreguotas
N27: Neveiksnių asmenų būklės peržiūrėjimo komisijos priimtų sprendimų kreiptis į teismą skaičius | O27: 1 | P27: 1 | Q27: 1
B28: Savivaldybės administracija | D28: D | E28: 1.8 | H28: 1.9
B29: Socialinių paslaugų centras | D29: SB | E29: 0.6 | G29: 0.7 | H29: 0.7 | I29: 0.7 | J29: 0.7
A30: 07.01.01.07. (TP) | B30: Projekto "Priklausomybės ligų profilaktikos, diagnostikos ir gydymo kokybės ir prieinamumo gerinimas Visagino savivaldybėje" įgyvendinimas | C30: 188711925 | D30: SB | E30: 10 | L30: 2023 m. baigtas projekto veiklų įgyvendinimas. | M30: R-07-01-01-07 | N30: Įgyvendintų projektų, skirtų priklausomybės ligų profilaktikai, skaičius | O30: 0 | P30: 0 | Q30: 0
D31: ES | H31: 4.988
D32: Iš viso: | E32: =SUM(E30:E31) -> 10 | F32: =SUM(F30:F31) -> 0 | G32: =SUM(G30:G31) -> 0 | H32: =SUM(H30:H31) -> 4.988 | I32: =SUM(I30:I31) -> 0 | J32: =SUM(J30:J31) -> 0
